Workbook

Sheet ПЗ
A1: ПОЯСНИТЕЛЬНАЯ ЗАПИСКА
A2: К РАСЧЕТУ НАЧАЛЬНОЙ МАКСИМАЛЬНОЙ ЦЕНЫ ДОГОВОРА
A3: на выполнение подрядных работ по строительству объекта:
A4: Выполнение проектно-изыскательских работ на реконструкцию снегоудерживающих сооружений ВТРК «Эльбрус». Этап 1
A5: Начальная максимальная цена договора (далее - НМЦД) определена в соответствии с требованием Федерального Закона от 05.04.2013 г. № 44 "О контрактной системе в сфере закупок товаров, работ, услуг для обеспечения государственных и муниципальных нужд", Порядком определения начальной (максимальной) цены контракта, цены контракта, заключаемого с единственным поставщиком (подрядчиком, исполнителем), начальной цены единицы товара, работы, услуги при осуществлении закупок в сфере градостроительной деятельности (за исключением территориального планирования), утвержденным приказом Министерства строительства и жилищно-коммунального хозяйства Российской Федерации от 23 декабря 2019 г. № 841/пр.
A6: Расчет стоимости строительства выполнен проектно- сметным методом.
A7: Цена работ учитывает все затраты Подрядчика, включая стоимость проектных работ стадии "Рабочая документация", стоимость приобретения материалов, заготовительно-складские расходы, стоимость строительно-монтажных работ и прочих затрат согласно перечню затрат, учтенному сводным сметным расчетом стоимости строительства, накладных расходов, сметной прибыли.
A8: Описание метода расчета стоимости проектных работ и строительства
A9: Для расчета цены строительства использован сводный сметный расчет, локальные сметные расчеты и расчеты прочих затрат в ценах 4 квартала 2025 года, получившие положительное заключение ФАУ "Главгосэкспертиза России" от 15.10.2026 № 07-1-1-3-051344-2026.
A10: В расчете учтены затраты на временные здания и сооружения в размере 3,1*0,8% от суммы строительно-монтажных работ, зимнее удорожание в размере 0,9% от суммы строительно-монтажных работ, непредвиденные затраты в размере согласно сводному сметному расчету 2 % от итоговой суммы затрат по смете контракта и возврат от разборки временных зданий и сооружений в размере 15% от суммы затрат на их возведение.
A11: Индекс фактической инфляции для пересчета сметной стоимости из уровня цен утверждения проектной документации в уровень цен на дату определения НМЦК определен с применением официальной статистической информации об индексах цен на продукцию (затраты, услуги) инвестиционного назначения по видам экономической деятельности (строительство), публикуемой Федеральной службой государственной статистики для соответствующего периода в целом по Российской Федерации.
A12: Индексы прогнозной инфляции для пересчета из уровня цен на дату определения НМЦК в уровень цен соответствующего периода реализации проекта определены с применением индексов-дефляторов Министерства экономического развития Российской Федерации по строке "Инвестиции в основной капитал" согласно письму от 30.09.2026 № 36459-ПК/Д03и.
... A14: Итоговая начальная максимальная цена работ составляет:
B15: =НМЦ!$E$14 -> 4.300704e+09 | C15: рублей с учетом НДС
A17: Разработал:
A19: Начальник отдела ценообразования Управления проектов Департамента развития инфраструктуры | C19: А.Ю. Татаринов
A21: Проверил:
A23: Заместитель директора департамента по ценообразованию и сметному регулированию Департамента развития инфраструктуры | C23: Е.А. Татаринова
A25: Согласовал:
A27: Директор Департамента развития инфраструктуры | C27: И.В. Евдокимов

Sheet Протокол
A1: Протокол
A2: начальной (максимальной) цены контракта
A3: на выполнение подрядных работ по строительству объекта:
A4: Выполнение проектно-изыскательских работ на реконструкцию снегоудерживающих сооружений ВТРК «Эльбрус». Этап 1
A6: Начальная (максимальная ) цена контракта составляет | G6: =НМЦ!$E$14 -> 4.300704e+09 | H6: руб. с учетом НДС
A7: =CONCATENATE("(",[1]!СуммаПрописью(G6),")") -> (Четыре миллиарда триста миллионов семьсот три тысячи девятьсот семьдесят четыре рубля 25 копеек)
A8: Начальная (максимальная ) цена контракта включает в себя расходы:
A9: 1. | B9: Разработка рабочей документации;
A10: 2. | B10: Затраты по разбивке основных осей;
A11: 3. | B11: Затраты на оплату труда рабочих-строителей и рабочих, обслуживающих строительные машины и механизмы;
A12: 4. | B12: Затраты на эксплуатацию машин и механизмов;
A13: 5. | B13: Затраты на приобретение материалов, изделий и конструкций;
A14: 6. | B14: Накладные расходы;
A15: 7. | B15: Сметную прибыль;
A16: 8. | B16: Затраты на строительство временных зданий и сооружений (ВЗИС) с учетом возврата от разборки ВЗИС в размере 15 % от суммы затрат на их возведение;
A17: 9. | B17: Затраты на зимнее удорожание;
A18: 10. | B18: Затраты по перевозке работников к месту работы и обратно автомобильным транспортом;
A19: 11. | B19: Расходы, связанные с командировками рабочих, привлекаемых для выполнения строительства, от места, определенного в проектной документации, до территории строительства и обратно;
A20: 12. | B20: Определение разницы в стоимости электроэнергии, получаемой от передвижных источников электроснабжения
... A29: 21. | B29: Налог на добавленную стоимость в размере 22%.
A31: Приложение:
A32: Расчет начальной (максимальной) цены контракта.
A35: Разработал:
A36: =ПЗ!$A$19 -> Начальник отдела ценообразования Управления проектов Департамента развития инфраструктуры | M36: =ПЗ!$C$19 -> А.Ю. Татаринов
A38: Проверил:
A39: =ПЗ!$A$23 -> Заместитель директора департамента по ценообразованию и сметному регулированию Департамента развития инфраструктуры | M39: =ПЗ!$C$23 -> Е.А. Татаринова
A41: Согласовал:
A42: =ПЗ!$A$27 -> Директор Департамента развития инфраструктуры | M42: =ПЗ!$C$27 -> И.В. Евдокимов

Sheet НМЦ
A1: РАСЧЕТ НАЧАЛЬНОЙ МАКСИМАЛЬНОЙ ЦЕНЫ ДОГОВОРА
A2: на выполнение подрядных работ по строительству объекта:
A3: Выполнение проектно-изыскательских работ на реконструкцию снегоудерживающих сооружений ВТРК «Эльбрус». Этап 1
A5: Продолжительность работ | C5: =ROUND((C7-C6)/30.5,1) -> 21.6
A6: Начало работ - | C6: =График!$F$13 -> 46397
A7: Окончание работ - | C7: =График!$G$18 -> 47056
A9: № п.п. | B9: Перечень видов работ | C9: Стоимость в прогнозных ценах, руб.
C10: без учета НДС | D10: НДС-22 % | E10: с учетом НДС
A11: 1 | B11: 2 | C11: 3 | D11: 4 | E11: 5
A12: 1 | B12: Разработка рабочей документации | C12: =НМЦК!$Q$14 -> 1.4332773e+08 | D12: =C12*0.22 -> 31532101 | E12: =C12+D12 -> 1.7485983e+08
A13: 2 | B13: Строительство (строительные работы, прочие затраты) | C13: =НМЦК!$Q$17 -> 3.3818395e+09 | D13: =C13*0.22 -> 7.4400468e+08 | E13: =C13+D13 -> 4.1258441e+09
B14: ВСЕГО | C14: =C12+C13 -> 3.5251672e+09 | D14: =D12+D13 -> 7.7553678e+08 | E14: =E12+E13 -> 4.300704e+09
A17: Разработал:
A18: =ПЗ!$A$19 -> Начальник отдела ценообразования Управления проектов Департамента развития инфраструктуры | E18: =ПЗ!$C$19 -> А.Ю. Татаринов
A20: Проверил:
A21: =ПЗ!$A$23 -> Заместитель директора департамента по ценообразованию и сметному регулированию Департамента развития инфраструктуры | E21: =ПЗ!$C$23 -> Е.А. Татаринова
A23: Согласовал:
A24: =ПЗ!$A$27 -> Директор Департамента развития инфраструктуры | E24: =ПЗ!$C$27 -> И.В. Евдокимов

Sheet Смета контракта
B1: Смета контракта
B3: Выполнение проектно-изыскательских работ на реконструкцию снегоудерживающих сооружений ВТРК «Эльбрус». Этап 1
B4: (наименование объекта)
A6: Ур. (для нумерации позиций) | B6: № п/п | C6: Номера сметных расчетов (смет) и позиций в сметных расчетах (сметах), относящиеся к соответствующим конструктивным решениям (элементам), комплексам (видам) работ | D6: Наименование конструктивных решений (элементов), комплексов (видов) работ | E6: Единица измерения | F6: Количество (объем работ) | G6: Цена, руб | I6: Коэффициент конкурсного снижения | J6: Цена, руб
G7: на единицу измерения | H7: Всего | I7: 1 | J7: на единицу измерения | K7: Всего
B8: 1 | C8: 2 | D8: 3 | E8: 4 | F8: 5
A9: 1 | B9: 1 | D9: Разработка рабочей документации | H9: =SUM(H10:H11) -> 1.4332773e+08 | K9: =SUM(K10:K11) -> 1.4332773e+08
A10: 2 | B10: =IF(A10>OFFSET(A10,-1,0),OFFSET(B10,-1,0)&"."&1,LEFT(OFFSET(B10,-1,0),SEARCH("^^",SUBSTITUTE("."&OFFSET(B10,-1,0),".","^^",A10))-1)&1--MID(OFFSET(B10,-1,0),SEARCH("^^",SUBSTITUTE("."&OFFSET(B10,-1,0),".","^^",A10)),SEARCH("^^",SUBSTITUTE(OFFSET(B10,-1,0)&".",".","^^",A10))-SEARCH("^^",SUBSTITUTE("."&OFFSET(B10,-1,0),".","^^",A10)))) -> 1.1 | C10: Сводная смета ПИР | D10: Рабочая документация | E10: комплекс | F10: 1 | G10: =НМЦК!Q15 -> 1.4051738e+08 | H10: =F10*G10 -> 1.4051738e+08 | I10: =$I$7 -> 1 | J10: =G10*I10 -> 1.4051738e+08 | K10: =F10*J10 -> 1.4051738e+08
A11: 2 | B11: =IF(A11>OFFSET(A11,-1,0),OFFSET(B11,-1,0)&"."&1,LEFT(OFFSET(B11,-1,0),SEARCH("^^",SUBSTITUTE("."&OFFSET(B11,-1,0),".","^^",A11))-1)&1--MID(OFFSET(B11,-1,0),SEARCH("^^",SUBSTITUTE("."&OFFSET(B11,-1,0),".","^^",A11)),SEARCH("^^",SUBSTITUTE(OFFSET(B11,-1,0)&".",".","^^",A11))-SEARCH("^^",SUBSTITUTE("."&OFFSET(B11,-1,0),".","^^",A11)))) -> 1.2 | C11: Приказ от 4.08.2020 № 421/пр п.179 | D11: Непредвиденные затраты для объектов капитального строительства непроизводственного назначения - 2% | E11: комплекс | F11: 1 | G11: =G10*2% -> 2810347.7 | H11: =F11*G11 -> 2810347.7 | J11: =J10*2% -> 2810347.7 | K11: =K10*2% -> 2810347.7
A12: 1 | B12: =IF(A12>OFFSET(A12,-1,0),OFFSET(B12,-1,0)&"."&1,LEFT(OFFSET(B12,-1,0),SEARCH("^^",SUBSTITUTE("."&OFFSET(B12,-1,0),".","^^",A12))-1)&1--MID(OFFSET(B12,-1,0),SEARCH("^^",SUBSTITUTE("."&OFFSET(B12,-1,0),".","^^",A12)),SEARCH("^^",SUBSTITUTE(OFFSET(B12,-1,0)&".",".","^^",A12))-SEARCH("^^",SUBSTITUTE("."&OFFSET(B12,-1,0),".","^^",A12)))) -> 2 | D12: Строительство | H12: =SUM(H13:H18,H22:H28) -> 3.3818395e+09 | K12: =SUM(K13:K18,K22:K28) -> 3.3818395e+09
A13: 2 | B13: =IF(A13>OFFSET(A13,-1,0),OFFSET(B13,-1,0)&"."&1,LEFT(OFFSET(B13,-1,0),SEARCH("^^",SUBSTITUTE("."&OFFSET(B13,-1,0),".","^^",A13))-1)&1--MID(OFFSET(B13,-1,0),SEARCH("^^",SUBSTITUTE("."&OFFSET(B13,-1,0),".","^^",A13)),SEARCH("^^",SUBSTITUTE(OFFSET(B13,-1,0)&".",".","^^",A13))-SEARCH("^^",SUBSTITUTE("."&OFFSET(B13,-1,0),".","^^",A13)))) -> 2.1 | C13: Смета №1 | D13: Затраты по разбивке основных осей | E13: комплекс | F13: 1 | G13: =НМЦК!Q18 -> 2228999.2 | H13: =F13*G13 -> 2228999.2 | I13: =$I$7 -> 1 | J13: =G13*I13 -> 2228999.2 | K13: =F13*J13 -> 2228999.2
A14: 2 | B14: =IF(A14>OFFSET(A14,-1,0),OFFSET(B14,-1,0)&"."&1,LEFT(OFFSET(B14,-1,0),SEARCH("^^",SUBSTITUTE("."&OFFSET(B14,-1,0),".","^^",A14))-1)&1--MID(OFFSET(B14,-1,0),SEARCH("^^",SUBSTITUTE("."&OFFSET(B14,-1,0),".","^^",A14)),SEARCH("^^",SUBSTITUTE(OFFSET(B14,-1,0)&".",".","^^",A14))-SEARCH("^^",SUBSTITUTE("."&OFFSET(B14,-1,0),".","^^",A14)))) -> 2.2 | C14: ЛСР-01-01-01 | D14: Демонтажные работы | E14: комплекс | F14: 1 | G14: =НМЦК!Q19 -> 21000777 | H14: =F14*G14 -> 21000777 | I14: =$I$7 -> 1 | J14: =G14*I14 -> 21000777 | K14: =F14*J14 -> 21000777
A15: 2 | B15: =IF(A15>OFFSET(A15,-1,0),OFFSET(B15,-1,0)&"."&1,LEFT(OFFSET(B15,-1,0),SEARCH("^^",SUBSTITUTE("."&OFFSET(B15,-1,0),".","^^",A15))-1)&1--MID(OFFSET(B15,-1,0),SEARCH("^^",SUBSTITUTE("."&OFFSET(B15,-1,0),".","^^",A15)),SEARCH("^^",SUBSTITUTE(OFFSET(B15,-1,0)&".",".","^^",A15))-SEARCH("^^",SUBSTITUTE("."&OFFSET(B15,-1,0),".","^^",A15)))) -> 2.3 | C15: ЛСР-01-02-01 | D15: Рекультивация временных дорог и разворотных площадок ведущих к территории участка реконструкции снегоудерживающих сооружений | E15: комплекс | F15: 1 | G15: =НМЦК!Q20 -> 14165 | H15: =F15*G15 -> 14165 | I15: =$I$7 -> 1 | J15: =G15*I15 -> 14165 | K15: =F15*J15 -> 14165
A16: 2 | B16: =IF(A16>OFFSET(A16,-1,0),OFFSET(B16,-1,0)&"."&1,LEFT(OFFSET(B16,-1,0),SEARCH("^^",SUBSTITUTE("."&OFFSET(B16,-1,0),".","^^",A16))-1)&1--MID(OFFSET(B16,-1,0),SEARCH("^^",SUBSTITUTE("."&OFFSET(B16,-1,0),".","^^",A16)),SEARCH("^^",SUBSTITUTE(OFFSET(B16,-1,0)&".",".","^^",A16))-SEARCH("^^",SUBSTITUTE("."&OFFSET(B16,-1,0),".","^^",A16)))) -> 2.4 | C16: ЛСР-02-01-01 | D16: Инженерная защита территории. Снегоудерживающие барьеры. Этап 1. | E16: комплекс | F16: 1 | G16: =НМЦК!Q21 -> 3.1556285e+09 | H16: =F16*G16 -> 3.1556285e+09 | I16: =$I$7 -> 1 | J16: =G16*I16 -> 3.1556285e+09 | K16: =F16*J16 -> 3.1556285e+09
A17: 2 | B17: =IF(A17>OFFSET(A17,-1,0),OFFSET(B17,-1,0)&"."&1,LEFT(OFFSET(B17,-1,0),SEARCH("^^",SUBSTITUTE("."&OFFSET(B17,-1,0),".","^^",A17))-1)&1--MID(OFFSET(B17,-1,0),SEARCH("^^",SUBSTITUTE("."&OFFSET(B17,-1,0),".","^^",A17)),SEARCH("^^",SUBSTITUTE(OFFSET(B17,-1,0)&".",".","^^",A17))-SEARCH("^^",SUBSTITUTE("."&OFFSET(B17,-1,0),".","^^",A17)))) -> 2.5 | C17: СР-1 | D17: Затраты по перевозке работников к месту работы и обратно автомобильным транспортом | E17: комплекс | F17: 1 | G17: =НМЦК!Q22 -> 4576723.7 | H17: =F17*G17 -> 4576723.7 | I17: =$I$7 -> 1 | J17: =G17*I17 -> 4576723.7 | K17: =F17*J17 -> 4576723.7
A18: 2 | B18: =IF(A18>OFFSET(A18,-1,0),OFFSET(B18,-1,0)&"."&1,LEFT(OFFSET(B18,-1,0),SEARCH("^^",SUBSTITUTE("."&OFFSET(B18,-1,0),".","^^",A18))-1)&1--MID(OFFSET(B18,-1,0),SEARCH("^^",SUBSTITUTE("."&OFFSET(B18,-1,0),".","^^",A18)),SEARCH("^^",SUBSTITUTE(OFFSET(B18,-1,0)&".",".","^^",A18))-SEARCH("^^",SUBSTITUTE("."&OFFSET(B18,-1,0),".","^^",A18)))) -> 2.6 | C18: СР-2 | D18: Расходы, связанные с командировками рабочих, привлекаемых для выполнения строительства, от места, определенного в проектной документации, до территории строительства и обратно. | E18: комплекс | F18: 1 | G18: =SUM(G19:G21) -> 35941316 | H18: =F18*G18 -> 35941316 | I18: =$I$7 -> 1 | J18: =SUM(J19:J21) -> 35941316 | K18: =SUM(K19:K21) -> 35941316
A19: 3 | B19: =IF(A19>OFFSET(A19,-1,0),OFFSET(B19,-1,0)&"."&1,LEFT(OFFSET(B19,-1,0),SEARCH("^^",SUBSTITUTE("."&OFFSET(B19,-1,0),".","^^",A19))-1)&1--MID(OFFSET(B19,-1,0),SEARCH("^^",SUBSTITUTE("."&OFFSET(B19,-1,0),".","^^",A19)),SEARCH("^^",SUBSTITUTE(OFFSET(B19,-1,0)&".",".","^^",A19))-SEARCH("^^",SUBSTITUTE("."&OFFSET(B19,-1,0),".","^^",A19)))) -> 2.6.1 | C19: СР-2 п.1 | D19: Затраты на проезд работников от пункта сбора (г. Нальчик) до места временного проживания (с. Терскол) и обратно | E19: комплекс | F19: 1 | G19: =НМЦК!Q24 -> 771730.09 | H19: =F19*G19 -> 771730.09 | I19: =$I$7 -> 1 | J19: =G19*I19 -> 771730.09 | K19: =F19*J19 -> 771730.09
A20: 3 | B20: =IF(A20>OFFSET(A20,-1,0),OFFSET(B20,-1,0)&"."&1,LEFT(OFFSET(B20,-1,0),SEARCH("^^",SUBSTITUTE("."&OFFSET(B20,-1,0),".","^^",A20))-1)&1--MID(OFFSET(B20,-1,0),SEARCH("^^",SUBSTITUTE("."&OFFSET(B20,-1,0),".","^^",A20)),SEARCH("^^",SUBSTITUTE(OFFSET(B20,-1,0)&".",".","^^",A20))-SEARCH("^^",SUBSTITUTE("."&OFFSET(B20,-1,0),".","^^",A20)))) -> 2.6.2 | C20: СР-2 п.2 | D20: Затраты на проживание рабочих | E20: комплекс | F20: 1 | G20: =НМЦК!Q25 -> 28833586 | H20: =F20*G20 -> 28833586 | I20: =$I$7 -> 1 | J20: =G20*I20 -> 28833586 | K20: =F20*J20 -> 28833586
A21: 3 | B21: =IF(A21>OFFSET(A21,-1,0),OFFSET(B21,-1,0)&"."&1,LEFT(OFFSET(B21,-1,0),SEARCH("^^",SUBSTITUTE("."&OFFSET(B21,-1,0),".","^^",A21))-1)&1--MID(OFFSET(B21,-1,0),SEARCH("^^",SUBSTITUTE("."&OFFSET(B21,-1,0),".","^^",A21)),SEARCH("^^",SUBSTITUTE(OFFSET(B21,-1,0)&".",".","^^",A21))-SEARCH("^^",SUBSTITUTE("."&OFFSET(B21,-1,0),".","^^",A21)))) -> 2.6.3 | C21: СР-2 п.2 | D21: Суточные | E21: комплекс | F21: 1 | G21: =НМЦК!Q26 -> 6336000 | H21: =F21*G21 -> 6336000 | I21: =$I$7 -> 1 | J21: =G21*I21 -> 6336000 | K21: =F21*J21 -> 6336000
A22: 2 | B22: =IF(A22>OFFSET(A22,-1,0),OFFSET(B22,-1,0)&"."&1,LEFT(OFFSET(B22,-1,0),SEARCH("^^",SUBSTITUTE("."&OFFSET(B22,-1,0),".","^^",A22))-1)&1--MID(OFFSET(B22,-1,0),SEARCH("^^",SUBSTITUTE("."&OFFSET(B22,-1,0),".","^^",A22)),SEARCH("^^",SUBSTITUTE(OFFSET(B22,-1,0)&".",".","^^",A22))-SEARCH("^^",SUBSTITUTE("."&OFFSET(B22,-1,0),".","^^",A22)))) -> 2.7 | C22: СР-3 | D22: Определение разницы в стоимости электроэнергии, получаемой от передвижных источников электроснабжения | E22: комплекс | F22: 1 | G22: =НМЦК!Q27 -> 102671.72 | H22: =F22*G22 -> 102671.72 | I22: =$I$7 -> 1 | J22: =G22*I22 -> 102671.72 | K22: =F22*J22 -> 102671.72
A23: 2 | B23: =IF(A23>OFFSET(A23,-1,0),OFFSET(B23,-1,0)&"."&1,LEFT(OFFSET(B23,-1,0),SEARCH("^^",SUBSTITUTE("."&OFFSET(B23,-1,0),".","^^",A23))-1)&1--MID(OFFSET(B23,-1,0),SEARCH("^^",SUBSTITUTE("."&OFFSET(B23,-1,0),".","^^",A23)),SEARCH("^^",SUBSTITUTE(OFFSET(B23,-1,0)&".",".","^^",A23))-SEARCH("^^",SUBSTITUTE("."&OFFSET(B23,-1,0),".","^^",A23)))) -> 2.8 | C23: раздел ООС Таблица 6.1.1 | D23: Расчет платы за загрязнение атмосферного воздуха на период строительства | E23: комплекс | F23: 1 | G23: =НМЦК!Q28 -> 8809.71 | H23: =F23*G23 -> 8809.71 | I23: =$I$7 -> 1 | J23: =G23*I23 -> 8809.71 | K23: =F23*J23 -> 8809.71
A24: 2 | B24: =IF(A24>OFFSET(A24,-1,0),OFFSET(B24,-1,0)&"."&1,LEFT(OFFSET(B24,-1,0),SEARCH("^^",SUBSTITUTE("."&OFFSET(B24,-1,0),".","^^",A24))-1)&1--MID(OFFSET(B24,-1,0),SEARCH("^^",SUBSTITUTE("."&OFFSET(B24,-1,0),".","^^",A24)),SEARCH("^^",SUBSTITUTE(OFFSET(B24,-1,0)&".",".","^^",A24))-SEARCH("^^",SUBSTITUTE("."&OFFSET(B24,-1,0),".","^^",A24)))) -> 2.9 | C24: раздел ООС Таблица 6.1.2 | D24: Расчет платы за размещение отходов на период строительства, включая демонтажные работы, в пределах лимита | E24: комплекс | F24: 1 | G24: =НМЦК!Q29 -> 691.83 | H24: =F24*G24 -> 691.83 | I24: =$I$7 -> 1 | J24: =G24*I24 -> 691.83 | K24: =F24*J24 -> 691.83
A25: 2 | B25: =IF(A25>OFFSET(A25,-1,0),OFFSET(B25,-1,0)&"."&1,LEFT(OFFSET(B25,-1,0),SEARCH("^^",SUBSTITUTE("."&OFFSET(B25,-1,0),".","^^",A25))-1)&1--MID(OFFSET(B25,-1,0),SEARCH("^^",SUBSTITUTE("."&OFFSET(B25,-1,0),".","^^",A25)),SEARCH("^^",SUBSTITUTE(OFFSET(B25,-1,0)&".",".","^^",A25))-SEARCH("^^",SUBSTITUTE("."&OFFSET(B25,-1,0),".","^^",A25)))) -> 2.10 | C25: раздел ООС Таблица 6.1.3 | D25: Расчет платы за проведение производственно-экологического контроля | E25: комплекс | F25: 1 | G25: =НМЦК!Q30 -> 26916.2 | H25: =F25*G25 -> 26916.2 | I25: =$I$7 -> 1 | J25: =G25*I25 -> 26916.2 | K25: =F25*J25 -> 26916.2
A26: 2 | B26: =IF(A26>OFFSET(A26,-1,0),OFFSET(B26,-1,0)&"."&1,LEFT(OFFSET(B26,-1,0),SEARCH("^^",SUBSTITUTE("."&OFFSET(B26,-1,0),".","^^",A26))-1)&1--MID(OFFSET(B26,-1,0),SEARCH("^^",SUBSTITUTE("."&OFFSET(B26,-1,0),".","^^",A26)),SEARCH("^^",SUBSTITUTE(OFFSET(B26,-1,0)&".",".","^^",A26))-SEARCH("^^",SUBSTITUTE("."&OFFSET(B26,-1,0),".","^^",A26)))) -> 2.11 | C26: ЛСР-09-01-01 | D26: Расчет затрат на утилизацию строительных отходов | E26: комплекс | F26: 1 | G26: =НМЦК!Q31 -> 11894.54 | H26: =F26*G26 -> 11894.54 | I26: =$I$7 -> 1 | J26: =G26*I26 -> 11894.54 | K26: =F26*J26 -> 11894.54
A27: 2 | B27: =IF(A27>OFFSET(A27,-1,0),OFFSET(B27,-1,0)&"."&1,LEFT(OFFSET(B27,-1,0),SEARCH("^^",SUBSTITUTE("."&OFFSET(B27,-1,0),".","^^",A27))-1)&1--MID(OFFSET(B27,-1,0),SEARCH("^^",SUBSTITUTE("."&OFFSET(B27,-1,0),".","^^",A27)),SEARCH("^^",SUBSTITUTE(OFFSET(B27,-1,0)&".",".","^^",A27))-SEARCH("^^",SUBSTITUTE("."&OFFSET(B27,-1,0),".","^^",A27)))) -> 2.12 | C27: ЛСР-09-02-01 | D27: Перевозка грузов с использованием вертолета Ми-8МТВ-1 | E27: комплекс | F27: 1 | G27: =НМЦК!Q32 -> 95987449 | H27: =F27*G27 -> 95987449 | I27: =$I$7 -> 1 | J27: =G27*I27 -> 95987449 | K27: =F27*J27 -> 95987449
A28: 2 | B28: =IF(A28>OFFSET(A28,-1,0),OFFSET(B28,-1,0)&"."&1,LEFT(OFFSET(B28,-1,0),SEARCH("^^",SUBSTITUTE("."&OFFSET(B28,-1,0),".","^^",A28))-1)&1--MID(OFFSET(B28,-1,0),SEARCH("^^",SUBSTITUTE("."&OFFSET(B28,-1,0),".","^^",A28)),SEARCH("^^",SUBSTITUTE(OFFSET(B28,-1,0)&".",".","^^",A28))-SEARCH("^^",SUBSTITUTE("."&OFFSET(B28,-1,0),".","^^",A28)))) -> 2.13 | C28: Приказ от 4.08.2020 № 421/пр п.179 | D28: Непредвиденные затраты для объектов капитального строительства непроизводственного назначения - 2% | E28: комплекс | F28: 1 | G28: =SUM(G13:G18,G22:G27)*2% -> 66310578 | H28: =SUM(H13:H18,H22:H27)*2% -> 66310578 | J28: =SUM(J13:J18,J22:J27)*2% -> 66310578 | K28: =SUM(K13:K18,K22:K27)*2% -> 66310578
D29: Итого | H29: =H9+H12 -> 3.5251672e+09 | K29: =K9+K12 -> 3.5251672e+09
D30: НДС 22% | H30: =H29*22% -> 7.7553678e+08 | K30: =K29*22% -> 7.7553678e+08
D31: ВСЕГО с НДС | H31: =H29+H30 -> 4.300704e+09 | K31: =K29+K30 -> 4.300704e+09
B34: =ПЗ!$A$23 -> Заместитель директора департамента по ценообразованию и сметному регулированию Департамента развития инфраструктуры | H34: =ПЗ!$C$23 -> Е.А. Татаринова

Sheet ВОР
B1: Ведомость объемов конструктивных решений (элементов) и комплексов (видов) работ
B3: Выполнение проектно-изыскательских работ на реконструкцию снегоудерживающих сооружений ВТРК «Эльбрус». Этап 1
B4: (наименование объекта)
A6: Ур. (для нумерации позиций) | B6: № п/п | C6: Номера сметных расчетов (смет) и позиций в сметных расчетах (сметах), относящиеся к соответствующим конструктивным решениям (элементам), комплексам (видам) работ | D6: Наименование конструктивных решений (элементов), комплексов (видов) работ | E6: Единица измерения | F6: Количество (объем работ)
B7: 1 | C7: 2 | D7: 2 | E7: 3 | F7: 4
A8: 1 | B8: 1 | D8: Разработка рабочей документации
A9: 2 | B9: =IF(A9>OFFSET(A9,-1,0),OFFSET(B9,-1,0)&"."&1,LEFT(OFFSET(B9,-1,0),SEARCH("^^",SUBSTITUTE("."&OFFSET(B9,-1,0),".","^^",A9))-1)&1--MID(OFFSET(B9,-1,0),SEARCH("^^",SUBSTITUTE("."&OFFSET(B9,-1,0),".","^^",A9)),SEARCH("^^",SUBSTITUTE(OFFSET(B9,-1,0)&".",".","^^",A9))-SEARCH("^^",SUBSTITUTE("."&OFFSET(B9,-1,0),".","^^",A9)))) -> 1.1 | C9: Сводная смета ПИР | D9: Рабочая документация | E9: комплекс | F9: 1
A10: 2 | B10: =IF(A10>OFFSET(A10,-1,0),OFFSET(B10,-1,0)&"."&1,LEFT(OFFSET(B10,-1,0),SEARCH("^^",SUBSTITUTE("."&OFFSET(B10,-1,0),".","^^",A10))-1)&1--MID(OFFSET(B10,-1,0),SEARCH("^^",SUBSTITUTE("."&OFFSET(B10,-1,0),".","^^",A10)),SEARCH("^^",SUBSTITUTE(OFFSET(B10,-1,0)&".",".","^^",A10))-SEARCH("^^",SUBSTITUTE("."&OFFSET(B10,-1,0),".","^^",A10)))) -> 1.2 | C10: Приказ от 4.08.2020 № 421/пр п.179 | D10: Непредвиденные затраты для объектов капитального строительства непроизводственного назначения - 2% | E10: комплекс | F10: 1
A11: 1 | B11: =IF(A11>OFFSET(A11,-1,0),OFFSET(B11,-1,0)&"."&1,LEFT(OFFSET(B11,-1,0),SEARCH("^^",SUBSTITUTE("."&OFFSET(B11,-1,0),".","^^",A11))-1)&1--MID(OFFSET(B11,-1,0),SEARCH("^^",SUBSTITUTE("."&OFFSET(B11,-1,0),".","^^",A11)),SEARCH("^^",SUBSTITUTE(OFFSET(B11,-1,0)&".",".","^^",A11))-SEARCH("^^",SUBSTITUTE("."&OFFSET(B11,-1,0),".","^^",A11)))) -> 2 | D11: Строительство
A12: 2 | B12: =IF(A12>OFFSET(A12,-1,0),OFFSET(B12,-1,0)&"."&1,LEFT(OFFSET(B12,-1,0),SEARCH("^^",SUBSTITUTE("."&OFFSET(B12,-1,0),".","^^",A12))-1)&1--MID(OFFSET(B12,-1,0),SEARCH("^^",SUBSTITUTE("."&OFFSET(B12,-1,0),".","^^",A12)),SEARCH("^^",SUBSTITUTE(OFFSET(B12,-1,0)&".",".","^^",A12))-SEARCH("^^",SUBSTITUTE("."&OFFSET(B12,-1,0),".","^^",A12)))) -> 2.1 | C12: Смета №1 | D12: Затраты по разбивке основных осей | E12: комплекс | F12: 1
A13: 2 | B13: =IF(A13>OFFSET(A13,-1,0),OFFSET(B13,-1,0)&"."&1,LEFT(OFFSET(B13,-1,0),SEARCH("^^",SUBSTITUTE("."&OFFSET(B13,-1,0),".","^^",A13))-1)&1--MID(OFFSET(B13,-1,0),SEARCH("^^",SUBSTITUTE("."&OFFSET(B13,-1,0),".","^^",A13)),SEARCH("^^",SUBSTITUTE(OFFSET(B13,-1,0)&".",".","^^",A13))-SEARCH("^^",SUBSTITUTE("."&OFFSET(B13,-1,0),".","^^",A13)))) -> 2.2 | C13: ЛСР-01-01-01 | D13: Демонтажные работы | E13: комплекс | F13: 1
A14: 2 | B14: =IF(A14>OFFSET(A14,-1,0),OFFSET(B14,-1,0)&"."&1,LEFT(OFFSET(B14,-1,0),SEARCH("^^",SUBSTITUTE("."&OFFSET(B14,-1,0),".","^^",A14))-1)&1--MID(OFFSET(B14,-1,0),SEARCH("^^",SUBSTITUTE("."&OFFSET(B14,-1,0),".","^^",A14)),SEARCH("^^",SUBSTITUTE(OFFSET(B14,-1,0)&".",".","^^",A14))-SEARCH("^^",SUBSTITUTE("."&OFFSET(B14,-1,0),".","^^",A14)))) -> 2.3 | C14: ЛСР-01-02-01 | D14: Рекультивация временных дорог и разворотных площадок ведущих к территории участка реконструкции снегоудерживающих сооружений | E14: комплекс | F14: 1
A15: 2 | B15: =IF(A15>OFFSET(A15,-1,0),OFFSET(B15,-1,0)&"."&1,LEFT(OFFSET(B15,-1,0),SEARCH("^^",SUBSTITUTE("."&OFFSET(B15,-1,0),".","^^",A15))-1)&1--MID(OFFSET(B15,-1,0),SEARCH("^^",SUBSTITUTE("."&OFFSET(B15,-1,0),".","^^",A15)),SEARCH("^^",SUBSTITUTE(OFFSET(B15,-1,0)&".",".","^^",A15))-SEARCH("^^",SUBSTITUTE("."&OFFSET(B15,-1,0),".","^^",A15)))) -> 2.4 | C15: ЛСР-02-01-01 | D15: Инженерная защита территории. Снегоудерживающие барьеры. Этап 1. | E15: комплекс | F15: 1
A16: 2 | B16: =IF(A16>OFFSET(A16,-1,0),OFFSET(B16,-1,0)&"."&1,LEFT(OFFSET(B16,-1,0),SEARCH("^^",SUBSTITUTE("."&OFFSET(B16,-1,0),".","^^",A16))-1)&1--MID(OFFSET(B16,-1,0),SEARCH("^^",SUBSTITUTE("."&OFFSET(B16,-1,0),".","^^",A16)),SEARCH("^^",SUBSTITUTE(OFFSET(B16,-1,0)&".",".","^^",A16))-SEARCH("^^",SUBSTITUTE("."&OFFSET(B16,-1,0),".","^^",A16)))) -> 2.5 | C16: СР-1 | D16: Затраты по перевозке работников к месту работы и обратно автомобильным транспортом | E16: комплекс | F16: 1
A17: 2 | B17: =IF(A17>OFFSET(A17,-1,0),OFFSET(B17,-1,0)&"."&1,LEFT(OFFSET(B17,-1,0),SEARCH("^^",SUBSTITUTE("."&OFFSET(B17,-1,0),".","^^",A17))-1)&1--MID(OFFSET(B17,-1,0),SEARCH("^^",SUBSTITUTE("."&OFFSET(B17,-1,0),".","^^",A17)),SEARCH("^^",SUBSTITUTE(OFFSET(B17,-1,0)&".",".","^^",A17))-SEARCH("^^",SUBSTITUTE("."&OFFSET(B17,-1,0),".","^^",A17)))) -> 2.6 | C17: СР-2 | D17: Расходы, связанные с командировками рабочих, привлекаемых для выполнения строительства, от места, определенного в проектной документации, до территории строительства и обратно. | E17: комплекс | F17: 1
A18: 3 | B18: =IF(A18>OFFSET(A18,-1,0),OFFSET(B18,-1,0)&"."&1,LEFT(OFFSET(B18,-1,0),SEARCH("^^",SUBSTITUTE("."&OFFSET(B18,-1,0),".","^^",A18))-1)&1--MID(OFFSET(B18,-1,0),SEARCH("^^",SUBSTITUTE("."&OFFSET(B18,-1,0),".","^^",A18)),SEARCH("^^",SUBSTITUTE(OFFSET(B18,-1,0)&".",".","^^",A18))-SEARCH("^^",SUBSTITUTE("."&OFFSET(B18,-1,0),".","^^",A18)))) -> 2.6.1 | C18: СР-2 п.1 | D18: Затраты на проезд работников от пункта сбора (г. Нальчик) до места временного проживания (с. Терскол) и обратно | E18: комплекс | F18: 1
A19: 3 | B19: =IF(A19>OFFSET(A19,-1,0),OFFSET(B19,-1,0)&"."&1,LEFT(OFFSET(B19,-1,0),SEARCH("^^",SUBSTITUTE("."&OFFSET(B19,-1,0),".","^^",A19))-1)&1--MID(OFFSET(B19,-1,0),SEARCH("^^",SUBSTITUTE("."&OFFSET(B19,-1,0),".","^^",A19)),SEARCH("^^",SUBSTITUTE(OFFSET(B19,-1,0)&".",".","^^",A19))-SEARCH("^^",SUBSTITUTE("."&OFFSET(B19,-1,0),".","^^",A19)))) -> 2.6.2 | C19: СР-2 п.2 | D19: Затраты на проживание рабочих | E19: комплекс | F19: 1
A20: 3 | B20: =IF(A20>OFFSET(A20,-1,0),OFFSET(B20,-1,0)&"."&1,LEFT(OFFSET(B20,-1,0),SEARCH("^^",SUBSTITUTE("."&OFFSET(B20,-1,0),".","^^",A20))-1)&1--MID(OFFSET(B20,-1,0),SEARCH("^^",SUBSTITUTE("."&OFFSET(B20,-1,0),".","^^",A20)),SEARCH("^^",SUBSTITUTE(OFFSET(B20,-1,0)&".",".","^^",A20))-SEARCH("^^",SUBSTITUTE("."&OFFSET(B20,-1,0),".","^^",A20)))) -> 2.6.3 | C20: СР-2 п.2 | D20: Суточные | E20: комплекс | F20: 1
A21: 2 | B21: =IF(A21>OFFSET(A21,-1,0),OFFSET(B21,-1,0)&"."&1,LEFT(OFFSET(B21,-1,0),SEARCH("^^",SUBSTITUTE("."&OFFSET(B21,-1,0),".","^^",A21))-1)&1--MID(OFFSET(B21,-1,0),SEARCH("^^",SUBSTITUTE("."&OFFSET(B21,-1,0),".","^^",A21)),SEARCH("^^",SUBSTITUTE(OFFSET(B21,-1,0)&".",".","^^",A21))-SEARCH("^^",SUBSTITUTE("."&OFFSET(B21,-1,0),".","^^",A21)))) -> 2.7 | C21: СР-3 | D21: Определение разницы в стоимости электроэнергии, получаемой от передвижных источников электроснабжения | E21: комплекс | F21: 1
A22: 2 | B22: =IF(A22>OFFSET(A22,-1,0),OFFSET(B22,-1,0)&"."&1,LEFT(OFFSET(B22,-1,0),SEARCH("^^",SUBSTITUTE("."&OFFSET(B22,-1,0),".","^^",A22))-1)&1--MID(OFFSET(B22,-1,0),SEARCH("^^",SUBSTITUTE("."&OFFSET(B22,-1,0),".","^^",A22)),SEARCH("^^",SUBSTITUTE(OFFSET(B22,-1,0)&".",".","^^",A22))-SEARCH("^^",SUBSTITUTE("."&OFFSET(B22,-1,0),".","^^",A22)))) -> 2.8 | C22: раздел ООС Таблица 6.1.1 | D22: Расчет платы за загрязнение атмосферного воздуха на период строительства | E22: комплекс | F22: 1
A23: 2 | B23: =IF(A23>OFFSET(A23,-1,0),OFFSET(B23,-1,0)&"."&1,LEFT(OFFSET(B23,-1,0),SEARCH("^^",SUBSTITUTE("."&OFFSET(B23,-1,0),".","^^",A23))-1)&1--MID(OFFSET(B23,-1,0),SEARCH("^^",SUBSTITUTE("."&OFFSET(B23,-1,0),".","^^",A23)),SEARCH("^^",SUBSTITUTE(OFFSET(B23,-1,0)&".",".","^^",A23))-SEARCH("^^",SUBSTITUTE("."&OFFSET(B23,-1,0),".","^^",A23)))) -> 2.9 | C23: раздел ООС Таблица 6.1.2 | D23: Расчет платы за размещение отходов на период строительства, включая демонтажные работы, в пределах лимита | E23: комплекс | F23: 1
... A27: 2 | B27: =IF(A27>OFFSET(A27,-1,0),OFFSET(B27,-1,0)&"."&1,LEFT(OFFSET(B27,-1,0),SEARCH("^^",SUBSTITUTE("."&OFFSET(B27,-1,0),".","^^",A27))-1)&1--MID(OFFSET(B27,-1,0),SEARCH("^^",SUBSTITUTE("."&OFFSET(B27,-1,0),".","^^",A27)),SEARCH("^^",SUBSTITUTE(OFFSET(B27,-1,0)&".",".","^^",A27))-SEARCH("^^",SUBSTITUTE("."&OFFSET(B27,-1,0),".","^^",A27)))) -> 2.13 | C27: Приказ от 4.08.2020 № 421/пр п.179 | D27: Непредвиденные затраты для объектов капитального строительства непроизводственного назначения - 2% | E27: комплекс | F27: 1

Sheet График
B1: График производства работ "Реконструкция снегоудерживающих сооружений ВТРК «Эльбрус». Этап 1
A2: № п/п | B2: № ЛСР | C2: Наименование работ | D2: Количество | E2: Ед.Изм. | F2: Начало | G2: Окончание | H2: Передача фундамента в монтаж | I2: 2026 | U2: 2027 | BQ2: 2028
I3: Октябрь | M3: Ноябрь | Q3: Декабрь | U3: январь | Y3: февраль | AC3: март | AG3: апрель | AK3: май | AO3: июнь | AS3: июль | AW3: август | BA3: сентябрь | BE3: октябрь | BI3: ноябрь | BM3: декабрь | BQ3: январь | BU3: февраль | BY3: март | CC3: апрель | CG3: май | CK3: июнь | CO3: июль | CS3: август | CW3: сентябрь | DA3: октябрь | DE3: ноябрь | DI3: декабрь
I4: 1 | J4: 2 | K4: 3 | L4: 4 | M4: 1 | N4: 2 | O4: 3 | P4: 4 | Q4: 1 | R4: 2 | S4: 3 | T4: 4 | U4: 1 | V4: 2 | W4: 3 | X4: 4 | Y4: 1 | Z4: 2 | AA4: 3 | AB4: 4 | AC4: 1 | AD4: 2 | AE4: 3 | AF4: 4 | AG4: 1 | AH4: 2 | AI4: 3 | AJ4: 4 | AK4: 1 | AL4: 2 | AM4: 3 | AN4: 4 | AO4: 1 | AP4: 2 | AQ4: 3 | AR4: 4 | AS4: 1 | AT4: 2 | AU4: 3 | AV4: 4 | AW4: 1 | AX4: 2 | AY4: 3 | AZ4: 4 | BA4: 1 | BB4: 2 | BC4: 3 | BD4: 4 | BE4: 1 | BF4: 2 | BG4: 3 | BH4: 4 | BI4: 1 | BJ4: 2 | BK4: 3 | BL4: 4 | BM4: 1 | BN4: 2 | BO4: 3 | BP4: 4 | BQ4: 1 | BR4: 2 | BS4: 3 | BT4: 4 | BU4: 1 | BV4: 2 | BW4: 3 | BX4: 4 | BY4: 1 | BZ4: 2 | CA4: 3 | CB4: 4 | CC4: 1 | CD4: 2 | CE4: 3 | CF4: 4 | CG4: 1 | CH4: 2 | CI4: 3 | CJ4: 4 | CK4: 1 | CL4: 2 | CM4: 3 | CN4: 4 | CO4: 1 | CP4: 2 | CQ4: 3 | CR4: 4 | CS4: 1 | CT4: 2 | CU4: 3 | CV4: 4 | CW4: 1 | CX4: 2 | CY4: 3 | CZ4: 4 | DA4: 1 | DB4: 2 | DC4: 3 | DD4: 4 | DE4: 1 | DF4: 2 | DG4: 3 | DH4: 4 | DI4: 1 | DJ4: 2 | DK4: 3 | DL4: 4
C5: ВТРК "Эльбрус"
C6: Реконструкция снегоудерживающих сооружений. Этап 1
A7: 1 | C7: Работы подготовительного периода
A8: 1.1 | C8: подписание сторонами акта о соответствии состояния земельного участка (объекта капитального строительства, подлежащего реконструкции) условиям контракта | D8: 1 | E8: комп | F8: 46371 | G8: 46386
A9: 1.2 | C9: передача подрядчику копии разрешения на строительство, реконструкцию объекта; копии решения собственника имущества о его сносе (при необходимости); копии разрешения на вырубку зеленых и лесных насаждений; копии технических условий и разрешений на временное присоединение объекта к сетям инженерно-технического обеспечения в соответствии с проектом организации строительства | D9: 1 | E9: комп | F9: 46371 | G9: 46386
A10: 1.3 | C10: передача подрядчику копий документов, подтверждающих согласование производства отдельных работ, если необходимость такого согласования установлена законодательством Российской Федерации | D10: 1 | E10: комп | F10: 46371 | G10: 46386
A11: 1.4 | C11: Обустройство временных дорог и площадок на территории производства работ | D11: 1 | E11: комп
A12: 2 | B12: ЛСР-01-01-01 | C12: Демонтажные работы | D12: 1 | E12: комп | F12: 46539 | G12: 46995
A13: 3 | B13: ССР на ПИР | C13: Рабочая документация | D13: 1 | E13: комп | F13: 46397 | G13: 46537
A14: 4 | B14: СР-1 | C14: Создание ГРО
A15: 4.1 | B15: Смета №1 | C15: Разбивка основных осей | D15: 1 | E15: комп | F15: 46508 | G15: 46598
A16: 5 | B16: ОС 02-01 | C16: Строительно-монтажные работы
A17: 5.1 | B17: ЛС 02-01-01 | C17: Инженерная защита территории. Снегоудерживающие барьеры. Этап 1. | D17: 1 | E17: комп | F17: 46537 | G17: 47041
A18: 5.2 | B18: ЛСР-01-02-01 | C18: Рекультивация временных дорог и разворотных площадок ведущих к территории участка реконструкции снегоудерживающих сооружений | D18: 1 | E18: комп | F18: 47041 | G18: 47056
A19: 6 | C19: Ввод объекта в эксплуатацию
A20: 6.1 | C20: Подключение объекта к сетям инженерно-технического обеспечения в соответствии с техническими условиями, предусмотренными проектной документацией | D20: 1 | E20: комп | F20: не требуется
A21: 6.2 | C21: Подписание акта о соответствии состояния земельного участка условиям контракта при завершении строительства, реконструкции объекта | D21: 1 | E21: комп | F21: 47097 | G21: 47102
A22: 6.3 | C22: Получение заключения о соответствии (ЗОС) от госстройнадзора | D22: 1 | E22: комп | F22: 47058 | G22: 47087
A23: 6.4 | C23: Получение разрешения на ввод объекта в эксплуатацию | D23: 1 | E23: комп | F23: 47088 | G23: 47107

Sheet НМЦК
B1: Расчет начальной (максимальной) цены контракта при осуществлении закупки на выполнение подрядных работ по строительству
B2: Выполнение проектно-изыскательских работ на реконструкцию снегоудерживающих сооружений ВТРК «Эльбрус». Этап 1
B3: (наименование стройки)
B5: Основания для расчета:
B6: 1. | C6: Приказ об утверждении проектно-сметной документации от 14.10.2024 № Пр-24-219
B7: 2. | C7: Заключение Федерального автономного учреждения "Главное управление государственной экспертизы" от 15.10.2026 № 07-1-1-3-051344-2026
B8: 3. | C8: =CONCATENATE("Утвержденный сводный сметный расчет стоимости строительства в ценах 4 квартала 2025 г. на сумму ",ССРСС!$H$80," тыс. руб.") -> Утвержденный сводный сметный расчет стоимости строительства в ценах 4 квартала 2025 г. на сумму 3907776,33 тыс. руб.
A10: Ур. (для нумерации позиций) | B10: № п/п | C10: Обоснование | D10: Наименование глав, объектов капитального строительства, работ и затрат | E10: Сметная стоимость, руб. | J10: ВЗиС - 3,1%*0,8 | K10: Возврат от разборки ВЗиС - 15% от ВЗиС | L10: ЗУ - 0,9% | M10: Стоимость затрат в ценах утверждения сметной документации (IV квартал 2025 года) | N10: Индекс фактической инфляции (от уровня цен в сметной документации до даты формирования НМЦК) | O10: Стоимость затрат в ценах на дату формирования НМЦК | P10: Индекс прогнозной инфляции за период выполнения работ | Q10: Начальная (максимальная) цена контракта с учетом индекса прогнозной инфляции на период выполнения работ
E11: Строительных (ремонтно- строительных, ремонтно-реставрационных) работ | F11: монтажных работ | G11: оборудования | H11: прочих затрат | I11: всего
B13: 1 | C13: 2 | D13: 3 | E13: 4 | F13: 5 | G13: 6 | H13: 7 | I13: 8 | J13: 9 | K13: 10 | L13: 11 | M13: 12 | N13: 13 | O13: 14 | P13: 15 | Q13: 16
A14: 1 | B14: 1 | D14: Разработка рабочей документации | H14: =SUM(H15:H16) -> 1.293632e+08 | I14: =SUM(E14:H14) -> 1.293632e+08 | J14: =SUM(J15:J16) -> 0 | K14: =SUM(K15:K16) -> 0 | L14: =SUM(L15:L16) -> 0 | M14: =SUM(M15:M16) -> 1.293632e+08 | O14: =SUM(O15:O16) -> 1.3672396e+08 | Q14: =SUM(Q15:Q16) -> 1.4332773e+08
A15: 2 | B15: =IF(A15>OFFSET(A15,-1,0),OFFSET(B15,-1,0)&"."&1,LEFT(OFFSET(B15,-1,0),SEARCH("^^",SUBSTITUTE("."&OFFSET(B15,-1,0),".","^^",A15))-1)&1--MID(OFFSET(B15,-1,0),SEARCH("^^",SUBSTITUTE("."&OFFSET(B15,-1,0),".","^^",A15)),SEARCH("^^",SUBSTITUTE(OFFSET(B15,-1,0)&".",".","^^",A15))-SEARCH("^^",SUBSTITUTE("."&OFFSET(B15,-1,0),".","^^",A15)))) -> 1.1 | C15: Смета №10 | D15: Рабочая документация | H15: ='Смета №10 (РД)'!$I$150 -> 1.2682666e+08 | I15: =SUM(E15:H15) -> 1.2682666e+08 | M15: =SUM(I15:L15) -> 1.2682666e+08 | N15: ='Фактический индекс'!$F$123 -> 1.0569 | O15: =M15*N15 -> 1.340431e+08 | P15: ='Прогнозные индексы'!$F$56 -> 1.0483 | Q15: =O15*P15 -> 1.4051738e+08
A16: 2 | B16: =IF(A16>OFFSET(A16,-1,0),OFFSET(B16,-1,0)&"."&1,LEFT(OFFSET(B16,-1,0),SEARCH("^^",SUBSTITUTE("."&OFFSET(B16,-1,0),".","^^",A16))-1)&1--MID(OFFSET(B16,-1,0),SEARCH("^^",SUBSTITUTE("."&OFFSET(B16,-1,0),".","^^",A16)),SEARCH("^^",SUBSTITUTE(OFFSET(B16,-1,0)&".",".","^^",A16))-SEARCH("^^",SUBSTITUTE("."&OFFSET(B16,-1,0),".","^^",A16)))) -> 1.2 | C16: Приказ от 4.08.2020 № 421/пр п.179 | D16: Непредвиденные затраты для объектов капитального строительства непроизводственного назначения - 2% | H16: =H15*2% -> 2536533.3 | I16: =SUM(E16:H16) -> 2536533.3 | M16: =M15*2% -> 2536533.3 | O16: =O15*2% -> 2680862 | Q16: =Q15*2% -> 2810347.7
A17: 1 | B17: =IF(A17>OFFSET(A17,-1,0),OFFSET(B17,-1,0)&"."&1,LEFT(OFFSET(B17,-1,0),SEARCH("^^",SUBSTITUTE("."&OFFSET(B17,-1,0),".","^^",A17))-1)&1--MID(OFFSET(B17,-1,0),SEARCH("^^",SUBSTITUTE("."&OFFSET(B17,-1,0),".","^^",A17)),SEARCH("^^",SUBSTITUTE(OFFSET(B17,-1,0)&".",".","^^",A17))-SEARCH("^^",SUBSTITUTE("."&OFFSET(B17,-1,0),".","^^",A17)))) -> 2 | D17: Строительство | E17: =SUM(E18:E23,E27:E33) -> 2.6577052e+09 | H17: =SUM(H18:H23,H27:H33) -> 1.2071934e+08 | I17: =SUM(E17:H17) -> 2.7784245e+09 | J17: =SUM(J18:J23,J27:J33) -> 65911088 | K17: =SUM(K18:K23,K27:K33) -> -9886663.2 | L17: =SUM(L18:L23,L27:L33) -> 24512546 | M17: =SUM(M18:M23,M27:M33) -> 2.8589615e+09 | O17: =SUM(O18:O23,O27:O33) -> 3.0212687e+09 | Q17: =SUM(Q18:Q23,Q27:Q33) -> 3.3818395e+09
A18: 2 | B18: =IF(A18>OFFSET(A18,-1,0),OFFSET(B18,-1,0)&"."&1,LEFT(OFFSET(B18,-1,0),SEARCH("^^",SUBSTITUTE("."&OFFSET(B18,-1,0),".","^^",A18))-1)&1--MID(OFFSET(B18,-1,0),SEARCH("^^",SUBSTITUTE("."&OFFSET(B18,-1,0),".","^^",A18)),SEARCH("^^",SUBSTITUTE(OFFSET(B18,-1,0)&".",".","^^",A18))-SEARCH("^^",SUBSTITUTE("."&OFFSET(B18,-1,0),".","^^",A18)))) -> 2.1 | C18: Смета №1 | D18: Затраты по разбивке основных осей | H18: ='Смета №1 ГРО'!$G$71 -> 1883706 | I18: =SUM(E18:H18) -> 1883706 | M18: =SUM(I18:L18) -> 1883706 | N18: ='Фактический индекс'!$F$123 -> 1.0569 | O18: =M18*N18 -> 1990888.9 | P18: ='Прогнозные индексы'!$F$74 -> 1.1196 | Q18: =O18*P18 -> 2228999.2
A19: 2 | B19: =IF(A19>OFFSET(A19,-1,0),OFFSET(B19,-1,0)&"."&1,LEFT(OFFSET(B19,-1,0),SEARCH("^^",SUBSTITUTE("."&OFFSET(B19,-1,0),".","^^",A19))-1)&1--MID(OFFSET(B19,-1,0),SEARCH("^^",SUBSTITUTE("."&OFFSET(B19,-1,0),".","^^",A19)),SEARCH("^^",SUBSTITUTE(OFFSET(B19,-1,0)&".",".","^^",A19))-SEARCH("^^",SUBSTITUTE("."&OFFSET(B19,-1,0),".","^^",A19)))) -> 2.2 | C19: ЛСР-01-01-01 | D19: Демонтажные работы | E19: ='ЛСР-01-01-01'!$P$731 -> 17225567 | I19: =SUM(E19:H19) -> 17225567 | J19: =(E19+F19)*3.1%*0.8 -> 427194.05 | K19: =-J19*15% -> -64079.11 | L19: =(E19+F19+J19)*0.9% -> 158874.85 | M19: =SUM(I19:L19) -> 17747557 | N19: ='Фактический индекс'!$F$123 -> 1.0569 | O19: =M19*N19 -> 18757392 | P19: ='Прогнозные индексы'!$F$74 -> 1.1196 | Q19: =O19*P19 -> 21000777
A20: 2 | B20: =IF(A20>OFFSET(A20,-1,0),OFFSET(B20,-1,0)&"."&1,LEFT(OFFSET(B20,-1,0),SEARCH("^^",SUBSTITUTE("."&OFFSET(B20,-1,0),".","^^",A20))-1)&1--MID(OFFSET(B20,-1,0),SEARCH("^^",SUBSTITUTE("."&OFFSET(B20,-1,0),".","^^",A20)),SEARCH("^^",SUBSTITUTE(OFFSET(B20,-1,0)&".",".","^^",A20))-SEARCH("^^",SUBSTITUTE("."&OFFSET(B20,-1,0),".","^^",A20)))) -> 2.3 | C20: ЛСР-01-02-01 | D20: Рекультивация временных дорог и разворотных площадок ведущих к территории участка реконструкции снегоудерживающих сооружений | E20: =' ЛСР-01-02-01'!$P$87 -> 11618.63 | I20: =SUM(E20:H20) -> 11618.63 | J20: =(E20+F20)*3.1%*0.8 -> 288.14 | K20: =-J20*15% -> -43.22 | L20: =(E20+F20+J20)*0.9% -> 107.16 | M20: =SUM(I20:L20) -> 11970.71 | N20: ='Фактический индекс'!$F$123 -> 1.0569 | O20: =M20*N20 -> 12651.84 | P20: ='Прогнозные индексы'!$F$74 -> 1.1196 | Q20: =O20*P20 -> 14165
A21: 2 | B21: =IF(A21>OFFSET(A21,-1,0),OFFSET(B21,-1,0)&"."&1,LEFT(OFFSET(B21,-1,0),SEARCH("^^",SUBSTITUTE("."&OFFSET(B21,-1,0),".","^^",A21))-1)&1--MID(OFFSET(B21,-1,0),SEARCH("^^",SUBSTITUTE("."&OFFSET(B21,-1,0),".","^^",A21)),SEARCH("^^",SUBSTITUTE(OFFSET(B21,-1,0)&".",".","^^",A21))-SEARCH("^^",SUBSTITUTE("."&OFFSET(B21,-1,0),".","^^",A21)))) -> 2.4 | C21: ЛСР-02-01-01 | D21: Инженерная защита территории. Снегоудерживающие барьеры. Этап 1. | E21: ='ЛСР-02-01-01'!$P$2162 -> 2.5883561e+09 | I21: =SUM(E21:H21) -> 2.5883561e+09 | J21: =(E21+F21)*3.1%*0.8 -> 64191232 | K21: =-J21*15% -> -9628684.8 | L21: =(E21+F21+J21)*0.9% -> 23872926 | M21: =SUM(I21:L21) -> 2.6667916e+09 | N21: ='Фактический индекс'!$F$123 -> 1.0569 | O21: =M21*N21 -> 2.818532e+09 | P21: ='Прогнозные индексы'!$F$74 -> 1.1196 | Q21: =O21*P21 -> 3.1556285e+09
A22: 2 | B22: =IF(A22>OFFSET(A22,-1,0),OFFSET(B22,-1,0)&"."&1,LEFT(OFFSET(B22,-1,0),SEARCH("^^",SUBSTITUTE("."&OFFSET(B22,-1,0),".","^^",A22))-1)&1--MID(OFFSET(B22,-1,0),SEARCH("^^",SUBSTITUTE("."&OFFSET(B22,-1,0),".","^^",A22)),SEARCH("^^",SUBSTITUTE(OFFSET(B22,-1,0)&".",".","^^",A22))-SEARCH("^^",SUBSTITUTE("."&OFFSET(B22,-1,0),".","^^",A22)))) -> 2.5 | C22: СР-1 | D22: Затраты по перевозке работников к месту работы и обратно автомобильным транспортом | H22: ='СР-1'!$F$11 -> 3867745.6 | I22: =SUM(E22:H22) -> 3867745.6 | M22: =SUM(I22:L22) -> 3867745.6 | N22: ='Фактический индекс'!$F$123 -> 1.0569 | O22: =M22*N22 -> 4087820.4 | P22: ='Прогнозные индексы'!$F$74 -> 1.1196 | Q22: =O22*P22 -> 4576723.7
A23: 2 | B23: =IF(A23>OFFSET(A23,-1,0),OFFSET(B23,-1,0)&"."&1,LEFT(OFFSET(B23,-1,0),SEARCH("^^",SUBSTITUTE("."&OFFSET(B23,-1,0),".","^^",A23))-1)&1--MID(OFFSET(B23,-1,0),SEARCH("^^",SUBSTITUTE("."&OFFSET(B23,-1,0),".","^^",A23)),SEARCH("^^",SUBSTITUTE(OFFSET(B23,-1,0)&".",".","^^",A23))-SEARCH("^^",SUBSTITUTE("."&OFFSET(B23,-1,0),".","^^",A23)))) -> 2.6 | C23: СР-2 | D23: Расходы, связанные с командировками рабочих, привлекаемых для выполнения строительства, от места, определенного в проектной документации, до территории строительства и обратно. | H23: ='СР-2_командировочные'!$F$38 -> 31355171 | I23: =SUM(E23:H23) -> 31355171 | M23: =SUM(I23:L23) -> 31355171 | O23: =SUM(O24:O26) -> 32778761 | Q23: =SUM(Q24:Q26) -> 35941316
A24: 3 | B24: =IF(A24>OFFSET(A24,-1,0),OFFSET(B24,-1,0)&"."&1,LEFT(OFFSET(B24,-1,0),SEARCH("^^",SUBSTITUTE("."&OFFSET(B24,-1,0),".","^^",A24))-1)&1--MID(OFFSET(B24,-1,0),SEARCH("^^",SUBSTITUTE("."&OFFSET(B24,-1,0),".","^^",A24)),SEARCH("^^",SUBSTITUTE(OFFSET(B24,-1,0)&".",".","^^",A24))-SEARCH("^^",SUBSTITUTE("."&OFFSET(B24,-1,0),".","^^",A24)))) -> 2.6.1 | C24: СР-2 п.1 | D24: Затраты на проезд работников от пункта сбора (г. Нальчик) до места временного проживания (с. Терскол) и обратно | H24: ='СР-2_командировочные'!$F$11 -> 652181.76 | I24: =SUM(E24:H24) -> 652181.76 | M24: =SUM(I24:L24) -> 652181.76 | N24: ='Фактический индекс'!$F$123 -> 1.0569 | O24: =M24*N24 -> 689290.9 | P24: ='Прогнозные индексы'!$F$74 -> 1.1196 | Q24: =O24*P24 -> 771730.09
A25: 3 | B25: =IF(A25>OFFSET(A25,-1,0),OFFSET(B25,-1,0)&"."&1,LEFT(OFFSET(B25,-1,0),SEARCH("^^",SUBSTITUTE("."&OFFSET(B25,-1,0),".","^^",A25))-1)&1--MID(OFFSET(B25,-1,0),SEARCH("^^",SUBSTITUTE("."&OFFSET(B25,-1,0),".","^^",A25)),SEARCH("^^",SUBSTITUTE(OFFSET(B25,-1,0)&".",".","^^",A25))-SEARCH("^^",SUBSTITUTE("."&OFFSET(B25,-1,0),".","^^",A25)))) -> 2.6.2 | C25: СР-2 п.2 | D25: Затраты на проживание рабочих | H25: ='СР-2_командировочные'!$F$34*'СР-2_командировочные'!$F$35*'СР-2_командировочные'!$F$36 -> 24366989 | I25: =SUM(E25:H25) -> 24366989 | M25: =SUM(I25:L25) -> 24366989 | N25: ='Фактический индекс'!$F$123 -> 1.0569 | O25: =M25*N25 -> 25753470 | P25: ='Прогнозные индексы'!$F$74 -> 1.1196 | Q25: =O25*P25 -> 28833586
A26: 3 | B26: =IF(A26>OFFSET(A26,-1,0),OFFSET(B26,-1,0)&"."&1,LEFT(OFFSET(B26,-1,0),SEARCH("^^",SUBSTITUTE("."&OFFSET(B26,-1,0),".","^^",A26))-1)&1--MID(OFFSET(B26,-1,0),SEARCH("^^",SUBSTITUTE("."&OFFSET(B26,-1,0),".","^^",A26)),SEARCH("^^",SUBSTITUTE(OFFSET(B26,-1,0)&".",".","^^",A26))-SEARCH("^^",SUBSTITUTE("."&OFFSET(B26,-1,0),".","^^",A26)))) -> 2.6.3 | C26: СР-2 п.2 | D26: Суточные | H26: ='СР-2_командировочные'!$F$34*'СР-2_командировочные'!$F$35*'СР-2_командировочные'!$F$37 -> 6336000 | I26: =SUM(E26:H26) -> 6336000 | M26: =SUM(I26:L26) -> 6336000 | N26: 1 | O26: =M26*N26 -> 6336000 | P26: 1 | Q26: =O26*P26 -> 6336000
A27: 2 | B27: =IF(A27>OFFSET(A27,-1,0),OFFSET(B27,-1,0)&"."&1,LEFT(OFFSET(B27,-1,0),SEARCH("^^",SUBSTITUTE("."&OFFSET(B27,-1,0),".","^^",A27))-1)&1--MID(OFFSET(B27,-1,0),SEARCH("^^",SUBSTITUTE("."&OFFSET(B27,-1,0),".","^^",A27)),SEARCH("^^",SUBSTITUTE(OFFSET(B27,-1,0)&".",".","^^",A27))-SEARCH("^^",SUBSTITUTE("."&OFFSET(B27,-1,0),".","^^",A27)))) -> 2.7 | C27: СР-3 | D27: Определение разницы в стоимости электроэнергии, получаемой от передвижных источников электроснабжения | H27: ='СР-3 Электроэнергия '!$F$8 -> 86766.89 | I27: =SUM(E27:H27) -> 86766.89 | M27: =SUM(I27:L27) -> 86766.89 | N27: ='Фактический индекс'!$F$123 -> 1.0569 | O27: =M27*N27 -> 91703.93 | P27: ='Прогнозные индексы'!$F$74 -> 1.1196 | Q27: =O27*P27 -> 102671.72
A28: 2 | B28: =IF(A28>OFFSET(A28,-1,0),OFFSET(B28,-1,0)&"."&1,LEFT(OFFSET(B28,-1,0),SEARCH("^^",SUBSTITUTE("."&OFFSET(B28,-1,0),".","^^",A28))-1)&1--MID(OFFSET(B28,-1,0),SEARCH("^^",SUBSTITUTE("."&OFFSET(B28,-1,0),".","^^",A28)),SEARCH("^^",SUBSTITUTE(OFFSET(B28,-1,0)&".",".","^^",A28))-SEARCH("^^",SUBSTITUTE("."&OFFSET(B28,-1,0),".","^^",A28)))) -> 2.8 | C28: раздел ООС Таблица 6.1.1 | D28: Расчет платы за загрязнение атмосферного воздуха на период строительства | H28: =7445 -> 7445 | I28: =SUM(E28:H28) -> 7445 | M28: =SUM(I28:L28) -> 7445 | N28: ='Фактический индекс'!$F$123 -> 1.0569 | O28: =M28*N28 -> 7868.62 | P28: ='Прогнозные индексы'!$F$74 -> 1.1196 | Q28: =O28*P28 -> 8809.71
A29: 2 | B29: =IF(A29>OFFSET(A29,-1,0),OFFSET(B29,-1,0)&"."&1,LEFT(OFFSET(B29,-1,0),SEARCH("^^",SUBSTITUTE("."&OFFSET(B29,-1,0),".","^^",A29))-1)&1--MID(OFFSET(B29,-1,0),SEARCH("^^",SUBSTITUTE("."&OFFSET(B29,-1,0),".","^^",A29)),SEARCH("^^",SUBSTITUTE(OFFSET(B29,-1,0)&".",".","^^",A29))-SEARCH("^^",SUBSTITUTE("."&OFFSET(B29,-1,0),".","^^",A29)))) -> 2.9 | C29: раздел ООС Таблица 6.1.2 | D29: Расчет платы за размещение отходов на период строительства, включая демонтажные работы, в пределах лимита | H29: =584.66 -> 584.66 | I29: =SUM(E29:H29) -> 584.66 | M29: =SUM(I29:L29) -> 584.66 | N29: ='Фактический индекс'!$F$123 -> 1.0569 | O29: =M29*N29 -> 617.93 | P29: ='Прогнозные индексы'!$F$74 -> 1.1196 | Q29: =O29*P29 -> 691.83
A30: 2 | B30: =IF(A30>OFFSET(A30,-1,0),OFFSET(B30,-1,0)&"."&1,LEFT(OFFSET(B30,-1,0),SEARCH("^^",SUBSTITUTE("."&OFFSET(B30,-1,0),".","^^",A30))-1)&1--MID(OFFSET(B30,-1,0),SEARCH("^^",SUBSTITUTE("."&OFFSET(B30,-1,0),".","^^",A30)),SEARCH("^^",SUBSTITUTE(OFFSET(B30,-1,0)&".",".","^^",A30))-SEARCH("^^",SUBSTITUTE("."&OFFSET(B30,-1,0),".","^^",A30)))) -> 2.10 | C30: раздел ООС Таблица 6.1.3 | D30: Расчет платы за проведение производственно-экологического контроля | H30: =22746.63 -> 22746.63 | I30: =SUM(E30:H30) -> 22746.63 | M30: =SUM(I30:L30) -> 22746.63 | N30: ='Фактический индекс'!$F$123 -> 1.0569 | O30: =M30*N30 -> 24040.91 | P30: ='Прогнозные индексы'!$F$74 -> 1.1196 | Q30: =O30*P30 -> 26916.2
A31: 2 | B31: =IF(A31>OFFSET(A31,-1,0),OFFSET(B31,-1,0)&"."&1,LEFT(OFFSET(B31,-1,0),SEARCH("^^",SUBSTITUTE("."&OFFSET(B31,-1,0),".","^^",A31))-1)&1--MID(OFFSET(B31,-1,0),SEARCH("^^",SUBSTITUTE("."&OFFSET(B31,-1,0),".","^^",A31)),SEARCH("^^",SUBSTITUTE(OFFSET(B31,-1,0)&".",".","^^",A31))-SEARCH("^^",SUBSTITUTE("."&OFFSET(B31,-1,0),".","^^",A31)))) -> 2.11 | C31: ЛСР-09-01-01 | D31: Расчет затрат на утилизацию строительных отходов | H31: ='ЛСР-09-01-01'!$P$63 -> 10051.96 | I31: =SUM(E31:H31) -> 10051.96 | M31: =SUM(I31:L31) -> 10051.96 | N31: ='Фактический индекс'!$F$123 -> 1.0569 | O31: =M31*N31 -> 10623.92 | P31: ='Прогнозные индексы'!$F$74 -> 1.1196 | Q31: =O31*P31 -> 11894.54
A32: 2 | B32: =IF(A32>OFFSET(A32,-1,0),OFFSET(B32,-1,0)&"."&1,LEFT(OFFSET(B32,-1,0),SEARCH("^^",SUBSTITUTE("."&OFFSET(B32,-1,0),".","^^",A32))-1)&1--MID(OFFSET(B32,-1,0),SEARCH("^^",SUBSTITUTE("."&OFFSET(B32,-1,0),".","^^",A32)),SEARCH("^^",SUBSTITUTE(OFFSET(B32,-1,0)&".",".","^^",A32))-SEARCH("^^",SUBSTITUTE("."&OFFSET(B32,-1,0),".","^^",A32)))) -> 2.12 | C32: ЛСР-09-02-01 | D32: Перевозка грузов с использованием вертолета Ми-8МТВ-1 | H32: ='ЛСР-09-02-01'!$P$61 -> 81118080 | I32: =SUM(E32:H32) -> 81118080 | M32: =SUM(I32:L32) -> 81118080 | N32: ='Фактический индекс'!$F$123 -> 1.0569 | O32: =M32*N32 -> 85733699 | P32: ='Прогнозные индексы'!$F$74 -> 1.1196 | Q32: =O32*P32 -> 95987449
A33: 2 | B33: =IF(A33>OFFSET(A33,-1,0),OFFSET(B33,-1,0)&"."&1,LEFT(OFFSET(B33,-1,0),SEARCH("^^",SUBSTITUTE("."&OFFSET(B33,-1,0),".","^^",A33))-1)&1--MID(OFFSET(B33,-1,0),SEARCH("^^",SUBSTITUTE("."&OFFSET(B33,-1,0),".","^^",A33)),SEARCH("^^",SUBSTITUTE(OFFSET(B33,-1,0)&".",".","^^",A33))-SEARCH("^^",SUBSTITUTE("."&OFFSET(B33,-1,0),".","^^",A33)))) -> 2.13 | C33: Приказ от 4.08.2020 № 421/пр п.179 | D33: Непредвиденные затраты для объектов капитального строительства непроизводственного назначения - 2% | E33: =SUM(E18:E23,E27:E32)*2% -> 52111866 | H33: =SUM(H18:H23,H27:H32)*2% -> 2367046 | I33: =SUM(E33:H33) -> 54478912 | J33: =SUM(J18:J23,J27:J32)*2% -> 1292374.3 | K33: =SUM(K18:K23,K27:K32)*2% -> -193856.14 | L33: =SUM(L18:L23,L27:L32)*2% -> 480638.16 | M33: =SUM(M18:M23,M27:M32)*2% -> 56058068 | O33: =SUM(O18:O23,O27:O32)*2% -> 59240562 | Q33: =SUM(Q18:Q23,Q27:Q32)*2% -> 66310578
A34: 1 | B34: =IF(A34>OFFSET(A34,-1,0),OFFSET(B34,-1,0)&"."&1,LEFT(OFFSET(B34,-1,0),SEARCH("^^",SUBSTITUTE("."&OFFSET(B34,-1,0),".","^^",A34))-1)&1--MID(OFFSET(B34,-1,0),SEARCH("^^",SUBSTITUTE("."&OFFSET(B34,-1,0),".","^^",A34)),SEARCH("^^",SUBSTITUTE(OFFSET(B34,-1,0)&".",".","^^",A34))-SEARCH("^^",SUBSTITUTE("."&OFFSET(B34,-1,0),".","^^",A34)))) -> 3 | D34: Итого | E34: =E14+E17 -> 2.6577052e+09 | H34: =H14+H17 -> 2.5008254e+08 | I34: =SUM(E34:H34) -> 2.9077877e+09 | J34: =J14+J17 -> 65911088 | K34: =K14+K17 -> -9886663.2 | L34: =L14+L17 -> 24512546 | M34: =M14+M17 -> 2.9883247e+09 | O34: =O14+O17 -> 3.1579926e+09 | Q34: =Q14+Q17 -> 3.5251672e+09
A35: 1 | B35: =IF(A35>OFFSET(A35,-1,0),OFFSET(B35,-1,0)&"."&1,LEFT(OFFSET(B35,-1,0),SEARCH("^^",SUBSTITUTE("."&OFFSET(B35,-1,0),".","^^",A35))-1)&1--MID(OFFSET(B35,-1,0),SEARCH("^^",SUBSTITUTE("."&OFFSET(B35,-1,0),".","^^",A35)),SEARCH("^^",SUBSTITUTE(OFFSET(B35,-1,0)&".",".","^^",A35))-SEARCH("^^",SUBSTITUTE("."&OFFSET(B35,-1,0),".","^^",A35)))) -> 4 | C35: № 425-ФЗ от 28.11.2025 | D35: НДС - 22% | E35: =E34*22% -> 5.8469514e+08 | H35: =H34*22% -> 55018159 | I35: =SUM(E35:H35) -> 6.397133e+08 | J35: =J34*22% -> 14500439 | K35: =K34*22% -> -2175065.9 | L35: =L34*22% -> 5392760.2 | M35: =M34*22% -> 6.5743143e+08 | O35: =O34*22% -> 6.9475838e+08 | Q35: =Q34*22% -> 7.7553678e+08
A36: 1 | B36: =IF(A36>OFFSET(A36,-1,0),OFFSET(B36,-1,0)&"."&1,LEFT(OFFSET(B36,-1,0),SEARCH("^^",SUBSTITUTE("."&OFFSET(B36,-1,0),".","^^",A36))-1)&1--MID(OFFSET(B36,-1,0),SEARCH("^^",SUBSTITUTE("."&OFFSET(B36,-1,0),".","^^",A36)),SEARCH("^^",SUBSTITUTE(OFFSET(B36,-1,0)&".",".","^^",A36))-SEARCH("^^",SUBSTITUTE("."&OFFSET(B36,-1,0),".","^^",A36)))) -> 5 | D36: ВСЕГО с НДС | E36: =E34+E35 -> 3.2424003e+09 | H36: =H34+H35 -> 3.051007e+08 | I36: =SUM(E36:H36) -> 3.547501e+09 | J36: =J34+J35 -> 80411528 | K36: =K34+K35 -> -12061729 | L36: =L34+L35 -> 29905307 | M36: =M34+M35 -> 3.6457561e+09 | O36: =O34+O35 -> 3.852751e+09 | Q36: =Q34+Q35 -> 4.300704e+09
B39: Разработал:
B40: =ПЗ!$A$19 -> Начальник отдела ценообразования Управления проектов Департамента развития инфраструктуры | J40: =ПЗ!$C$19 -> А.Ю. Татаринов
B42: Проверил:
B43: =ПЗ!$A$23 -> Заместитель директора департамента по ценообразованию и сметному регулированию Департамента развития инфраструктуры | J43: =ПЗ!$C$23 -> Е.А. Татаринова
B45: Согласовал:
B46: =ПЗ!$A$27 -> Директор Департамента развития инфраструктуры | J46: =ПЗ!$C$27 -> И.В. Евдокимов

Sheet Фактический индекс
A1: Индексы цен на продукцию (затраты, услуги) инвестиционного назначения с 2017 г. (процент)
E3: К предыдущему месяцу | F3: в виде К
A4: Российская Федерация | B4: СТРОИТЕЛЬСТВО | C4: 2017 | D4: январь | E4: 100.19 | F4: =E4/100 -> 1.0019
A5: Российская Федерация | B5: СТРОИТЕЛЬСТВО | C5: 2017 | D5: февраль | E5: 101.71 | F5: =E5/100 -> 1.0171
A6: Российская Федерация | B6: СТРОИТЕЛЬСТВО | C6: 2017 | D6: март | E6: 97.46 | F6: =E6/100 -> 0.9746
A7: Российская Федерация | B7: СТРОИТЕЛЬСТВО | C7: 2017 | D7: апрель | E7: 100.75 | F7: =E7/100 -> 1.0075
A8: Российская Федерация | B8: СТРОИТЕЛЬСТВО | C8: 2017 | D8: май | E8: 101.23 | F8: =E8/100 -> 1.0123
A9: Российская Федерация | B9: СТРОИТЕЛЬСТВО | C9: 2017 | D9: июнь | E9: 100.13 | F9: =E9/100 -> 1.0013
A10: Российская Федерация | B10: СТРОИТЕЛЬСТВО | C10: 2017 | D10: июль | E10: 100.84 | F10: =E10/100 -> 1.0084
A11: Российская Федерация | B11: СТРОИТЕЛЬСТВО | C11: 2017 | D11: август | E11: 100.89 | F11: =E11/100 -> 1.0089
A12: Российская Федерация | B12: СТРОИТЕЛЬСТВО | C12: 2017 | D12: сентябрь | E12: 100.08 | F12: =E12/100 -> 1.0008
A13: Российская Федерация | B13: СТРОИТЕЛЬСТВО | C13: 2017 | D13: октябрь | E13: 100.25 | F13: =E13/100 -> 1.0025
A14: Российская Федерация | B14: СТРОИТЕЛЬСТВО | C14: 2017 | D14: ноябрь | E14: 99.6 | F14: =E14/100 -> 0.996
A15: Российская Федерация | B15: СТРОИТЕЛЬСТВО | C15: 2017 | D15: декабрь | E15: 100.32 | F15: =E15/100 -> 1.0032
... A119: Российская Федерация без учета новых субъектов (с 01.01.2023) | B119: СТРОИТЕЛЬСТВО | C119: 2026 | D119: август | E119: 100.83 | F119: =E119/100 -> 1.0083
D120: сентябрь* | E120: =E119 -> 100.83 | F120: =E120/100 -> 1.0083
A121: * принят равным последнему опубликованному индексу.
A123: Индекс фактической инфляции от уровня цен в сметной документации 4 квартал 2025 года (01.01.2026) к уровню цен на дату формирования НМЦК (01.10.2026) | B123: =CONCATENATE(F112,"*",F113,"*",F114,"*",F115,"*",F116,"*",F117,"*",F118,"*",F119,"*",F120,"=") -> 1,0072*1,0008*1,017*0,9874*1,0013*1,0088*1,0167*1,0083*1,0083= | F123: =PRODUCT(F112:F120) -> 1.0569

Sheet Прогнозные индексы
A44: Расчет индексов прогнозной инфляции на период выполнения работ:
A46: 1. Разработка рабочей документации
A48: Дата формирования НМЦК | F48: 46296 | N48: 46387 | O48: конец текущего года
A49: Продолжительность выполнения работ, мес. | F49: =ROUNDUP((F51-F50)/30.5,1) -> 4.6
A50: Начало работ | F50: =График!$F$13 -> 46397 | N50: 46388 | O50: начало следующего года
A51: Окончание работ | F51: =График!$G$13 -> 46537
A52: Индекс Минэкономразвития РФ на 2026 г. (Письмо Минэкономразвития России от 30.09.2026 № 36459-ПК/Д03и) | F52: 1.12
A53: ежемесячный прогнозный индекс на 2026 год | D53: =F52 -> 1.12 | E53: ^(1/12) | F53: =F52^(1/12) -> 1.0095
A54: Индекс Минэкономразвития РФ на 2027 г. (Письмо Минэкономразвития России от 30.09.2026 № 36459-ПК/Д03и) | F54: 1.09
A55: ежемесячный прогнозный индекс на 2027 год | D55: =F54 -> 1.09 | E55: ^(1/12) | F55: =F54^(1/12) -> 1.0072
A56: Индекс прогнозной инфляции | B56: =CONCATENATE(F53,"^",ROUNDUP((N48-F48)/30.5,1),"*",F55,"^",ROUNDUP((F50-N50)/30.5,1),"*((",F55,"^",ROUNDUP((F51-F50)/30.5,1),"-1)/2+1)") -> 1,0095^3*1,0072^0,3*((1,0072^4,6-1)/2+1) | F56: =F53^ROUNDUP((N48-F48)/30.5,1)*F55^ROUNDUP((F50-N50)/30.5,1)*((F55^ROUNDUP((F51-F50)/30.5,1)-1)/2+1) -> 1.0483
A58: 2. Строительство
A60: Дата формирования НМЦК | F60: 46296 | N60: 46387 | O60: окончание первого года
A61: Начало работ | F61: =График!$F$15 -> 46508 | N61: 46752 | O61: окончание второго года
A62: Окончание работ | F62: =График!$G$18 -> 47056 | N62: 46753 | O62: начало третьего года
A63: Продолжительность выполнения работ, мес. | F63: =(F62-F61)/30.5 -> 18
A64: Доля сметной стоимости, подлежащая выполнению подрядчиком в 2027 году | F64: =(N61-F61)/30.5/F63 -> 0.44
A65: Доля сметной стоимости, подлежащая выполнению подрядчиком в 2028 году | F65: =1-F64 -> 0.56
A66: Индекс Минэкономразвития РФ на 2026 г. (Письмо Минэкономразвития России от 30.09.2026 № 36459-ПК/Д03и) | F66: 1.12
A67: ежемесячный прогнозный индекс на 2026 год | D67: =F66 -> 1.12 | E67: ^(1/12) | F67: =F66^(1/12) -> 1.0095
A68: Индекс Минэкономразвития РФ на 2027 г. (Письмо Минэкономразвития России от 30.09.2026 № 36459-ПК/Д03и) | F68: 1.09
A69: ежемесячный прогнозный индекс на 2027 год | D69: =F68 -> 1.09 | E69: ^(1/12) | F69: =F68^(1/12) -> 1.0072
A70: Индекс Минэкономразвития РФ на 2028 г. (Письмо Минэкономразвития России от 30.09.2026 № 36459-ПК/Д03и) | F70: 1.046
A71: ежемесячный прогнозный индекс на 2028 год | D71: =F70 -> 1.046 | E71: ^(1/12) | F71: =F70^(1/12) -> 1.0038
A72: К на 2027 = | B72: =CONCATENATE(F67,"^",ROUND((N60-F60)/30.5,1),"*",F69,"^",ROUND((F61-N60)/30.5,1),"*(1+",F69,"^",ROUNDUP((N61-F61)/30.5,1),")/2") -> 1,0095^3*1,0072^4*(1+1,0072^8)/2 | F72: =F67^ROUND((N60-F60)/30.5,1)*F69^ROUND((F61-N60)/30.5,1)*(1+F69^ROUNDUP((N61-F61)/30.5,1))/2 -> 1.09
A73: К на 2028 = | B73: =CONCATENATE(F67,"^",ROUND((N60-F60)/30.5,1),"*",F69,"^12*(1+",F71,"^",ROUNDUP((F62-N62)/30.5,1),")/2") -> 1,0095^3*1,0072^12*(1+1,0038^10)/2 | F73: =F67^ROUND((N60-F60)/30.5,1)*F69^12*(1+F71^ROUNDUP((F62-N62)/30.5,1))/2 -> 1.1429
A74: Индекс прогнозной инфляции | B74: =CONCATENATE(F64,"*",F72,"+",F65,"*",F73) -> 0,44*1,09+0,56*1,1429 | F74: =F64*F72+F65*F73 -> 1.1196

Sheet ССРСС
H1: Приложение № 6
H2: Утверждено приказом № 421 от 4 августа 2020 г. Минстроя РФ в редакции приказа № 557 от 7 июля 2022 г.
B4: Заказчик | C4: АО "КАВКАЗ.РФ" | I4: АО "КАВКАЗ.РФ"
C5: (наименование организации)
B6: "Утвержден" "___"______________________2026г
B8: Сводный сметный расчет сметной стоимостью 3 907 776,33 тыс. руб.
C10: (ссылка на документ об утверждении)
B12: СВОДНЫЙ СМЕТНЫЙ РАСЧЕТ СТОИМОСТИ СТРОИТЕЛЬСТВА № ССРСС-1
B16: Выполнение проектно-изыскательских работ на реконструкцию снегоудерживающих сооружений ВТРК «Эльбрус». Этап 1 | N16: Выполнение проектно-изыскательских работ на реконструкцию снегоудерживающих сооружений ВТРК «Эльбрус». Этап 1
B17: (наименование стройки)
B19: Составлен в текущем уровне цен IV квартал 2025 года | T19: Составлен в текущем уровне цен IV квартал 2025 года
A21: № п/п | B21: Обоснование | C21: Наименование глав, объектов капитального строительства, работ и затрат | D21: Сметная стоимость, тыс. руб.
D22: Строительных (ремонтно- строительных, ремонтно-реставрационных) работ | E22: монтажных работ | F22: оборудования | G22: прочих затрат | H22: всего
A24: 1 | B24: 2 | C24: 3 | D24: 4 | E24: 5 | F24: 6 | G24: 7 | H24: 8
A25: Глава 1. Подготовка территории строительства, реконструкции, капитального ремонта | AA25: Глава 1. Подготовка территории строительства, реконструкции, капитального ремонта
A26: 1 | B26: Приложение №3 к ДС от 13.09.2023 года к Договору от 14.09.2021 года | C26: Затраты на отвод земельного участка на период строительства: аренда | G26: 2.1 | H26: =SUM(D26:G26) -> 2.1
A27: 2 | B27: Соглашение об установлении срочного сервитута С-246-МХ1937 от 13.11.2025 года | C27: Затраты на отвод земельного участка на период строительства: сервитут | G27: 136.96 | H27: =SUM(D27:G27) -> 136.96
A28: 3 | B28: Смета №1 | C28: Затраты по разбивке основных осей | G28: 1883.71 | H28: =SUM(D28:G28) -> 1883.71
A29: 4 | B29: ЛСР-01-01-01 | C29: Демонтажные работы | D29: 17225.57 | H29: =SUM(D29:G29) -> 17225.57
A30: 5 | B30: ЛСР-01-02-01 | C30: Рекультивация временных дорог и разворотных площадок ведущих к территории участка реконструкции снегоудерживающих сооружений | D30: 11.62 | H30: =SUM(D30:G30) -> 11.62
B31: Итого по Главе 1. "Подготовка территории строительства, реконструкции, капитального ремонта" | D31: =SUM(D26:D30) -> 17237.19 | G31: =SUM(G26:G30) -> 2022.77 | H31: =SUM(D31:G31) -> 19259.96 | AB31: Итого по Главе 1. "Подготовка территории строительства, реконструкции, капитального ремонта"
A32: Глава 2. Основные объекты строительства, реконструкции, капитального ремонта | AA32: Глава 2. Основные объекты строительства, реконструкции, капитального ремонта
A33: 6 | B33: ЛСР-02-01-01 | C33: Инженерная защита территории. Снегоудерживающие барьеры. Этап 1. | D33: 2588356.1 | H33: =SUM(D33:G33) -> 2588356.1
B34: Итого по Главе 2. "Основные объекты строительства, реконструкции, капитального ремонта" | D34: =SUM(D33) -> 2588356.1 | H34: =SUM(D34:G34) -> 2588356.1 | AB34: Итого по Главе 2. "Основные объекты строительства, реконструкции, капитального ремонта"
A35: Глава 7. Благоустройство и озеленение территории | AA35: Глава 7. Благоустройство и озеленение территории
B36: Итого по Главам 1-7 | D36: =D31+D34 -> 2605593.3 | G36: =G31+G34 -> 2022.77 | H36: =SUM(D36:G36) -> 2607616.1 | AC36: Итого по Главам 1-7
A37: Глава 8. Временные здания и сооружения | AA37: Глава 8. Временные здания и сооружения
A38: 7 | B38: Приказ от 19.06.2020 № 332/пр прил.1 п.27, п.25 | C38: Временные здания и сооружения - Объекты производственного и сельскохозяйственного назначения в сельской местности (за исключением строительства автомобильных дорог и электрификации) - 3,1%*0,8 | D38: =D36*3.1%*0.8 -> 64618.71 | H38: =SUM(D38:G38) -> 64618.71
D39: =CONCATENATE("3,1% от ",D36,"*0,8") -> 3,1% от 2605593,31*0,8 | E39: 3,1% от 0*0,8
B40: Итого по Главе 8. "Временные здания и сооружения" | D40: =D38 -> 64618.71 | H40: =SUM(D40:G40) -> 64618.71 | AB40: Итого по Главе 8. "Временные здания и сооружения"
B41: Итого по Главам 1-8 | D41: =D36+D40 -> 2670212 | G41: =G36+G40 -> 2022.77 | H41: =SUM(D41:G41) -> 2672234.8 | AC41: Итого по Главам 1-8
A42: Глава 9. Прочие работы и затраты | AA42: Глава 9. Прочие работы и затраты
A43: 8 | B43: Приказ от 25.05.2021 № 325/пр прил.1 п.64 | C43: Производство работ в зимнее время - Прочие искусственные дорожные сооружения - 0,9% | D43: =D41*0.9% -> 24031.91 | H43: =SUM(D43:G43) -> 24031.91
D44: =CONCATENATE("0,9% от ",D41) -> 0,9% от 2670212,02 | E44: 0,9% от 0
A45: 9 | B45: СР-1 | C45: Затраты по перевозке работников к месту работы и обратно автомобильным | G45: 3867.75 | H45: =SUM(D45:G45) -> 3867.75
A46: 10 | B46: СР-2 | C46: Расходы, связанные с командировками рабочих, привлекаемых для выполнения строительства, от места, определенного в проектной документации, до территории строительства и обратно. | G46: 31355.17 | H46: =SUM(D46:G46) -> 31355.17
A47: 11 | B47: СР-3 | C47: Определение разницы в стоимости электроэнергии, получаемой от передвижных источников электроснабжения | G47: 86.77 | H47: =SUM(D47:G47) -> 86.77
A48: 12 | B48: раздел ООС Таблица 6.1.1 | C48: Расчет платы за загрязнение атмосферного воздуха на период строительства | G48: 7.45 | H48: =SUM(D48:G48) -> 7.45
A49: 13 | B49: раздел ООС Таблица 6.1.2 | C49: Расчет платы за размещение отходов на период строительства, включая демонтажные работы, в пределах лимита | G49: 0.5 | H49: =SUM(D49:G49) -> 0.5
A50: 14 | B50: раздел ООС Таблица 6.1.3 | C50: Расчет платы за проведение производственно-экологического контроля | G50: 22.75 | H50: =SUM(D50:G50) -> 22.75
A51: 15 | B51: ЛСР-09-01-01 | C51: Расчет затрат на утилизацию строительных отходов | G51: 10.05 | H51: =SUM(D51:G51) -> 10.05
A52: 16 | B52: ЛСР-09-02-01 | C52: Перевозка грузов с использованием вертолета Ми-8МТВ-1 | G52: 81118.08 | H52: =SUM(D52:G52) -> 81118.08
A53: 17 | B53: СР-4 | C53: Подготовка технического плана инженерного сооружения | G53: 832.3 | H53: =SUM(D53:G53) -> 832.3
B54: Итого по Главе 9. "Прочие работы и затраты" | D54: =SUM(D43,D45:D53) -> 24031.91 | G54: =SUM(G43,G45:G53) -> 117300.82 | H54: =SUM(D54:G54) -> 141332.73 | AB54: Итого по Главе 9. "Прочие работы и затраты"
B55: Итого по Главам 1-9 | D55: =D41+D54 -> 2694243.9 | G55: =G41+G54 -> 119323.59 | H55: =SUM(D55:G55) -> 2813567.5 | AC55: Итого по Главам 1-9
A56: Глава 10. Содержание службы заказчика. Строительный контроль | AA56: Глава 10. Содержание службы заказчика. Строительный контроль
A57: 18 | B57: СР-5 | C57: Строительный контроль 1,36% | G57: =H55*1.36% -> 38264.52 | H57: =SUM(D57:G57) -> 38264.52
G58: =CONCATENATE("1,36% от (",H55,")") -> 1,36% от (2813567,52)
B59: Итого по Главе 10. "Содержание службы заказчика. Строительный контроль" | G59: =G57 -> 38264.52 | H59: =SUM(D59:G59) -> 38264.52 | AB59: Итого по Главе 10. "Содержание службы заказчика. Строительный контроль"
A60: Глава 12. Публичный технологический и ценовой аудит, подготовка обоснования инвестиций, осуществляемых в инвестиционный проект по созданию объекта капитального строительства, в отношении которого планируется заключение контракта, предметом которого является одновременно выполнение работ по проектированию, строительству и вводу вэксплуатацию объекта капитального строительства, технологический и ценовой аудит такого обоснования инвестиций, аудит проектной документации, проектные и изыскательские работы | AA60: Глава 12. Публичный технологический и ценовой аудит, подготовка обоснования инвестиций, осуществляемых в инвестиционный проект по созданию объекта капитального строительства, в отношении которого планируется заключение контракта, предметом которого является одновременно выполнение работ по проектированию, строительству и вводу вэксплуатацию объекта капитального строительства, технологический и ценовой аудит такого обоснования инвестиций, аудит проектной документации, проектные и изыскательские работы
A61: 19 | B61: Сводная смета ПИР | C61: Проектная документация | G61: 80258.51 | H61: =SUM(D61:G61) -> 80258.51
A62: 20 | B62: Сводная смета ПИР | C62: Рабочая документация | G62: 126826.66 | H62: =SUM(D62:G62) -> 126826.66
A63: 21 | B63: Сводная смета ПИР | C63: Инженерно-изысктельские работы | G63: 65887.9 | H63: =SUM(D63:G63) -> 65887.9
A64: 22 | B64: Смета №2 | C64: Экспертиза проектной документации в части проверки достоверности определения сметной стоимости | G64: 7377.45 | H64: =SUM(D64:G64) -> 7377.45
A65: 23 | B65: Смета №3 | C65: Расчет стоимости экологической экспертизы | G65: 2213.24 | H65: =SUM(D65:G65) -> 2213.24
A66: 24 | B66: Приказ от 4.08.2020 № 421/пр п.173 | C66: Авторский надзор - 0,2% | G66: =H55*0.2% -> 5627.14 | H66: =SUM(D66:G66) -> 5627.14
G67: =CONCATENATE("0,2% от ",H55) -> 0,2% от 2813567,52
A68: 25 | B68: СР-6 | C68: Затраты на проезд специалистов автор. надзора | G68: 266.62 | H68: =SUM(D68:G68) -> 266.62
B69: Итого по Главе 12. "Публичный технологический и ценовой аудит, подготовка обоснования инвестиций, осуществляемых в инвестиционный проект по созданию объекта капитального строительства, в отношении которого планируется заключение контракта, предметом которого является одновременно выполнение работ по проектированию, строительству и вводу вэксплуатацию объекта капитального строительства, технологический и ценовой аудит такого обоснования инвестиций, аудит проектной документации, проектные и изыскательские работы" | G69: =SUM(G61:G66,G68) -> 288457.52 | H69: =SUM(D69:G69) -> 288457.52 | AB69: Итого по Главе 12. "Публичный технологический и ценовой аудит, подготовка обоснования инвестиций, осуществляемых в инвестиционный проект по созданию объекта капитального строительства, в отношении которого планируется заключение контракта, предметом которого является одновременно выполнение работ по проектированию, строительству и вводу вэксплуатацию объекта капитального строительства, технологический и ценовой аудит такого обоснования инвестиций, аудит проектной документации, проектные и изыскательские работы"
B70: Итого по Главам 1-12 | D70: =D55+D59+D69 -> 2694243.9 | G70: =G55+G59+G69 -> 446045.63 | H70: =SUM(D70:G70) -> 3140289.6 | AC70: Итого по Главам 1-12
A71: Непредвиденные затраты | AA71: Непредвиденные затраты
A72: 26 | B72: Приказ от 4.08.2020 № 421/пр п.179 | C72: Непредвиденные затраты для объектов капитального строительства непроизводственного назначения - 2% | D72: =D70*2% -> 53884.88 | G72: =G70*2% -> 8920.91 | H72: =SUM(D72:G72) -> 62805.79
D73: =CONCATENATE("2% от ",D70) -> 2% от 2694243,93 | E73: 2% от 0 | F73: 2% от 0 | G73: =CONCATENATE("2% от ",G70) -> 2% от 446045,63
B74: Итого "Непредвиденные затраты" | D74: =D72 -> 53884.88 | G74: =G72 -> 8920.91 | H74: =SUM(D74:G74) -> 62805.79 | AB74: Итого "Непредвиденные затраты"
B75: Итого с учетом "Непредвиденные затраты" | D75: =D70+D74 -> 2748128.8 | G75: =G70+G74 -> 454966.54 | H75: =SUM(D75:G75) -> 3203095.4 | AC75: Итого с учетом "Непредвиденные затраты"
A76: Налоги и обязательные платежи | AA76: Налоги и обязательные платежи
A77: 27 | B77: № 425-ФЗ от 28.11.2025 | C77: НДС - 22% | D77: =D75*22% -> 604588.34 | G77: =G75*22% -> 100092.64 | H77: =SUM(D77:G77) -> 704680.98
D78: =CONCATENATE("22% от ",D75) -> 22% от 2748128,81 | E78: 22% от 0 | F78: 22% от 0 | G78: =CONCATENATE("22% от ",G75) -> 22% от 454966,54
B79: Итого "Налоги и обязательные платежи" | D79: =D77 -> 604588.34 | G79: =G77 -> 100092.64 | H79: =SUM(D79:G79) -> 704680.98 | AB79: Итого "Налоги и обязательные платежи"
B80: Итого по сводному расчету | D80: =D75+D79 -> 3352717.1 | G80: =G75+G79 -> 555059.18 | H80: =SUM(D80:G80) -> 3907776.3 | AD80: Итого по сводному расчету
B81: в том числе:
B82: ОТ | H82: 156593.89
B83: ЭМ | H83: 783585.15
B84: ОТм | H84: 63213.08
B85: М | H85: 1371956.9
B86: Перевозка | H86: 906.8
B87: НР | H87: 202538.9
B88: СП | H88: 107926.68
B89: прочие затраты | H89: =G80 -> 555059.18
A91: Руководитель проектной организации | E91: (Б.С.Бабаханов) | AG91: (Б.С.Бабаханов)
C92: [подпись (инициалы, фамилия)]
A93: Главный инженер проекта | E93: (В.Б.Кон) | AK93: (В.Б.Кон)
C94: [подпись (инициалы, фамилия)]
A95: Начальник сметного | E95: (И.В.Ряховская) | AO95: Начальник сметного | AS95: (И.В.Ряховская)
C96: [подпись (инициалы, фамилия)]
A97: Заказчик | C97: Директор департамента развития инфраструктуры АО «Кавказ. РФ» (по доверенности №922 от 15.01.2026) | E97: (И.В.Евдокимов) | AW97: Директор департамента развития инфраструктуры АО «Кавказ. РФ» (по доверенности №922 от 15.01.2026) | AY97: (И.В.Евдокимов)
C98: [должность, подпись (инициалы, фамилия)]
C101: в том числе:
C102: Затраты Заказчика | D102: =(D26+D27+D53+D57+D61+D63+D64+D65+D66+D68)*1.02*1.22 -> 0 | E102: =(E26+E27+E53+E57+E61+E63+E64+E65+E66+E68)*1.02*1.22 -> 0 | F102: =(F26+F27+F53+F57+F61+F63+F64+F65+F66+F68)*1.02*1.22 -> 0 | G102: =(G26+G27+G53+G57+G61+G63+G64+G65+G66+G68)*1.02*1.22 -> 249958.57 | H102: =SUM(D102:G102) -> 249958.57
C103: Затраты Подрядчика | D103: =D80-D102 -> 3352717.1 | E103: =E80-E102 -> 0 | F103: =F80-F102 -> 0 | G103: =G80-G102 -> 305100.61 | H103: =SUM(D103:G103) -> 3657817.8
C104: Возврат от разборки ВЗиС 15% | D104: =-D38*15%*1.02*1.22 -> -12061.73 | H104: =SUM(D104:G104) -> -12061.73
C105: Затраты подрядчика с учетом возврата от разборки ВЗиС | D105: =D103+D104 -> 3340655.4 | E105: =E103+E104 -> 0 | F105: =F103+F104 -> 0 | G105: =G103+G104 -> 305100.61 | H105: =SUM(D105:G105) -> 3645756

Sheet Смета №10 (РД)
A1: «Адепт: Проект в 2025.12» © ООО «Адепт» | D1: форма №2П, 707/пр от 09.12.2025г к Договору от 29.11.2024 г.
A3: Смета №10
A4: на проектные (изыскательские) работы
A6: Рабочая документация
A8: Заказчик | D8: АО "КАВКАЗ.РФ" 1 этап
A10: Проектная организация
A12: Составлена в уровне цен на IV кв. 2025 г.
A14: № пп | B14: Наименование объекта проектирования или вида проектных работ | D14: Наименование, номера глав, таблиц, параграфов и пунктов НЗ на проектные работы | H14: Расчет стоимости | I14: Сметная стоимость, руб.
A15: 1 | B15: 2 | D15: 3 | H15: 4 | I15: 5
A16: 1 | B16: Устройство противоэрозионной защиты, уположение и поверхностное закрепление склонов (откосов). Анкеров и металлической сетки. Площадь от 30 до 50 тыс. кв.м. включительно. (Демонтаж сооружений лавинного очага №4 - 125 250 м2) | D16: НЗ №912/пр Инженерная защита территорий, зданий и сооружений от опасных геологических процессов. 2023 г. Таблица 3.1. Противооползневые сооружения и мероприятия, п.1.3 A=6199.5 тыс.руб; B=149.31 тыс.руб; Xмакс=50; Осн. показ. Х=125.25 (тыс. кв.м.) Количество = 1 | H16: (A + B * (0.4 * Xмакс + 0.6 * Xзад)) * Количество * Кст * Ктек * K1 * K2 (6199500 руб + 149310 руб * (0.4 * 50 + 0.6 * 125.25)) * 1 * 0.6 * 1.49 * 1.04 * 0.35 * 1.3 | I16: =ROUND((6199500 + 149310 * (0.4 * 50 + 0.6 * 125.25)) * 1 * 0.6 * 1.49 * 1.04 * 0.35 * 1.3,2) -> 8632717.2
D17: Коэффициенты
D18: Стадия: Рабочая документация Кст = 0.6
D19: Ктек = 1.49 инд.4кв.2025г.к 01.01.2022 на пр.раб. Письмо Минстроя России от 20.10.2025 №62725-ИФ/09
D20: K1 = 1.04 Выполнение по поручению застройщика (технического заказчика) работ по ОВОС в составе П, когда вышеуказанные работы не выполнялись в составе подготовки предпроектной документации - до 4 % от стоимости П+Р или по пункту 143 Методики Методика, 707/пр. Приложение 4, табл.4.1, п.10 (Ценообразующий)
D21: K2 = 0.35 Стоимость проектных работ по демонтажу линейных объектов определяется с применением корректирующего коэффициента к параметрам цены проектных работ Глава 2, п.16 (Ценообразующий)
D22: K3 = 1.30 (РПД 1-2, 2.1-2, 3) Коэффициент, учитывающий сейсмичность: 9 баллов и более. Коэффициент применяется к стоимости проектирования следующих разделов П+Р: ПЗУ (ППО в части вертикальной планировки и организации рельефа, транспорта); в полном объеме АР и КР (ТКР, ИЛО); в части монтажных элементов ИОС; доля СМ на выполняемый объем Методика, 707/пр. Приложение 5, табл.5.1, п.2.3 Усложняющий
D24: Разделы документации
D25: 1. Про пол отв. Схе пла орг зем уча для пло объ 11% * (1 + 0.30)
D26: 2. Тех и кон реш
D27: 2.1. Кон реш 22% * (1 + 0.30) [из 102.7%]
D28: 2.2. Тех реш 57% * (1 + 0.30) [из 102.7%]
D29: 3. Сме на стр, рек, кап рем объ кап стр 10% * (1 + 0.30)
A30: 2 | B30: Устройство противоэрозионной защиты, уположение и поверхностное закрепление склонов (откосов). Анкеров и металлической сетки. Площадь от 30 до 50 тыс. кв.м. включительно. (Демонтаж сооружений лавинного очага №5 - 129 100 м2) | D30: НЗ №912/пр Инженерная защита территорий, зданий и сооружений от опасных геологических процессов. 2023 г. Таблица 3.1. Противооползневые сооружения и мероприятия, п.1.3 A=6199.5 тыс.руб; B=149.31 тыс.руб; Xмакс=50; Осн. показ. Х=129.1 (тыс. кв.м.) Количество = 1 | H30: (A + B * (0.4 * Xмакс + 0.6 * Xзад)) * Количество * Кст * Ктек * K1 * K2 (6199500 руб + 149310 руб * (0.4 * 50 + 0.6 * 129.1)) * 1 * 0.6 * 1.49 * 1.04 * 0.35 * 1.3 | I30: =ROUND((6199500 + 149310 * (0.4 * 50 + 0.6 * 129.1)) * 1 * 0.6 * 1.49 * 1.04 * 0.35 * 1.3,2) -> 8778626.5
D31: Коэффициенты
D32: Стадия: Рабочая документация Кст = 0.6
D33: Ктек = 1.49 инд.4кв.2025г.к 01.01.2022 на пр.раб. Письмо Минстроя России от 20.10.2025 №62725-ИФ/09
D34: K1 = 1.04 Выполнение по поручению застройщика (технического заказчика) работ по ОВОС в составе П, когда вышеуказанные работы не выполнялись в составе подготовки предпроектной документации - до 4 % от стоимости П+Р или по пункту 143 Методики Методика, 707/пр. Приложение 4, табл.4.1, п.10 (Ценообразующий)
D35: K2 = 0.35 Стоимость проектных работ по демонтажу линейных объектов определяется с применением корректирующего коэффициента к параметрам цены проектных работ Глава 2, п.16 (Ценообразующий)
D36: K3 = 1.30 (РПД 1-2, 2.1-2, 3) Коэффициент, учитывающий сейсмичность: 9 баллов и более. Коэффициент применяется к стоимости проектирования следующих разделов П+Р: ПЗУ (ППО в части вертикальной планировки и организации рельефа, транспорта); в полном объеме АР и КР (ТКР, ИЛО); в части монтажных элементов ИОС; доля СМ на выполняемый объем Методика, 707/пр. Приложение 5, табл.5.1, п.2.3 Усложняющий
D38: Разделы документации
D39: 1. Про пол отв. Схе пла орг зем уча для пло объ 11% * (1 + 0.30)
D40: 2. Тех и кон реш
D41: 2.1. Кон реш 22% * (1 + 0.30) [из 102.7%]
D42: 2.2. Тех реш 57% * (1 + 0.30) [из 102.7%]
D43: 3. Сме на стр, рек, кап рем объ кап стр 10% * (1 + 0.30)
A44: 3 | B44: Устройство противоэрозионной защиты, уположение и поверхностное закрепление склонов (откосов). Анкеров и металлической сетки. Площадь от 2 до 6 тыс. кв.м. включительно. (Демонтаж сооружений лавинных очагов №2а, №26 - 3 200 м2) | D44: НЗ №912/пр Инженерная защита территорий, зданий и сооружений от опасных геологических процессов. 2023 г. Таблица 3.1. Противооползневые сооружения и мероприятия, п.1.3 A=1681.8 тыс.руб; B=334.48 тыс.руб; Осн. показ. Х=3.2 (тыс. кв.м.) Количество = 1 | H44: (A + B * Xзад) * Количество * Кст * Ктек * K1 * K2 (1681800 руб + 334480 руб * 3.2) * 1 * 0.6 * 1.49 * 1.04 * 0.35 * 1.3 | I44: =ROUND((1681800 + 334480 * 3.2) * 1 * 0.6 * 1.49 * 1.04 * 0.35 * 1.3,2) -> 1164265.8
D45: Коэффициенты
D46: Стадия: Рабочая документация Кст = 0.6
D47: Ктек = 1.49 инд.4кв.2025г.к 01.01.2022 на пр.раб. Письмо Минстроя России от 20.10.2025 №62725-ИФ/09
D48: K1 = 1.04 Выполнение по поручению застройщика (технического заказчика) работ по ОВОС в составе П, когда вышеуказанные работы не выполнялись в составе подготовки предпроектной документации - до 4 % от стоимости П+Р или по пункту 143 Методики Методика, 707/пр. Приложение 4, табл.4.1, п.10 (Ценообразующий)
D49: K2 = 0.35 Стоимость проектных работ по демонтажу линейных объектов определяется с применением корректирующего коэффициента к параметрам цены проектных работ Глава 2, п.16 (Ценообразующий)
D50: K3 = 1.30 (РПД 1-2, 2.1-2, 3) Коэффициент, учитывающий сейсмичность: 9 баллов и более. Коэффициент применяется к стоимости проектирования следующих разделов П+Р: ПЗУ (ППО в части вертикальной планировки и организации рельефа, транспорта); в полном объеме АР и КР (ТКР, ИЛО); в части монтажных элементов ИОС; доля СМ на выполняемый объем Методика, 707/пр. Приложение 5, табл.5.1, п.2.3 Усложняющий
D52: Разделы документации
D53: 1. Про пол отв. Схе пла орг зем уча для пло объ 11% * (1 + 0.30)
D54: 2. Тех и кон реш
D55: 2.1. Кон реш 22% * (1 + 0.30) [из 102.7%]
D56: 2.2. Тех реш 57% * (1 + 0.30) [из 102.7%]
D57: 3. Сме на стр, рек, кап рем объ кап стр 10% * (1 + 0.30)
A58: 4 | B58: Устройство противоэрозионной защиты, уположение и поверхностное закрепление склонов (откосов). Анкеров и металлической сетки. Площадь от 6 до 15 тыс. кв.м. включительно. Участок I_4 | D58: НЗ №912/пр Инженерная защита территорий, зданий и сооружений от опасных геологических процессов. 2023 г. Таблица 3.1. Противооползневые сооружения и мероприятия, п.1.3 A=1689 тыс.руб; B=333.28 тыс.руб; Осн. показ. Х=6.28 (тыс. кв.м.) Количество = 1 | H58: (A + B * Xзад) * Количество * Кст * Ктек * K1 (1689000 руб + 333280 руб * 6.28) * 1 * 0.6 * 1.49 * 1.04 * 1.3 | I58: =ROUND((1689000 + 333280 * 6.28) * 1 * 0.6 * 1.49 * 1.04 * 1.3,2) -> 4571256.1
D59: Коэффициенты
D60: Стадия: Рабочая документация Кст = 0.6
D61: Ктек = 1.49 инд.4кв.2025г.к 01.01.2022 на пр.раб. Письмо Минстроя России от 20.10.2025 №62725-ИФ/09
D62: K1 = 1.04 Выполнение по поручению застройщика (технического заказчика) работ по ОВОС в составе П, когда вышеуказанные работы не выполнялись в составе подготовки предпроектной документации - до 4 % от стоимости П+Р или по пункту 143 Методики Методика, 707/пр. Приложение 4, табл.4.1, п.10 (Ценообразующий)
D63: K2 = 1.30 (РПД 1-2, 2.1-2, 3) Коэффициент, учитывающий сейсмичность: 9 баллов и более. Коэффициент применяется к стоимости проектирования следующих разделов П+Р: ПЗУ (ППО в части вертикальной планировки и организации рельефа, транспорта); в полном объеме АР и КР (ТКР, ИЛО); в части монтажных элементов ИОС; доля СМ на выполняемый объем Методика, 707/пр. Приложение 5, табл.5.1, п.2.3 Усложняющий
D65: Разделы документации
D66: 1. Про пол отв. Схе пла орг зем уча для пло объ 11% * (1 + 0.30)
D67: 2. Тех и кон реш
D68: 2.1. Кон реш 22% * (1 + 0.30) [из 102.7%]
D69: 2.2. Тех реш 57% * (1 + 0.30) [из 102.7%]
D70: 3. Сме на стр, рек, кап рем объ кап стр 10% * (1 + 0.30)
A71: 5 | B71: Устройство противоэрозионной защиты, уположение и поверхностное закрепление склонов (откосов). Анкеров и металлической сетки. Площадь от 2 до 6 тыс. кв.м. включительно. Участок I_5 | D71: НЗ №912/пр Инженерная защита территорий, зданий и сооружений от опасных геологических процессов. 2023 г. Таблица 3.1. Противооползневые сооружения и мероприятия, п.1.3 A=1681.8 тыс.руб; B=334.48 тыс.руб; Xмин=2; Осн. показ. Х=1.723 (тыс. кв.м.) Количество = 1 | H71: (A + B * (0.4 * Xмин + 0.6 * Xзад)) * Количество * Кст * Ктек * K1 (1681800 руб + 334480 руб * (0.4 * 2 + 0.6 * 1.723)) * 1 * 0.6 * 1.49 * 1.04 * 1.3 | I71: =ROUND((1681800 + 334480 * (0.4 * 2 + 0.6 * 1.723)) * 1 * 0.6 * 1.49 * 1.04 * 1.3,2) -> 2774143.7
D72: Коэффициенты
D73: Стадия: Рабочая документация Кст = 0.6
D74: Ктек = 1.49 инд.4кв.2025г.к 01.01.2022 на пр.раб. Письмо Минстроя России от 20.10.2025 №62725-ИФ/09
D75: K1 = 1.04 Выполнение по поручению застройщика (технического заказчика) работ по ОВОС в составе П, когда вышеуказанные работы не выполнялись в составе подготовки предпроектной документации - до 4 % от стоимости П+Р или по пункту 143 Методики Методика, 707/пр. Приложение 4, табл.4.1, п.10 (Ценообразующий)
D76: K2 = 1.30 (РПД 1-2, 2.1-2, 3) Коэффициент, учитывающий сейсмичность: 9 баллов и более. Коэффициент применяется к стоимости проектирования следующих разделов П+Р: ПЗУ (ППО в части вертикальной планировки и организации рельефа, транспорта); в полном объеме АР и КР (ТКР, ИЛО); в части монтажных элементов ИОС; доля СМ на выполняемый объем Методика, 707/пр. Приложение 5, табл.5.1, п.2.3 Усложняющий
D78: Разделы документации
D79: 1. Про пол отв. Схе пла орг зем уча для пло объ 11% * (1 + 0.30)
D80: 2. Тех и кон реш
D81: 2.1. Кон реш 22% * (1 + 0.30) [из 102.7%]
D82: 2.2. Тех реш 57% * (1 + 0.30) [из 102.7%]
D83: 3. Сме на стр, рек, кап рем объ кап стр 10% * (1 + 0.30)
A84: 6 | B84: Устройство противоэрозионной защиты, уположение и поверхностное закрепление склонов (откосов). Анкеров и металлической сетки. Площадь от 2 до 6 тыс. кв.м. включительно. Участок I_6 | D84: НЗ №912/пр Инженерная защита территорий, зданий и сооружений от опасных геологических процессов. 2023 г. Таблица 3.1. Противооползневые сооружения и мероприятия, п.1.3 A=1681.8 тыс.руб; B=334.48 тыс.руб; Осн. показ. Х=5.185 (тыс. кв.м.) Количество = 1 | H84: (A + B * Xзад) * Количество * Кст * Ктек * K1 (1681800 руб + 334480 руб * 5.185) * 1 * 0.6 * 1.49 * 1.04 * 1.3 | I84: =ROUND((1681800 + 334480 * 5.185) * 1 * 0.6 * 1.49 * 1.04 * 1.3,2) -> 4128973.5
D85: Коэффициенты
D86: Стадия: Рабочая документация Кст = 0.6
D87: Ктек = 1.49 инд.4кв.2025г.к 01.01.2022 на пр.раб. Письмо Минстроя России от 20.10.2025 №62725-ИФ/09
D88: K1 = 1.04 Выполнение по поручению застройщика (технического заказчика) работ по ОВОС в составе П, когда вышеуказанные работы не выполнялись в составе подготовки предпроектной документации - до 4 % от стоимости П+Р или по пункту 143 Методики Методика, 707/пр. Приложение 4, табл.4.1, п.10 (Ценообразующий)
D89: K2 = 1.30 (РПД 1-2, 2.1-2, 3) Коэффициент, учитывающий сейсмичность: 9 баллов и более. Коэффициент применяется к стоимости проектирования следующих разделов П+Р: ПЗУ (ППО в части вертикальной планировки и организации рельефа, транспорта); в полном объеме АР и КР (ТКР, ИЛО); в части монтажных элементов ИОС; доля СМ на выполняемый объем Методика, 707/пр. Приложение 5, табл.5.1, п.2.3 Усложняющий
D91: Разделы документации
D92: 1. Про пол отв. Схе пла орг зем уча для пло объ 11% * (1 + 0.30)
D93: 2. Тех и кон реш
D94: 2.1. Кон реш 22% * (1 + 0.30) [из 102.7%]
D95: 2.2. Тех реш 57% * (1 + 0.30) [из 102.7%]
D96: 3. Сме на стр, рек, кап рем объ кап стр 10% * (1 + 0.30)
A97: 7 | B97: Устройство противоэрозионной защиты, уположение и поверхностное закрепление склонов (откосов). Анкеров и металлической сетки. Площадь от 30 до 50 тыс. кв.м. включительно. Участок I_7 | D97: НЗ №912/пр Инженерная защита территорий, зданий и сооружений от опасных геологических процессов. 2023 г. Таблица 3.1. Противооползневые сооружения и мероприятия, п.1.3 A=6199.5 тыс.руб; B=149.31 тыс.руб; Xмакс=50; Осн. показ. Х=106.995 (тыс. кв.м.) Количество = 1 | H97: (A + B * (0.4 * Xмакс + 0.6 * Xзад)) * Количество * Кст * Ктек * K1 (6199500 руб + 149310 руб * (0.4 * 50 + 0.6 * 106.995)) * 1 * 0.6 * 1.49 * 1.04 * 1.3 | I97: =ROUND((6199500 + 149310 * (0.4 * 50 + 0.6 * 106.995)) * 1 * 0.6 * 1.49 * 1.04 * 1.3,2) -> 22688227
D98: Коэффициенты
D99: Стадия: Рабочая документация Кст = 0.6
D100: Ктек = 1.49 инд.4кв.2025г.к 01.01.2022 на пр.раб. Письмо Минстроя России от 20.10.2025 №62725-ИФ/09
D101: K1 = 1.04 Выполнение по поручению застройщика (технического заказчика) работ по ОВОС в составе П, когда вышеуказанные работы не выполнялись в составе подготовки предпроектной документации - до 4 % от стоимости П+Р или по пункту 143 Методики Методика, 707/пр. Приложение 4, табл.4.1, п.10 (Ценообразующий)
D102: K2 = 1.30 (РПД 1-2, 2.1-2, 3) Коэффициент, учитывающий сейсмичность: 9 баллов и более. Коэффициент применяется к стоимости проектирования следующих разделов П+Р: ПЗУ (ППО в части вертикальной планировки и организации рельефа, транспорта); в полном объеме АР и КР (ТКР, ИЛО); в части монтажных элементов ИОС; доля СМ на выполняемый объем Методика, 707/пр. Приложение 5, табл.5.1, п.2.3 Усложняющий
D104: Разделы документации
D105: 1. Про пол отв. Схе пла орг зем уча для пло объ 11% * (1 + 0.30)
D106: 2. Тех и кон реш
D107: 2.1. Кон реш 22% * (1 + 0.30) [из 102.7%]
D108: 2.2. Тех реш 57% * (1 + 0.30) [из 102.7%]
D109: 3. Сме на стр, рек, кап рем объ кап стр 10% * (1 + 0.30)
A110: 8 | B110: Устройство противоэрозионной защиты, уположение и поверхностное закрепление склонов (откосов). Анкеров и металлической сетки. Площадь от 30 до 50 тыс. кв.м. включительно. Участок I_45 | D110: НЗ №912/пр Инженерная защита территорий, зданий и сооружений от опасных геологических процессов. 2023 г. Таблица 3.1. Противооползневые сооружения и мероприятия, п.1.3 A=6199.5 тыс.руб; B=149.31 тыс.руб; Xмакс=50; Осн. показ. Х=109 (тыс. кв.м.) Количество = 1 | H110: (A + B * (0.4 * Xмакс + 0.6 * Xзад)) * Количество * Кст * Ктек * K1 (6199500 руб + 149310 руб * (0.4 * 50 + 0.6 * 109)) * 1 * 0.6 * 1.49 * 1.04 * 1.3 | I110: =ROUND((6199500 + 149310 * (0.4 * 50 + 0.6 * 109)) * 1 * 0.6 * 1.49 * 1.04 * 1.3,2) -> 22905331
D111: Коэффициенты
D112: Стадия: Рабочая документация Кст = 0.6
D113: Ктек = 1.49 инд.4кв.2025г.к 01.01.2022 на пр.раб. Письмо Минстроя России от 20.10.2025 №62725-ИФ/09
...

Sheet Смета №1 ГРО
A1: «Адепт: Проект в 2025.10» © ООО «Адепт» | C1: форма №2П
B4: Смета №1
B5: на изыскательские работы
A7: по объекту: | D7: Реконструкция снегоудерживающих сооружений ВТРК «Эльбрус»
A9: Наименование объекта изысканий: | D9: Создание геодезической разбивочной основы (ГРО)
A11: Заказчик: | D11: АО «КАВКАЗ.РФ»
A13: Подрядчик: | D13: АО «Стройинжениринг»
A17: Сметный расчет составлен в ценах IV кв. 2025 г.
A18: № пп | B18: Наименование работ и затрат | C18: Ед. Изм | D18: Кол- во. | E18: Обоснование стоимости | F18: Расчет стоимости | G18: Стоимость, руб.
A19: 1 | B19: 2 | C19: 3 | D19: 4 | E19: 5 | F19: 6 | G19: 7
A20: 1 | B20: Раздел | E20: Полевые работы
A21: Строительство снегоудерживающих барьеров Dk=3000 м
A22: 1.1 | B22: Закрепление основных осей: сети инженерно-технического обеспечения.Категория сложности III | C22: 1 км | D22: 13.012 | E22: СБЦи5.1_0-3-16-4-3 Инженерно-геодезические изыскания при строительстве и эксплуатации зданий и сооружений. 2006 г. Часть 2. Базовые цены на геодезические разбивочные работы Глава 3. Создание плановой геодезической разбивочной основы и вынос в натуру основных осей зданий и сооружений Таблица 16. Восстановление и закрепление на местности участков трасс линейных сооружений для строительства железных и автомобильных дорог, магистральных трубопроводов, каналов, коллекторов, линий электропередачи и связи и др. п.4 A=3458 руб; Количество = 13.012 (1 км) | F22: Полный комплекс работ (100%): A * Количество * Ктек * K1 * K2 3458 руб * 13.012 * 1 * 1.25 * 1.2 | G22: =ROUND(3458 * 13.012 * 1 * 1.25 * 1.2,0) -> 67493
E23: Коэффициенты
E24: Стадия: Изыскания
E25: Ктек = 1 Коэфф.перехода в тек.цены
E26: K1 = 1.25 Выполнение изысканий в горных и высокогорных районах. Горный и высокогорный район с абсолютными высотами поверхности участка над уровнем моря св 3000 м СБЦ Инженерно-геодезические изыскания при строит-ве и эксплуатации зданий и сооружений. 2006 г, ОУ п. 8а табл. 1 п.4 (Ценообразующий)
E27: K2 = 1.2 Стоимость восстановления и закрепления трасс длиной до 5 км определяется с применением коэффициента 1,2 Часть II, Глава 3, Прим.1 к табл.16 (Ценообразующий)
E28: Разделы документации
E29: 1. Пол ком раб 100%
A30: 1.2 | B30: Рабочие пункты: металлические трубки (штыри), дюбель-гвоздь и др.Категория сложности III | C30: 1 знак | D30: 598 | E30: СБЦи5.1_0-3-10-6-3 Инженерно-геодезические изыскания при строительстве и эксплуатации зданий и сооружений. 2006 г. Часть 2. Базовые цены на геодезические разбивочные работы Глава 3. Создание плановой геодезической разбивочной основы и вынос в натуру основных осей зданий и сооружений Таблица 10. Закладка центров геодезических знаков п.6 A=54 руб; Количество = 598 (1 знак) | F30: Полный комплекс работ (100%): A * Количество * Ктек * K1 * (1 + дроб.ч. K2) 54 руб * 598 * 1 * 1.25 * (1 + 0.2) | G30: =ROUND(54 * 598 * 1 * 1.25 * (1 + 0.2),0) -> 48438
E31: Коэффициенты
E32: Стадия: Изыскания
E33: Ктек = 1 Коэфф.перехода в тек.цены
E34: K1 = 1.25 Выполнение изысканий в горных и высокогорных районах. Горный и высокогорный район с абсолютными высотами поверхности участка над уровнем моря св 3000 м СБЦ Инженерно-геодезические изыскания при строит-ве и эксплуатации зданий и сооружений. 2006 г, ОУ п. 8а табл. 1 п.4 (Ценообразующий)
E35: K2 = 1.2 Цены на изготовление и установку геодезических знаков даны для условий местности I категории сложности. Стоимость закладки этих знаков на местности III категории сложности определяется по соответствующим ценам с применением коэффициента 1,2. Часть I, Глава 1, п.4 (Усложняющий)
E36: Разделы документации
E37: 1. Пол ком раб 100%
A38: Строительство снегоудерживающих барьеров Dk=2500 м
A39: 1.3 | B39: Закрепление основных осей: сети инженерно-технического обеспечения.Категория сложности III | C39: 1 км | D39: 6.356 | E39: СБЦи5.1_0-3-16-4-3 Инженерно-геодезические изыскания при строительстве и эксплуатации зданий и сооружений. 2006 г. Часть 2. Базовые цены на геодезические разбивочные работы Глава 3. Создание плановой геодезической разбивочной основы и вынос в натуру основных осей зданий и сооружений Таблица 16. Восстановление и закрепление на местности участков трасс линейных сооружений для строительства железных и автомобильных дорог, магистральных трубопроводов, каналов, коллекторов, линий электропередачи и связи и др. п.4 A=3458 руб; Количество = 6.356 (1 км) | F39: Полный комплекс работ (100%): A * Количество * Ктек * K1 * K2 3458 руб * 6.356 * 1 * 1.2 * 1.2 | G39: =ROUND(3458 * 6.356 * 1 * 1.2 * 1.2,0) -> 31650
E40: Коэффициенты
E41: Стадия: Изыскания
E42: Ктек = 1 Коэфф.перехода в тек.цены
E43: K1 = 1.2 Выполнение изысканий в горных и высокогорных районах. Горный и высокогорный район с абсолютными высотами поверхности участка над уровнем моря св 2000 м до 3000 м СБЦ Инженерно-геодезические изыскания при строит-ве и эксплуатации зданий и сооружений. 2006 г, ОУ п. 8а табл. 1 п.3 (Ценообразующий)
E44: K2 = 1.2 Стоимость восстановления и закрепления трасс длиной до 5 км определяется с применением коэффициента 1,2 Часть II, Глава 3, Прим.1 к табл.16 (Ценообразующий)
E45: Разделы документации
E46: 1. Пол ком раб 100%
A47: 1.4 | B47: Рабочие пункты: металлические трубки (штыри), дюбель-гвоздь и др.Категория сложности III | C47: 1 знак | D47: 336 | E47: СБЦи5.1_0-3-10-6-3 Инженерно-геодезические изыскания при строительстве и эксплуатации зданий и сооружений. 2006 г. Часть 2. Базовые цены на геодезические разбивочные работы Глава 3. Создание плановой геодезической разбивочной основы и вынос в натуру основных осей зданий и сооружений Таблица 10. Закладка центров геодезических знаков п.6 A=54 руб; Количество = 336 (1 знак) | F47: Полный комплекс работ (100%): A * Количество * Ктек * K1 * (1 + дроб.ч. K2) 54 руб * 336 * 1 * 1.2 * (1 + 0.2) | G47: =ROUND(54 * 336 * 1 * 1.2 * (1 + 0.2),0) -> 26127
E48: Коэффициенты
E49: Стадия: Изыскания
E50: Ктек = 1 Коэфф.перехода в тек.цены
E51: K1 = 1.2 Выполнение изысканий в горных и высокогорных районах. Горный и высокогорный район с абсолютными высотами поверхности участка над уровнем моря св 2000 м до 3000 м СБЦ Инженерно-геодезические изыскания при строит-ве и эксплуатации зданий и сооружений. 2006 г, ОУ п. 8а табл. 1 п.3 (Ценообразующий)
E52: K2 = 1.2 Цены на изготовление и установку геодезических знаков даны для условий местности I категории сложности. Стоимость закладки этих знаков на местности III категории сложности определяется по соответствующим ценам с применением коэффициента 1,2. Часть I, Глава 1, п.4 (Усложняющий)
E53: Разделы документации
E54: 1. Пол ком раб 100%
A55: 1.5 | B55: Итого Полевые работы: | G55: =ROUND((SUM($G$22:$G$47)),0) -> 173708
A56: 1.6 | B56: Всего Полевые работы: | G56: =ROUND(($G$55),0) -> 173708
A57: 2 | B57: Раздел | E57: Камеральные работы
A58: 2.1 | B58: Составление технического отчета (пояснительной записки) по результатам инженерно-геодезических работ. Стоимость полевых и камеральных работ св. 100 до 250 тыс.руб. | C58: - | D58: 1 | E58: СБЦи5.1_0-14-68-2 Инженерно-геодезические изыскания при строительстве и эксплуатации зданий и сооружений. 2006 г. Таблица 68. Составление технического отчета (пояснительной записки) по результатам инженерно-геодезических работ. п.2 Количество = 1 | F58: п.1.6 - 100000 руб) * 3.6 / 100 + 6600 руб Сумма * Количество 9253 руб * 1 | G58: =ROUND(9253 * 1,0) -> 9253
E59: Коэффициенты
E60: Стадия: Изыскания
E61: Ктек = Коэфф.перехода в тек.цены
A62: 2.2 | B62: Итого Камеральные работы: | G62: =ROUND(($G$58),0) -> 9253
A63: 2.3 | B63: Всего Камеральные работы: | G63: =ROUND(($G$62),0) -> 9253
A64: 3 | B64: Раздел | E64: Прочие расходы
A65: 3.1 | B65: Расходы по внутреннему транспорту. Расстояние от базы до участка изысканий св. 15 до 20 км Сметная стоимость полевых изыск.работ до 75 тыс.руб | E65: О.у. п.9 табл 4 | F65: 16.25% от п.1.6 | G65: =ROUND(173708 * 16.25 / 100 * 1,0) -> 28228
A66: 3.2 | B66: Расходы по внешнему транспорту. Расстояние проезда и перевозки в одном направлении св. 300 до 500 км Продолжительность экспедиции до 1 мес | E66: О.у. п.10 табл 5 | F66: 25.2% от п.1.6, 3.1 | G66: =ROUND(201936 * 25.2 / 100 * 1,0) -> 50888
A67: 3.3 | B67: Расходы по организации и ликвидации работ | E67: О.у. п.13 | F67: 6% от п.1.6, 3.1 | G67: =ROUND(201936 * 1 * 1 * 6 / 100 * 1,0) -> 12116
A68: 3.4 | B68: Всего Прочие расходы: | G68: =ROUND((SUM($G$65:$G$67)),0) -> 91232
A69: 4 | B69: Итого по смете: | G69: =ROUND(($G$56 + $G$63 + $G$68),0) -> 274193
A70: 5 | B70: Индекс на IV квартал 2025 года на изыскательские работы к уровню цен на 01.01.2001 | E70: Письмо Минстроя России от 20.10.2025 №62725-ИФ/09 | F70: Коэф - т 6.87 от п.4 | G70: =ROUND(($G$69) * 6.87 * 1,0) -> 1883706
A71: 6 | B71: Всего по смете: | G71: =ROUND(($G$70),0) -> 1883706
A75: Всего по смете (руб.): | C75: 1 883 706 (Один миллион восемьсот восемьдесят три тысячи семьсот шесть рублей, 00 копеек)

Sheet ЛСР-01-01-01
P1: Приложение № 3
P2: Утверждено приказом Минстроя РФ № 421/пр от 4 августа 2020 г. в редакции приказа № 557/пр от 7 июля 2022 г.
A4: Наименование программного продукта | G4: ГРАНД-Смета, версия 2026.2
A5: Наименование редакции сметных нормативов | G5: Приказ Минстроя России от 30.12.2021 № 1046/пр; Приказ Минстроя России от 04.08.2020 № 421/пр; Приказ Минстроя России от 21.12.2020 № 812/пр; Приказ Минстроя России от 11.12.2020 № 774/пр; Приказ Минстроя России от 02.08.2023 № 551/пр; Приказ Минстроя России от 14.11.2023 № 817/пр; Приказ Минстроя России от 16.02.2024 № 102/пр; Приказ Минстроя России от 13.05.2024 №323/пр; Приказ Минстроя России от 09.08.2024 №524/пр; Приказ Минстроя России от 07.11.2024 №747/пр; Приказ Минстроя России от 23.01.2025 №30/пр; Приказ Минстроя России от 07.02.2025 №69/пр; Приказ Минстроя России от 19.05.2025 №299/пр; Приказ Минстроя России от 14.08.2025 №490/пр; Приказ Минстроя России от 12.11.2025 №696/пр | AB5: Наименование редакции сметных нормативов | AH5: Приказ Минстроя России от 30.12.2021 № 1046/пр; Приказ Минстроя России от 04.08.2020 № 421/пр; Приказ Минстроя России от 21.12.2020 № 812/пр; Приказ Минстроя России от 11.12.2020 № 774/пр; Приказ Минстроя России от 02.08.2023 № 551/пр; Приказ Минстроя России от 14.11.2023 № 817/пр; Приказ Минстроя России от 16.02.2024 № 102/пр; Приказ Минстроя России от 13.05.2024 №323/пр; Приказ Минстроя России от 09.08.2024 №524/пр; Приказ Минстроя России от 07.11.2024 №747/пр; Приказ Минстроя России от 23.01.2025 №30/пр; Приказ Минстроя России от 07.02.2025 №69/пр; Приказ Минстроя России от 19.05.2025 №299/пр; Приказ Минстроя России от 14.08.2025 №490/пр; Приказ Минстроя России от 12.11.2025 №696/пр
A6: Реквизиты приказа Минстроя России об утверждении дополнений и изменений к сметным нормативам | G6: Приказ Минстроя России от 18 мая 2022 г. № 378/пр, Приказ Минстроя России от 26 августа 2022 г. № 703/пр, Приказ Минстроя России от 26 октября 2022 г. № 905/пр, Приказ Минстроя России от 27 декабря 2022 г. № 1133/пр, Приказ Минстроя России от 10 февраля 2023 г. № 84/пр, Приказ Минстроя России от 11.05.2023 №335/пр; Приказ Минстроя России от 07.07.2022 № 557/пр; Приказ Минстроя России от 02.09.2021 № 636/пр, Приказ Минстроя России от 26.07.2022 № 611/пр; Приказ Минстроя России от 22.04.2022 № 317/пр; Приказ Минстроя России от 02.08.2023 № 551/пр; Приказ Минстроя России от 14.11.2023 № 817/пр; Приказ Минстроя России от 30.01.2024 № 55/пр; Приказ Минстроя России от 16.02.2024 № 102/пр; Приказ Минстроя России от 13.05.2024 №323/пр; Приказ Минстроя России от 09.08.2024 №524/пр; Приказ Минстроя России от 07.11.2024 №747/пр; Приказ Минстроя России от 23.01.2025 №30/пр; Приказ Минстроя России от 07.02.2025 №69/пр; Приказ Минстроя России от 19.05.2025 №299/пр; Приказ Минстроя России от 14.08.2025 №490/пр; Приказ Минстроя России от 12.11.2025 №696/пр | AR6: Реквизиты приказа Минстроя России об утверждении дополнений и изменений к сметным нормативам | AX6: Приказ Минстроя России от 18 мая 2022 г. № 378/пр, Приказ Минстроя России от 26 августа 2022 г. № 703/пр, Приказ Минстроя России от 26 октября 2022 г. № 905/пр, Приказ Минстроя России от 27 декабря 2022 г. № 1133/пр, Приказ Минстроя России от 10 февраля 2023 г. № 84/пр, Приказ Минстроя России от 11.05.2023 №335/пр; Приказ Минстроя России от 07.07.2022 № 557/пр; Приказ Минстроя России от 02.09.2021 № 636/пр, Приказ Минстроя России от 26.07.2022 № 611/пр; Приказ Минстроя России от 22.04.2022 № 317/пр; Приказ Минстроя России от 02.08.2023 № 551/пр; Приказ Минстроя России от 14.11.2023 № 817/пр; Приказ Минстроя России от 30.01.2024 № 55/пр; Приказ Минстроя России от 16.02.2024 № 102/пр; Приказ Минстроя России от 13.05.2024 №323/пр; Приказ Минстроя России от 09.08.2024 №524/пр; Приказ Минстроя России от 07.11.2024 №747/пр; Приказ Минстроя России от 23.01.2025 №30/пр; Приказ Минстроя России от 07.02.2025 №69/пр; Приказ Минстроя России от 19.05.2025 №299/пр; Приказ Минстроя России от 14.08.2025 №490/пр; Приказ Минстроя России от 12.11.2025 №696/пр
A7: Реквизиты письма Минстроя России об индексах изменения сметной стоимости строительства, включаемые в федеральный реестр сметных нормативов и размещаемые в федеральной государственной информационной системе ценообразования в строительстве, подготовленного в соответствии пунктом 85 Методики расчета индексов изменения сметной стоимости строительства, утвержденной приказом Министерства строительства и жилищно-коммунального хозяйства Российской Федерации от 5 июня 2019 г. № 326/пр | G7: Письмо Минстроя России от 21.11.2025 № 71782-ИФ/09 | Q7: Реквизиты письма Минстроя России об индексах изменения сметной стоимости строительства, включаемые в федеральный реестр сметных нормативов и размещаемые в федеральной государственной информационной системе ценообразования в строительстве, подготовленного в соответствии пунктом 85 Методики расчета индексов изменения сметной стоимости строительства, утвержденной приказом Министерства строительства и жилищно-коммунального хозяйства Российской Федерации от 5 июня 2019 г. № 326/пр¹ | R7: Письмо Минстроя России от 21.11.2025 № 71782-ИФ/09 | BH7: Реквизиты письма Минстроя России об индексах изменения сметной стоимости строительства, включаемые в федеральный реестр сметных нормативов и размещаемые в федеральной государственной информационной системе ценообразования в строительстве, подготовленного в соответствии пунктом 85 Методики расчета индексов изменения сметной стоимости строительства, утвержденной приказом Министерства строительства и жилищно-коммунального хозяйства Российской Федерации от 5 июня 2019 г. № 326/пр | BN7: Письмо Минстроя России от 21.11.2025 № 71782-ИФ/09
A8: Реквизиты нормативного правового акта об утверждении оплаты труда, утверждаемый в соответствии с пунктом 22(1) Правилами мониторинга цен, утвержденными постановлением Правительства Российской Федерации от 23 декабря 2016 г. № 1452 | G8: Приказ Министерства строительства и жилищно-Коммунального хозяйства Кабардино-Балкарской Республики от 04.03.2025 № 34 | Q8: Реквизиты нормативного правового акта об утверждении оплаты труда, утверждаемый в соответствии с пунктом 22(1) Правилами мониторинга цен, утвержденными постановлением Правительства Российской Федерации от 23 декабря 2016 г. № 1452 | R8: Приказ Министерства строительства и жилищно-Коммунального хозяйства Кабардино-Балкарской Республики от 04.03.2025 № 34 | BX8: Реквизиты нормативного правового акта об утверждении оплаты труда, утверждаемый в соответствии с пунктом 22(1) Правилами мониторинга цен, утвержденными постановлением Правительства Российской Федерации от 23 декабря 2016 г. № 1452 | CD8: Приказ Министерства строительства и жилищно-Коммунального хозяйства Кабардино-Балкарской Республики от 04.03.2025 № 34
A9: Обоснование принятых текущих цен на строительные ресурсы | CN9: Обоснование принятых текущих цен на строительные ресурсы
A10: Наименование субъекта Российской Федерации | G10: 07. Кабардино-Балкарская Республика | R10: 07. Кабардино-Балкарская Республика | DD10: Наименование субъекта Российской Федерации | DJ10: 07. Кабардино-Балкарская Республика
A11: Наименование зоны субъекта Российской Федерации | G11: Кабардино-Балкарская Республика | R11: Кабардино-Балкарская Республика | DT11: Наименование зоны субъекта Российской Федерации | DZ11: Кабардино-Балкарская Республика
A13: Выполнение проектно-изыскательских работ на реконструкцию снегоудерживающих сооружений ВТРК «Эльбрус». Этап 1 | EJ13: Выполнение проектно-изыскательских работ на реконструкцию снегоудерживающих сооружений ВТРК «Эльбрус». Этап 1
A14: (наименование стройки)
A16: Линейный объект | EZ16: Линейный объект
A17: (наименование объекта капитального строительства)
A18: ЛОКАЛЬНЫЙ СМЕТНЫЙ РАСЧЕТ (СМЕТА) № ЛСР-01-01-01
A20: Демонтажные работы | FP20: Демонтажные работы
A21: (наименование работ и затрат)
A22: Составлен | B22: ресурсно-индексным | C22: методом
A23: Основание | B23: СТ5494-580.01-ПОС | GF23: СТ5494-580.01-ПОС
B24: (проектная и (или) иная техническая документация)
A26: Составлен(а) в текущем уровне цен | C26: IV квартал 2025 года | GK26: IV квартал 2025 года
A28: Сметная стоимость | D28: 17225.57 | E28: тыс.руб.
B29: в том числе:
B30: строительных работ | D30: 17225.57 | E30: тыс.руб. | K30: Средства на оплату труда рабочих | O30: 4827.6 | P30: тыс.руб.
B31: монтажных работ | D31: 0 | E31: тыс.руб. | K31: Средства на оплату труда машинистов | O31: 626.1 | P31: тыс.руб.
B32: оборудования | D32: 0 | E32: тыс.руб. | K32: Нормативные затраты труда рабочих | O32: 9768.7 | P32: чел.-ч.
B33: прочих затрат | D33: 0 | E33: тыс.руб. | K33: Нормативные затраты труда машинистов | O33: 1022.92 | P33: чел.-ч.
A35: № п/п | B35: Обоснование | C35: Наименование работ и затрат | H35: Единица измерения | I35: Количество | L35: Сметная стоимость, руб.
I37: на единицу измерения | J37: коэффициенты | K37: всего с учетом коэффициентов | L37: на единицу измерения в базисном уровне цен | M37: индекс | N37: на единицу измерения в текущем уровне цен | O37: коэффициенты | P37: всего в текущем уровне цен
A38: 1 | B38: 2 | C38: 3 | H38: 4 | I38: 5 | J38: 6 | K38: 7 | L38: 8 | M38: 9 | N38: 10 | O38: 11 | P38: 12
A39: Раздел 1. Сооружения снегоудерживающие лавинного очага №2а. Подвесной щит Н=3. Демонтажные работы. | GO39: Раздел 1. Сооружения снегоудерживающие лавинного очага №2а. Подвесной щит Н=3. Демонтажные работы.
A40: Подвесной щит Н=3 | GP40: Подвесной щит Н=3
A41: 1 | B41: ГЭСН46-04-001-02 | C41: Разборка: бетонных фундаментов | H41: м3 | I41: 0.1 | J41: 1 | K41: 0.1 | GQ41: Разборка: бетонных фундаментов
C42: Итого прямые затраты | P42: 406.01 | GV42: Итого прямые затраты
C43: ФОТ | P43: 355.6 | GW43: ФОТ
B44: Пр/812-040.2-1 | C44: НР Работы по реконструкции зданий и сооружений: разборка отдельных конструктивных элементов здания (сооружения), а также зданий (сооружений) в целом | H44: % | I44: 91 | K44: 91 | P44: 323.6 | GW44: НР Работы по реконструкции зданий и сооружений: разборка отдельных конструктивных элементов здания (сооружения), а также зданий (сооружений) в целом
B45: Пр/774-040.2 | C45: СП Работы по реконструкции зданий и сооружений: разборка отдельных конструктивных элементов здания (сооружения), а также зданий (сооружений) в целом | H45: % | I45: 52 | K45: 52 | P45: 184.91 | GW45: СП Работы по реконструкции зданий и сооружений: разборка отдельных конструктивных элементов здания (сооружения), а также зданий (сооружений) в целом
C46: Всего по позиции | N46: 9145.2 | P46: 914.52 | GX46: Всего по позиции
A47: 2 | B47: 47-1 | C47: Погрузка в автотранспортное средство: мусор строительный с погрузкой вручную | H47: 1т груза | I47: 0.3 | J47: 1 | K47: 0.3 | N47: 859.96 | P47: 257.99 | GQ47: Погрузка в автотранспортное средство: мусор строительный с погрузкой вручную
C48: Всего по позиции | P48: 257.99 | GX48: Всего по позиции
A49: Вывоз бетонного боя на 235,0 км в соответствии с согласованной ТС ПОС. | GP49: Вывоз бетонного боя на 235,0 км в соответствии с согласованной ТС ПОС.
A50: 3 | B50: 02-15-1-01-0235 | C50: Перевозка грузов I класса автомобилями-самосвалами грузоподъемностью до 15 т по дорогам с усовершенствованным (асфальтобетонным, цементобетонным, железобетонным, обработанным органическим вяжущим) дорожным покрытием на расстояние 235 км | H50: 1т груза | I50: 0.3 | J50: 1 | K50: 0.3 | N50: 1186.99 | P50: 356.1 | GQ50: Перевозка грузов I класса автомобилями-самосвалами грузоподъемностью до 15 т по дорогам с усовершенствованным (асфальтобетонным, цементобетонным, железобетонным, обработанным органическим вяжущим) дорожным покрытием на расстояние 235 км
C51: Всего по позиции | P51: 356.1 | GX51: Всего по позиции
A52: 4 | B52: ГЭСН09-03-031-01 | C52: Монтаж щитов и блоков встроенных площадок с настилом из листовой стали, ребрами жесткости, составного сечения | H52: т | I52: 124.256 | J52: 1 | K52: 124.256 | GQ52: Монтаж щитов и блоков встроенных площадок с настилом из листовой стали, ребрами жесткости, составного сечения
C53: Объем=1,776+8,64+113,6+0,24 | GY53: Объем=1,776+8,64+113,6+0,24
C54: Итого прямые затраты | P54: 1388687.6 | GV54: Итого прямые затраты
C55: ФОТ | P55: 962177.98 | GW55: ФОТ
B56: Пр/812-009.0-1 | C56: НР Строительные металлические конструкции | H56: % | I56: 93 | K56: 93 | P56: 894825.52 | GW56: НР Строительные металлические конструкции
B57: Пр/774-009.0 | C57: СП Строительные металлические конструкции | H57: % | I57: 62 | K57: 62 | P57: 596550.35 | GW57: СП Строительные металлические конструкции
C58: Всего по позиции | N58: 23178.47 | P58: 2880063.5 | GX58: Всего по позиции
A59: 5 | B59: 33-1 | C59: Погрузка в автотранспортное средство: сталь профилей крупных (в частности, балки, сваи, квадратная сечением более 40 х 40 миллиметров, круглая диаметром более 40 миллиметров, толстолистовая, тюбиги, швеллеры, шпунт металлический) | H59: 1т груза | I59: 124.256 | J59: 1 | K59: 124.256 | N59: 272.59 | P59: 33870.94 | GQ59: Погрузка в автотранспортное средство: сталь профилей крупных (в частности, балки, сваи, квадратная сечением более 40 х 40 миллиметров, круглая диаметром более 40 миллиметров, толстолистовая, тюбиги, швеллеры, шпунт металлический)
C60: Всего по позиции | P60: 33870.94 | GX60: Всего по позиции
A61: Вывоз металллического лома на расстояние 107,0 км от места демонтажа до места приема лома в соответствии с ТС ПОС согласованной с Заказчиком | GP61: Вывоз металллического лома на расстояние 107,0 км от места демонтажа до места приема лома в соответствии с ТС ПОС согласованной с Заказчиком
A62: 6 | B62: 01-20-1-01-0107 | C62: Перевозка грузов I класса автомобилями бортовыми грузоподъемностью до 20 т по дорогам с усовершенствованным (асфальтобетонным, цементобетонным, железобетонным, обработанным органическим вяжущим) дорожным покрытием на расстояние 107 км | H62: 1т груза | I62: 124.256 | J62: 1 | K62: 124.256 | N62: 717.57 | P62: 89162.38 | GQ62: Перевозка грузов I класса автомобилями бортовыми грузоподъемностью до 20 т по дорогам с усовершенствованным (асфальтобетонным, цементобетонным, железобетонным, обработанным органическим вяжущим) дорожным покрытием на расстояние 107 км
C63: Всего по позиции | P63: 89162.38 | GX63: Всего по позиции
A64: 7 | B64: 33-2 | C64: Разгрузка с автотранспортного средства: сталь профилей крупных (в частности, балки, сваи, квадратная сечением более 40 х 40 миллиметров, круглая диаметром более 40 миллиметров, толстолистовая, тюбиги, швеллеры, шпунт металлический) | H64: 1т груза | I64: 124.256 | J64: 1 | K64: 124.256 | N64: 272.59 | P64: 33870.94 | GQ64: Разгрузка с автотранспортного средства: сталь профилей крупных (в частности, балки, сваи, квадратная сечением более 40 х 40 миллиметров, круглая диаметром более 40 миллиметров, толстолистовая, тюбиги, швеллеры, шпунт металлический)
C65: Всего по позиции | P65: 33870.94 | GX65: Всего по позиции
C67: Итоги по разделу 1 Сооружения снегоудерживающие лавинного очага №2а. Подвесной щит Н=3. Демонтажные работы. : | GZ67: Итоги по разделу 1 Сооружения снегоудерживающие лавинного очага №2а. Подвесной щит Н=3. Демонтажные работы. :
C68: Всего прямые затраты (справочно) | P68: 1546612 | HA68: Всего прямые затраты (справочно)
C69: в том числе: | HA69: в том числе:
C70: Оплата труда рабочих | P70: 851800.26 | HA70: Оплата труда рабочих
C71: Эксплуатация машин | P71: 426560.04 | HA71: Эксплуатация машин
C72: Оплата труда машинистов (Отм) | P72: 110733.32 | HA72: Оплата труда машинистов (Отм)
C73: Перевозка | P73: 157518.35 | HA73: Перевозка
C74: Строительные работы | P74: 3038496.4 | HA74: Строительные работы
C75: Строительные работы | P75: 2880978 | HA75: Строительные работы
C76: в том числе: | HA76: в том числе:
C77: оплата труда | P77: 851800.26 | HA77: оплата труда
C78: эксплуатация машин и механизмов | P78: 426560.04 | HA78: эксплуатация машин и механизмов
C79: оплата труда машинистов (Отм) | P79: 110733.32 | HA79: оплата труда машинистов (Отм)
C80: накладные расходы | P80: 895149.12 | HA80: накладные расходы
C81: сметная прибыль | P81: 596735.26 | HA81: сметная прибыль
C82: Перевозка | P82: 157518.35 | HA82: Перевозка
C83: Всего ФОТ (справочно) | P83: 962533.58 | HA83: Всего ФОТ (справочно)
C84: Всего накладные расходы (справочно) | P84: 895149.12 | HA84: Всего накладные расходы (справочно)
C85: Всего сметная прибыль (справочно) | P85: 596735.26 | HA85: Всего сметная прибыль (справочно)
C86: Всего по разделу 1 Сооружения снегоудерживающие лавинного очага №2а. Подвесной щит Н=3. Демонтажные работы. | P86: 3038496.4 | HB86: Всего по разделу 1 Сооружения снегоудерживающие лавинного очага №2а. Подвесной щит Н=3. Демонтажные работы.
C87: справочно: | HA87: справочно:
C88: Затраты труда рабочих | K88: 1723,01516 | HC88: Затраты труда рабочих
C89: Затраты труда машинистов | K89: 180,916736 | HC89: Затраты труда машинистов
A90: Раздел 2. Сооружения снегоудерживающие лавинного очага №2б. Подвесной щит Н=3. Демонтажные работы. | GO90: Раздел 2. Сооружения снегоудерживающие лавинного очага №2б. Подвесной щит Н=3. Демонтажные работы.
A91: Подвесной щит Н=3 | GP91: Подвесной щит Н=3
A92: 8 | B92: ГЭСН46-04-001-02 | C92: Разборка: бетонных фундаментов | H92: м3 | I92: 0.1 | J92: 1 | K92: 0.1 | GQ92: Разборка: бетонных фундаментов
C93: Итого прямые затраты | P93: 406.01 | GV93: Итого прямые затраты
C94: ФОТ | P94: 355.6 | GW94: ФОТ
B95: Пр/812-040.2-1 | C95: НР Работы по реконструкции зданий и сооружений: разборка отдельных конструктивных элементов здания (сооружения), а также зданий (сооружений) в целом | H95: % | I95: 91 | K95: 91 | P95: 323.6 | GW95: НР Работы по реконструкции зданий и сооружений: разборка отдельных конструктивных элементов здания (сооружения), а также зданий (сооружений) в целом
B96: Пр/774-040.2 | C96: СП Работы по реконструкции зданий и сооружений: разборка отдельных конструктивных элементов здания (сооружения), а также зданий (сооружений) в целом | H96: % | I96: 52 | K96: 52 | P96: 184.91 | GW96: СП Работы по реконструкции зданий и сооружений: разборка отдельных конструктивных элементов здания (сооружения), а также зданий (сооружений) в целом
C97: Всего по позиции | N97: 9145.2 | P97: 914.52 | GX97: Всего по позиции
A98: 9 | B98: 47-1 | C98: Погрузка в автотранспортное средство: мусор строительный с погрузкой вручную | H98: 1т груза | I98: 0.3 | J98: 1 | K98: 0.3 | N98: 859.96 | P98: 257.99 | GQ98: Погрузка в автотранспортное средство: мусор строительный с погрузкой вручную
C99: Всего по позиции | P99: 257.99 | GX99: Всего по позиции
A100: Вывоз бетонного боя на 235,0 км в соответствии с согласованной ТС ПОС. | GP100: Вывоз бетонного боя на 235,0 км в соответствии с согласованной ТС ПОС.
A101: 10 | B101: 02-15-1-01-0235 | C101: Перевозка грузов I класса автомобилями-самосвалами грузоподъемностью до 15 т по дорогам с усовершенствованным (асфальтобетонным, цементобетонным, железобетонным, обработанным органическим вяжущим) дорожным покрытием на расстояние 235 км | H101: 1т груза | I101: 0.3 | J101: 1 | K101: 0.3 | N101: 1186.99 | P101: 356.1 | GQ101: Перевозка грузов I класса автомобилями-самосвалами грузоподъемностью до 15 т по дорогам с усовершенствованным (асфальтобетонным, цементобетонным, железобетонным, обработанным органическим вяжущим) дорожным покрытием на расстояние 235 км
C102: Всего по позиции | P102: 356.1 | GX102: Всего по позиции
A103: 11 | B103: ГЭСН09-03-031-01 | C103: Монтаж щитов и блоков встроенных площадок с настилом из листовой стали, ребрами жесткости, составного сечения | H103: т | I103: 135.044 | J103: 1 | K103: 135.044 | GQ103: Монтаж щитов и блоков встроенных площадок с настилом из листовой стали, ребрами жесткости, составного сечения
C104: Объем=1,924+9,36+123,5+0,26 | GY104: Объем=1,924+9,36+123,5+0,26
C105: Итого прямые затраты | P105: 1509254.5 | GV105: Итого прямые затраты
C106: ФОТ | P106: 1045715 | GW106: ФОТ
B107: Пр/812-009.0-1 | C107: НР Строительные металлические конструкции | H107: % | I107: 93 | K107: 93 | P107: 972514.95 | GW107: НР Строительные металлические конструкции
B108: Пр/774-009.0 | C108: СП Строительные металлические конструкции | H108: % | I108: 62 | K108: 62 | P108: 648343.3 | GW108: СП Строительные металлические конструкции
C109: Всего по позиции | N109: 23178.47 | P109: 3130112.8 | GX109: Всего по позиции
...

Sheet  ЛСР-01-02-01
P1: Приложение № 3
P2: Утверждено приказом Минстроя РФ № 421/пр от 4 августа 2020 г. в редакции приказа № 557/пр от 7 июля 2022 г.
A4: Наименование программного продукта | G4: ГРАНД-Смета, версия 2026.2
A5: Наименование редакции сметных нормативов | G5: Приказ Минстроя России от 30.12.2021 № 1046/пр; Приказ Минстроя России от 04.08.2020 № 421/пр; Приказ Минстроя России от 21.12.2020 № 812/пр; Приказ Минстроя России от 11.12.2020 № 774/пр; Приказ Минстроя России от 02.08.2023 № 551/пр; Приказ Минстроя России от 14.11.2023 № 817/пр; Приказ Минстроя России от 16.02.2024 № 102/пр; Приказ Минстроя России от 13.05.2024 №323/пр; Приказ Минстроя России от 09.08.2024 №524/пр; Приказ Минстроя России от 07.11.2024 №747/пр; Приказ Минстроя России от 23.01.2025 №30/пр; Приказ Минстроя России от 07.02.2025 №69/пр; Приказ Минстроя России от 19.05.2025 №299/пр; Приказ Минстроя России от 14.08.2025 №490/пр; Приказ Минстроя России от 12.11.2025 №696/пр | AB5: Наименование редакции сметных нормативов | AH5: Приказ Минстроя России от 30.12.2021 № 1046/пр; Приказ Минстроя России от 04.08.2020 № 421/пр; Приказ Минстроя России от 21.12.2020 № 812/пр; Приказ Минстроя России от 11.12.2020 № 774/пр; Приказ Минстроя России от 02.08.2023 № 551/пр; Приказ Минстроя России от 14.11.2023 № 817/пр; Приказ Минстроя России от 16.02.2024 № 102/пр; Приказ Минстроя России от 13.05.2024 №323/пр; Приказ Минстроя России от 09.08.2024 №524/пр; Приказ Минстроя России от 07.11.2024 №747/пр; Приказ Минстроя России от 23.01.2025 №30/пр; Приказ Минстроя России от 07.02.2025 №69/пр; Приказ Минстроя России от 19.05.2025 №299/пр; Приказ Минстроя России от 14.08.2025 №490/пр; Приказ Минстроя России от 12.11.2025 №696/пр
A6: Реквизиты приказа Минстроя России об утверждении дополнений и изменений к сметным нормативам | G6: Приказ Минстроя России от 18 мая 2022 г. № 378/пр, Приказ Минстроя России от 26 августа 2022 г. № 703/пр, Приказ Минстроя России от 26 октября 2022 г. № 905/пр, Приказ Минстроя России от 27 декабря 2022 г. № 1133/пр, Приказ Минстроя России от 10 февраля 2023 г. № 84/пр, Приказ Минстроя России от 11.05.2023 №335/пр; Приказ Минстроя России от 07.07.2022 № 557/пр; Приказ Минстроя России от 02.09.2021 № 636/пр, Приказ Минстроя России от 26.07.2022 № 611/пр; Приказ Минстроя России от 22.04.2022 № 317/пр; Приказ Минстроя России от 02.08.2023 № 551/пр; Приказ Минстроя России от 14.11.2023 № 817/пр; Приказ Минстроя России от 30.01.2024 № 55/пр; Приказ Минстроя России от 16.02.2024 № 102/пр; Приказ Минстроя России от 13.05.2024 №323/пр; Приказ Минстроя России от 09.08.2024 №524/пр; Приказ Минстроя России от 07.11.2024 №747/пр; Приказ Минстроя России от 23.01.2025 №30/пр; Приказ Минстроя России от 07.02.2025 №69/пр; Приказ Минстроя России от 19.05.2025 №299/пр; Приказ Минстроя России от 14.08.2025 №490/пр; Приказ Минстроя России от 12.11.2025 №696/пр | AR6: Реквизиты приказа Минстроя России об утверждении дополнений и изменений к сметным нормативам | AX6: Приказ Минстроя России от 18 мая 2022 г. № 378/пр, Приказ Минстроя России от 26 августа 2022 г. № 703/пр, Приказ Минстроя России от 26 октября 2022 г. № 905/пр, Приказ Минстроя России от 27 декабря 2022 г. № 1133/пр, Приказ Минстроя России от 10 февраля 2023 г. № 84/пр, Приказ Минстроя России от 11.05.2023 №335/пр; Приказ Минстроя России от 07.07.2022 № 557/пр; Приказ Минстроя России от 02.09.2021 № 636/пр, Приказ Минстроя России от 26.07.2022 № 611/пр; Приказ Минстроя России от 22.04.2022 № 317/пр; Приказ Минстроя России от 02.08.2023 № 551/пр; Приказ Минстроя России от 14.11.2023 № 817/пр; Приказ Минстроя России от 30.01.2024 № 55/пр; Приказ Минстроя России от 16.02.2024 № 102/пр; Приказ Минстроя России от 13.05.2024 №323/пр; Приказ Минстроя России от 09.08.2024 №524/пр; Приказ Минстроя России от 07.11.2024 №747/пр; Приказ Минстроя России от 23.01.2025 №30/пр; Приказ Минстроя России от 07.02.2025 №69/пр; Приказ Минстроя России от 19.05.2025 №299/пр; Приказ Минстроя России от 14.08.2025 №490/пр; Приказ Минстроя России от 12.11.2025 №696/пр
A7: Реквизиты письма Минстроя России об индексах изменения сметной стоимости строительства, включаемые в федеральный реестр сметных нормативов и размещаемые в федеральной государственной информационной системе ценообразования в строительстве, подготовленного в соответствии пунктом 85 Методики расчета индексов изменения сметной стоимости строительства, утвержденной приказом Министерства строительства и жилищно-коммунального хозяйства Российской Федерации от 5 июня 2019 г. № 326/пр | G7: Письмо Минстроя России от 21.11.2025 № 71782-ИФ/09 | Q7: Реквизиты письма Минстроя России об индексах изменения сметной стоимости строительства, включаемые в федеральный реестр сметных нормативов и размещаемые в федеральной государственной информационной системе ценообразования в строительстве, подготовленного в соответствии пунктом 85 Методики расчета индексов изменения сметной стоимости строительства, утвержденной приказом Министерства строительства и жилищно-коммунального хозяйства Российской Федерации от 5 июня 2019 г. № 326/пр¹ | R7: Письмо Минстроя России от 21.11.2025 № 71782-ИФ/09 | BH7: Реквизиты письма Минстроя России об индексах изменения сметной стоимости строительства, включаемые в федеральный реестр сметных нормативов и размещаемые в федеральной государственной информационной системе ценообразования в строительстве, подготовленного в соответствии пунктом 85 Методики расчета индексов изменения сметной стоимости строительства, утвержденной приказом Министерства строительства и жилищно-коммунального хозяйства Российской Федерации от 5 июня 2019 г. № 326/пр | BN7: Письмо Минстроя России от 21.11.2025 № 71782-ИФ/09
A8: Реквизиты нормативного правового акта об утверждении оплаты труда, утверждаемый в соответствии с пунктом 22(1) Правилами мониторинга цен, утвержденными постановлением Правительства Российской Федерации от 23 декабря 2016 г. № 1452 | G8: Приказ Министерства строительства и жилищно-Коммунального хозяйства Кабардино-Балкарской Республики от 04.03.2025 № 34 | Q8: Реквизиты нормативного правового акта об утверждении оплаты труда, утверждаемый в соответствии с пунктом 22(1) Правилами мониторинга цен, утвержденными постановлением Правительства Российской Федерации от 23 декабря 2016 г. № 1452 | R8: Приказ Министерства строительства и жилищно-Коммунального хозяйства Кабардино-Балкарской Республики от 04.03.2025 № 34 | BX8: Реквизиты нормативного правового акта об утверждении оплаты труда, утверждаемый в соответствии с пунктом 22(1) Правилами мониторинга цен, утвержденными постановлением Правительства Российской Федерации от 23 декабря 2016 г. № 1452 | CD8: Приказ Министерства строительства и жилищно-Коммунального хозяйства Кабардино-Балкарской Республики от 04.03.2025 № 34
A9: Обоснование принятых текущих цен на строительные ресурсы | CN9: Обоснование принятых текущих цен на строительные ресурсы
A10: Наименование субъекта Российской Федерации | G10: 07. Кабардино-Балкарская Республика | R10: 07. Кабардино-Балкарская Республика | DD10: Наименование субъекта Российской Федерации | DJ10: 07. Кабардино-Балкарская Республика
A11: Наименование зоны субъекта Российской Федерации | G11: Кабардино-Балкарская Республика | R11: Кабардино-Балкарская Республика | DT11: Наименование зоны субъекта Российской Федерации | DZ11: Кабардино-Балкарская Республика
A13: Выполнение проектно-изыскательских работ на реконструкцию снегоудерживающих сооружений ВТРК «Эльбрус». Этап 1 | EJ13: Выполнение проектно-изыскательских работ на реконструкцию снегоудерживающих сооружений ВТРК «Эльбрус». Этап 1
A14: (наименование стройки)
A16: Линейный объект | EZ16: Линейный объект
A17: (наименование объекта капитального строительства)
A18: ЛОКАЛЬНЫЙ СМЕТНЫЙ РАСЧЕТ (СМЕТА) № ЛСР-01-02-01
A20: Рекультивация временных дорог и разворотных площадок ведущих к территории участка реконструкции снегоудерживающих сооружений | FP20: Рекультивация временных дорог и разворотных площадок ведущих к территории участка реконструкции снегоудерживающих сооружений
A21: (наименование работ и затрат)
A22: Составлен | B22: ресурсно-индексным | C22: методом
A23: Основание | B23: СТ5494-580.01-ПОС | GF23: СТ5494-580.01-ПОС
B24: (проектная и (или) иная техническая документация)
A26: Составлен(а) в текущем уровне цен | C26: IV квартал 2025 года | GK26: IV квартал 2025 года
A28: Сметная стоимость | D28: 11.62 | E28: тыс.руб.
B29: в том числе:
B30: строительных работ | D30: 11.62 | E30: тыс.руб. | K30: Средства на оплату труда рабочих | O30: 0 | P30: тыс.руб.
B31: монтажных работ | D31: 0 | E31: тыс.руб. | K31: Средства на оплату труда машинистов | O31: 1.65 | P31: тыс.руб.
B32: оборудования | D32: 0 | E32: тыс.руб. | K32: Нормативные затраты труда рабочих | P32: чел.-ч.
B33: прочих затрат | D33: 0 | E33: тыс.руб. | K33: Нормативные затраты труда машинистов | O33: 2.64 | P33: чел.-ч.
A35: № п/п | B35: Обоснование | C35: Наименование работ и затрат | H35: Единица измерения | I35: Количество | L35: Сметная стоимость, руб.
I37: на единицу измерения | J37: коэффициенты | K37: всего с учетом коэффициентов | L37: на единицу измерения в базисном уровне цен | M37: индекс | N37: на единицу измерения в текущем уровне цен | O37: коэффициенты | P37: всего в текущем уровне цен
A38: 1 | B38: 2 | C38: 3 | H38: 4 | I38: 5 | J38: 6 | K38: 7 | L38: 8 | M38: 9 | N38: 10 | O38: 11 | P38: 12
A39: Раздел 1. Рекультивация временных дорог и разворотных площадок ведущих к территории участка реконструкции снегоудерживающих сооружений | GO39: Раздел 1. Рекультивация временных дорог и разворотных площадок ведущих к территории участка реконструкции снегоудерживающих сооружений
A40: 1 | B40: ГЭСН01-02-032-07 | C40: Рыхление грунтов бульдозерами-рыхлителями мощностью: 132 кВт (180 л.с.), глубина рыхления до 0,5 м, длина разрыхляемого участка до 100 м | H40: 1000 м3 | I40: 1.4973 | J40: 1 | K40: 1.4973 | GP40: Рыхление грунтов бульдозерами-рыхлителями мощностью: 132 кВт (180 л.с.), глубина рыхления до 0,5 м, длина разрыхляемого участка до 100 м
C41: Объем=(0,74865*10000*0,2) / 1000 | GU41: Объем=(0,74865*10000*0,2) / 1000
C42: Итого прямые затраты | P42: 5144.15 | GV42: Итого прямые затраты
C43: ФОТ | P43: 853.9 | GW43: ФОТ
B44: Пр/812-001.4-1 | C44: НР Земляные работы, выполняемые по другим видам работ (подготовительным, сопутствующим, укрепительным) | H44: % | I44: 89 | K44: 89 | P44: 759.97 | GW44: НР Земляные работы, выполняемые по другим видам работ (подготовительным, сопутствующим, укрепительным)
B45: Пр/774-001.4 | C45: СП Земляные работы, выполняемые по другим видам работ (подготовительным, сопутствующим, укрепительным) | H45: % | I45: 41 | K45: 41 | P45: 350.1 | GW45: СП Земляные работы, выполняемые по другим видам работ (подготовительным, сопутствующим, укрепительным)
C46: Всего по позиции | N46: 4177 | P46: 6254.22 | GX46: Всего по позиции
A47: 2 | B47: ГЭСН01-01-036-03 | C47: Планировка площадей бульдозерами мощностью: 132 кВт (180 л.с.) | H47: 1000 м2 | I47: 7.4865 | J47: 1 | K47: 7.4865 | GP47: Планировка площадей бульдозерами мощностью: 132 кВт (180 л.с.)
C48: Объем=(0,74865*10000) / 1000 | GU48: Объем=(0,74865*10000) / 1000
C49: Итого прямые затраты | P49: 4263.72 | GV49: Итого прямые затраты
C50: ФОТ | P50: 797.6 | GW50: ФОТ
B51: Пр/812-001.1-1 | C51: НР Земляные работы, выполняемые механизированным способом | H51: % | I51: 92 | K51: 92 | P51: 733.79 | GW51: НР Земляные работы, выполняемые механизированным способом
B52: Пр/774-001.1 | C52: СП Земляные работы, выполняемые механизированным способом | H52: % | I52: 46 | K52: 46 | P52: 366.9 | GW52: СП Земляные работы, выполняемые механизированным способом
C53: Всего по позиции | N53: 716.54 | P53: 5364.41 | GX53: Всего по позиции
C55: Итоги по разделу 1 Рекультивация временных дорог и разворотных площадок ведущих к территории участка реконструкции снегоудерживающих сооружений : | GY55: Итоги по разделу 1 Рекультивация временных дорог и разворотных площадок ведущих к территории участка реконструкции снегоудерживающих сооружений :
C56: Всего прямые затраты (справочно) | P56: 9407.87 | GZ56: Всего прямые затраты (справочно)
C57: в том числе: | GZ57: в том числе:
C58: Эксплуатация машин | P58: 7756.37 | GZ58: Эксплуатация машин
C59: Оплата труда машинистов (Отм) | P59: 1651.5 | GZ59: Оплата труда машинистов (Отм)
C60: Строительные работы | P60: 11618.63 | GZ60: Строительные работы
C61: в том числе: | GZ61: в том числе:
C62: эксплуатация машин и механизмов | P62: 7756.37 | GZ62: эксплуатация машин и механизмов
C63: оплата труда машинистов (Отм) | P63: 1651.5 | GZ63: оплата труда машинистов (Отм)
C64: накладные расходы | P64: 1493.76 | GZ64: накладные расходы
C65: сметная прибыль | P65: 717 | GZ65: сметная прибыль
C66: Всего ФОТ (справочно) | P66: 1651.5 | GZ66: Всего ФОТ (справочно)
C67: Всего накладные расходы (справочно) | P67: 1493.76 | GZ67: Всего накладные расходы (справочно)
C68: Всего сметная прибыль (справочно) | P68: 717 | GZ68: Всего сметная прибыль (справочно)
C69: Всего по разделу 1 Рекультивация временных дорог и разворотных площадок ведущих к территории участка реконструкции снегоудерживающих сооружений | P69: 11618.63 | HA69: Всего по разделу 1 Рекультивация временных дорог и разворотных площадок ведущих к территории участка реконструкции снегоудерживающих сооружений
C70: справочно: | GZ70: справочно:
C71: Затраты труда машинистов | K71: 2,635248 | HB71: Затраты труда машинистов
C73: Итоги по смете: | HC73: Итоги по смете:
C74: Всего прямые затраты (справочно) | P74: 9407.87 | HD74: Всего прямые затраты (справочно)
C75: в том числе: | HD75: в том числе:
C76: Эксплуатация машин | P76: 7756.37 | HD76: Эксплуатация машин
C77: Оплата труда машинистов (Отм) | P77: 1651.5 | HD77: Оплата труда машинистов (Отм)
C78: Строительные работы | P78: 11618.63 | HD78: Строительные работы
C79: в том числе: | HD79: в том числе:
C80: эксплуатация машин и механизмов | P80: 7756.37 | HD80: эксплуатация машин и механизмов
C81: оплата труда машинистов (Отм) | P81: 1651.5 | HD81: оплата труда машинистов (Отм)
C82: накладные расходы | P82: 1493.76 | HD82: накладные расходы
C83: сметная прибыль | P83: 717 | HD83: сметная прибыль
C84: Всего ФОТ (справочно) | P84: 1651.5 | HD84: Всего ФОТ (справочно)
C85: Всего накладные расходы (справочно) | P85: 1493.76 | HD85: Всего накладные расходы (справочно)
C86: Всего сметная прибыль (справочно) | P86: 717 | HD86: Всего сметная прибыль (справочно)
C87: ВСЕГО по смете | P87: 11618.63 | HE87: ВСЕГО по смете
C88: справочно: | HD88: справочно:
C89: Затраты труда машинистов | K89: 2,635248 | HF89: Затраты труда машинистов
B92: Список переменных по смете:
B94: Составил: | C94: гл.специалист отдела смет | I94: (И.В.Ряховская) | HG94: гл.специалист отдела смет | HM94: (И.В.Ряховская)
C95: [должность, подпись (инициалы, фамилия)]
B96: Проверил: | C96: гл.специалист отдела смет | I96: (И.В.Ряховская) | HS96: гл.специалист отдела смет | HY96: (И.В.Ряховская)
C97: [должность, подпись (инициалы, фамилия)]

Sheet ЛСР-02-01-01
P1: Приложение № 3
P2: Утверждено приказом Минстроя РФ № 421/пр от 4 августа 2020 г. в редакции приказа № 557/пр от 7 июля 2022 г.
A4: Наименование программного продукта | G4: ГРАНД-Смета, версия 2026.2
A5: Наименование редакции сметных нормативов | G5: Приказ Минстроя России от 30.12.2021 № 1046/пр; Приказ Минстроя России от 04.08.2020 № 421/пр; Приказ Минстроя России от 21.12.2020 № 812/пр; Приказ Минстроя России от 11.12.2020 № 774/пр; Приказ Минстроя России от 02.08.2023 № 551/пр; Приказ Минстроя России от 14.11.2023 № 817/пр; Приказ Минстроя России от 16.02.2024 № 102/пр; Приказ Минстроя России от 13.05.2024 №323/пр; Приказ Минстроя России от 09.08.2024 №524/пр; Приказ Минстроя России от 07.11.2024 №747/пр; Приказ Минстроя России от 23.01.2025 №30/пр; Приказ Минстроя России от 07.02.2025 №69/пр; Приказ Минстроя России от 19.05.2025 №299/пр; Приказ Минстроя России от 14.08.2025 №490/пр; Приказ Минстроя России от 12.11.2025 №696/пр | AB5: Наименование редакции сметных нормативов | AH5: Приказ Минстроя России от 30.12.2021 № 1046/пр; Приказ Минстроя России от 04.08.2020 № 421/пр; Приказ Минстроя России от 21.12.2020 № 812/пр; Приказ Минстроя России от 11.12.2020 № 774/пр; Приказ Минстроя России от 02.08.2023 № 551/пр; Приказ Минстроя России от 14.11.2023 № 817/пр; Приказ Минстроя России от 16.02.2024 № 102/пр; Приказ Минстроя России от 13.05.2024 №323/пр; Приказ Минстроя России от 09.08.2024 №524/пр; Приказ Минстроя России от 07.11.2024 №747/пр; Приказ Минстроя России от 23.01.2025 №30/пр; Приказ Минстроя России от 07.02.2025 №69/пр; Приказ Минстроя России от 19.05.2025 №299/пр; Приказ Минстроя России от 14.08.2025 №490/пр; Приказ Минстроя России от 12.11.2025 №696/пр
A6: Реквизиты приказа Минстроя России об утверждении дополнений и изменений к сметным нормативам | G6: Приказ Минстроя России от 18 мая 2022 г. № 378/пр, Приказ Минстроя России от 26 августа 2022 г. № 703/пр, Приказ Минстроя России от 26 октября 2022 г. № 905/пр, Приказ Минстроя России от 27 декабря 2022 г. № 1133/пр, Приказ Минстроя России от 10 февраля 2023 г. № 84/пр, Приказ Минстроя России от 11.05.2023 №335/пр; Приказ Минстроя России от 07.07.2022 № 557/пр; Приказ Минстроя России от 02.09.2021 № 636/пр, Приказ Минстроя России от 26.07.2022 № 611/пр; Приказ Минстроя России от 22.04.2022 № 317/пр; Приказ Минстроя России от 02.08.2023 № 551/пр; Приказ Минстроя России от 14.11.2023 № 817/пр; Приказ Минстроя России от 30.01.2024 № 55/пр; Приказ Минстроя России от 16.02.2024 № 102/пр; Приказ Минстроя России от 13.05.2024 №323/пр; Приказ Минстроя России от 09.08.2024 №524/пр; Приказ Минстроя России от 07.11.2024 №747/пр; Приказ Минстроя России от 23.01.2025 №30/пр; Приказ Минстроя России от 07.02.2025 №69/пр; Приказ Минстроя России от 19.05.2025 №299/пр; Приказ Минстроя России от 14.08.2025 №490/пр; Приказ Минстроя России от 12.11.2025 №696/пр | AR6: Реквизиты приказа Минстроя России об утверждении дополнений и изменений к сметным нормативам | AX6: Приказ Минстроя России от 18 мая 2022 г. № 378/пр, Приказ Минстроя России от 26 августа 2022 г. № 703/пр, Приказ Минстроя России от 26 октября 2022 г. № 905/пр, Приказ Минстроя России от 27 декабря 2022 г. № 1133/пр, Приказ Минстроя России от 10 февраля 2023 г. № 84/пр, Приказ Минстроя России от 11.05.2023 №335/пр; Приказ Минстроя России от 07.07.2022 № 557/пр; Приказ Минстроя России от 02.09.2021 № 636/пр, Приказ Минстроя России от 26.07.2022 № 611/пр; Приказ Минстроя России от 22.04.2022 № 317/пр; Приказ Минстроя России от 02.08.2023 № 551/пр; Приказ Минстроя России от 14.11.2023 № 817/пр; Приказ Минстроя России от 30.01.2024 № 55/пр; Приказ Минстроя России от 16.02.2024 № 102/пр; Приказ Минстроя России от 13.05.2024 №323/пр; Приказ Минстроя России от 09.08.2024 №524/пр; Приказ Минстроя России от 07.11.2024 №747/пр; Приказ Минстроя России от 23.01.2025 №30/пр; Приказ Минстроя России от 07.02.2025 №69/пр; Приказ Минстроя России от 19.05.2025 №299/пр; Приказ Минстроя России от 14.08.2025 №490/пр; Приказ Минстроя России от 12.11.2025 №696/пр
A7: Реквизиты письма Минстроя России об индексах изменения сметной стоимости строительства, включаемые в федеральный реестр сметных нормативов и размещаемые в федеральной государственной информационной системе ценообразования в строительстве, подготовленного в соответствии пунктом 85 Методики расчета индексов изменения сметной стоимости строительства, утвержденной приказом Министерства строительства и жилищно-коммунального хозяйства Российской Федерации от 5 июня 2019 г. № 326/пр | G7: Письмо Минстроя России от 21.11.2025 № 71782-ИФ/09 | Q7: Реквизиты письма Минстроя России об индексах изменения сметной стоимости строительства, включаемые в федеральный реестр сметных нормативов и размещаемые в федеральной государственной информационной системе ценообразования в строительстве, подготовленного в соответствии пунктом 85 Методики расчета индексов изменения сметной стоимости строительства, утвержденной приказом Министерства строительства и жилищно-коммунального хозяйства Российской Федерации от 5 июня 2019 г. № 326/пр¹ | R7: Письмо Минстроя России от 21.11.2025 № 71782-ИФ/09 | BH7: Реквизиты письма Минстроя России об индексах изменения сметной стоимости строительства, включаемые в федеральный реестр сметных нормативов и размещаемые в федеральной государственной информационной системе ценообразования в строительстве, подготовленного в соответствии пунктом 85 Методики расчета индексов изменения сметной стоимости строительства, утвержденной приказом Министерства строительства и жилищно-коммунального хозяйства Российской Федерации от 5 июня 2019 г. № 326/пр | BN7: Письмо Минстроя России от 21.11.2025 № 71782-ИФ/09
A8: Реквизиты нормативного правового акта об утверждении оплаты труда, утверждаемый в соответствии с пунктом 22(1) Правилами мониторинга цен, утвержденными постановлением Правительства Российской Федерации от 23 декабря 2016 г. № 1452 | G8: Приказ Министерства строительства и жилищно-Коммунального хозяйства Кабардино-Балкарской Республики от 04.03.2025 № 34 | Q8: Реквизиты нормативного правового акта об утверждении оплаты труда, утверждаемый в соответствии с пунктом 22(1) Правилами мониторинга цен, утвержденными постановлением Правительства Российской Федерации от 23 декабря 2016 г. № 1452 | R8: Приказ Министерства строительства и жилищно-Коммунального хозяйства Кабардино-Балкарской Республики от 04.03.2025 № 34 | BX8: Реквизиты нормативного правового акта об утверждении оплаты труда, утверждаемый в соответствии с пунктом 22(1) Правилами мониторинга цен, утвержденными постановлением Правительства Российской Федерации от 23 декабря 2016 г. № 1452 | CD8: Приказ Министерства строительства и жилищно-Коммунального хозяйства Кабардино-Балкарской Республики от 04.03.2025 № 34
A9: Обоснование принятых текущих цен на строительные ресурсы | CN9: Обоснование принятых текущих цен на строительные ресурсы
A10: Наименование субъекта Российской Федерации | G10: 07. Кабардино-Балкарская Республика | R10: 07. Кабардино-Балкарская Республика | DD10: Наименование субъекта Российской Федерации | DJ10: 07. Кабардино-Балкарская Республика
A11: Наименование зоны субъекта Российской Федерации | G11: Кабардино-Балкарская Республика | R11: Кабардино-Балкарская Республика | DT11: Наименование зоны субъекта Российской Федерации | DZ11: Кабардино-Балкарская Республика
A13: Выполнение проектно-изыскательских работ на реконструкцию снегоудерживающих сооружений ВТРК «Эльбрус». Этап 1 | EJ13: Выполнение проектно-изыскательских работ на реконструкцию снегоудерживающих сооружений ВТРК «Эльбрус». Этап 1
A14: (наименование стройки)
A16: Инженерная защита территории. Снегоудерживающие барьеры. Этап 1. | EZ16: Инженерная защита территории. Снегоудерживающие барьеры. Этап 1.
A17: (наименование объекта капитального строительства)
A18: ЛОКАЛЬНЫЙ СМЕТНЫЙ РАСЧЕТ (СМЕТА) № ЛСР-02-01-01
A20: Инженерная защита территории. Снегоудерживающие барьеры. Этап 1. | FP20: Инженерная защита территории. Снегоудерживающие барьеры. Этап 1.
A21: (наименование работ и затрат)
A22: Составлен | B22: ресурсно-индексным | C22: методом
A23: Основание | B23: СТ5494-580.01-КР-ВР; СТ5494-580.01-КР-C; СТ5494-580.01-ПОС | GF23: СТ5494-580.01-КР-ВР; СТ5494-580.01-КР-C; СТ5494-580.01-ПОС
B24: (проектная и (или) иная техническая документация)
A26: Составлен(а) в текущем уровне цен | C26: IV квартал 2025 года | GK26: IV квартал 2025 года
A28: Сметная стоимость | D28: 2588356.1 | E28: тыс.руб.
B29: в том числе:
B30: строительных работ | D30: 2588356.1 | E30: тыс.руб. | K30: Средства на оплату труда рабочих | O30: 151766.29 | P30: тыс.руб.
B31: монтажных работ | D31: 0 | E31: тыс.руб. | K31: Средства на оплату труда машинистов | O31: 62585.33 | P31: тыс.руб.
B32: оборудования | D32: 0 | E32: тыс.руб. | K32: Нормативные затраты труда рабочих | O32: 313871.38 | P32: чел.-ч.
B33: прочих затрат | D33: 0 | E33: тыс.руб. | K33: Нормативные затраты труда машинистов | O33: 93683.58 | P33: чел.-ч.
A35: № п/п | B35: Обоснование | C35: Наименование работ и затрат | H35: Единица измерения | I35: Количество | L35: Сметная стоимость, руб.
I37: на единицу измерения | J37: коэффициенты | K37: всего с учетом коэффициентов | L37: на единицу измерения в базисном уровне цен | M37: индекс | N37: на единицу измерения в текущем уровне цен | O37: коэффициенты | P37: всего в текущем уровне цен
A38: 1 | B38: 2 | C38: 3 | H38: 4 | I38: 5 | J38: 6 | K38: 7 | L38: 8 | M38: 9 | N38: 10 | O38: 11 | P38: 12
A39: Раздел 1. Устройство снегоудерживающих барьеров в очаге I4. Свыше отм.+1500 м. до отм. +2500 м. над уровнем моря | GO39: Раздел 1. Устройство снегоудерживающих барьеров в очаге I4. Свыше отм.+1500 м. до отм. +2500 м. над уровнем моря
A40: Монтаж стоек | GP40: Монтаж стоек
A41: 1 | B41: ГЭСН09-04-006-01 | C41: Монтаж фахверка | H41: т | I41: 10.97 | J41: 1 | K41: 10.97 | GQ41: Монтаж фахверка
C42: Итого прямые затраты | P42: 265155.63 | GV42: Итого прямые затраты
C43: ФОТ | P43: 144590.75 | GW43: ФОТ
B44: Пр/812-009.0-1 | C44: НР Строительные металлические конструкции | H44: % | I44: 93 | K44: 93 | P44: 134469.4 | GW44: НР Строительные металлические конструкции
B45: Пр/774-009.0 | C45: СП Строительные металлические конструкции | H45: % | I45: 62 | K45: 62 | P45: 89646.27 | GW45: СП Строительные металлические конструкции
C46: Всего по позиции | N46: 44600.85 | P46: 489271.3 | GX46: Всего по позиции
A47: Установка снегоудерживающих барьеров | GP47: Установка снегоудерживающих барьеров
A48: 2 | B48: ГЭСН01-02-140-06 | C48: Устройство сетчатой системы укрепления склонов вида «нагель-сеть» на основе сети из высокопрочной стальной проволоки и анкерных прижимных пластин с креплением к буроинъекционным нагелям для склонов: средней крутизны | H48: 100 м2 | I48: 4.284 | J48: 1 | K48: 4.284 | GQ48: Устройство сетчатой системы укрепления склонов вида «нагель-сеть» на основе сети из высокопрочной стальной проволоки и анкерных прижимных пластин с креплением к буроинъекционным нагелям для склонов: средней крутизны
C49: Объем=428,4 / 100 | GY49: Объем=428,4 / 100
C50: Итого прямые затраты | P50: 755020.48 | GV50: Итого прямые затраты
C51: ФОТ | P51: 717684.51 | GW51: ФОТ
B52: Пр/812-001.4-1 | C52: НР Земляные работы, выполняемые по другим видам работ (подготовительным, сопутствующим, укрепительным) | H52: % | I52: 89 | K52: 89 | P52: 638739.21 | GW52: НР Земляные работы, выполняемые по другим видам работ (подготовительным, сопутствующим, укрепительным)
B53: Пр/774-001.4 | C53: СП Земляные работы, выполняемые по другим видам работ (подготовительным, сопутствующим, укрепительным) | H53: % | I53: 41 | K53: 41 | P53: 294250.65 | GW53: СП Земляные работы, выполняемые по другим видам работ (подготовительным, сопутствующим, укрепительным)
C54: Всего по позиции | N54: 394026.69 | P54: 1688010.3 | GX54: Всего по позиции
A56: 3 | B56: ТЦ_59.1.01.07_18_1832068404_22.08.2025_01-1_1.1 | C56: Комплект поставки снегоудерживающей конструкции БарС-3-ЭВ2.75-Ц | H56: м | I56: 168 | J56: 1 | K56: 168 | N56: 69100.09 | P56: 11608815 | GQ56: Комплект поставки снегоудерживающей конструкции БарС-3-ЭВ2.75-Ц
C57: Всего по позиции | P57: 11608815 | GX57: Всего по позиции
A58: 4 | B58: ТЦ_59.1.01.07_18_1832068404_22.08.2025_01-1_2.1 | C58: Пластина стальная угловая 200х238х112х8, отверстие 36мм | H58: шт | I58: 100 | J58: 1 | K58: 100 | N58: 2830.93 | P58: 283093 | GQ58: Пластина стальная угловая 200х238х112х8, отверстие 36мм
C59: Всего по позиции | P59: 283093 | GX59: Всего по позиции
C61: Итоги по разделу 1 Устройство снегоудерживающих барьеров в очаге I4. Свыше отм.+1500 м. до отм. +2500 м. над уровнем моря : | GZ61: Итоги по разделу 1 Устройство снегоудерживающих барьеров в очаге I4. Свыше отм.+1500 м. до отм. +2500 м. над уровнем моря :
C62: Всего прямые затраты (справочно) | P62: 12912084 | HA62: Всего прямые затраты (справочно)
C63: в том числе: | HA63: в том числе:
C64: Оплата труда рабочих | P64: 739217.64 | HA64: Оплата труда рабочих
C65: Эксплуатация машин | P65: 122915.44 | HA65: Эксплуатация машин
C66: Оплата труда машинистов (Отм) | P66: 123057.62 | HA66: Оплата труда машинистов (Отм)
C67: Материалы | P67: 11926894 | HA67: Материалы
C68: Строительные работы | P68: 14069190 | HA68: Строительные работы
C69: в том числе: | HA69: в том числе:
C70: оплата труда | P70: 739217.64 | HA70: оплата труда
C71: эксплуатация машин и механизмов | P71: 122915.44 | HA71: эксплуатация машин и механизмов
C72: оплата труда машинистов (Отм) | P72: 123057.62 | HA72: оплата труда машинистов (Отм)
C73: материалы | P73: 11926894 | HA73: материалы
C74: накладные расходы | P74: 773208.61 | HA74: накладные расходы
C75: сметная прибыль | P75: 383896.92 | HA75: сметная прибыль
C76: Всего ФОТ (справочно) | P76: 862275.26 | HA76: Всего ФОТ (справочно)
C77: Всего накладные расходы (справочно) | P77: 773208.61 | HA77: Всего накладные расходы (справочно)
C78: Всего сметная прибыль (справочно) | P78: 383896.92 | HA78: Всего сметная прибыль (справочно)
C79: Всего по разделу 1 Устройство снегоудерживающих барьеров в очаге I4. Свыше отм.+1500 м. до отм. +2500 м. над уровнем моря | P79: 14069190 | HB79: Всего по разделу 1 Устройство снегоудерживающих барьеров в очаге I4. Свыше отм.+1500 м. до отм. +2500 м. над уровнем моря
C80: справочно: | HA80: справочно:
C81: Материальные ресурсы, отсутствующие в ФРСН | P81: 11891908 | HA81: Материальные ресурсы, отсутствующие в ФРСН
C82: Затраты труда рабочих | K82: 1514,20328 | HC82: Затраты труда рабочих
C83: Затраты труда машинистов | K83: 273,9058 | HC83: Затраты труда машинистов
A84: Раздел 2. Устройство грунтовых анкеров в очаге I4. Ниже 2500 м | GO84: Раздел 2. Устройство грунтовых анкеров в очаге I4. Ниже 2500 м
A85: Дополнительная перевозка материалов от временного склада №1 до временного склада №2 на 11,1 км согласно ТС ПОС, согласованной с Заказчиком | HD85: Дополнительная перевозка материалов от временного склада №1 до временного склада №2 на 11,1 км согласно ТС ПОС, согласованной с Заказчиком
A86: 5 | B86: ГЭСН05-03-007-03 | C86: Устройство крепления стен котлована грунтовыми стержневыми инъекционными анкерами (АИ) с расчетной несущей способностью анкера по тяге до 42 тс при бурении скважин в грунтах группы: 3 | H86: м анкера | I86: 167.52 | J86: 1 | K86: 167.52 | GQ86: Устройство крепления стен котлована грунтовыми стержневыми инъекционными анкерами (АИ) с расчетной несущей способностью анкера по тяге до 42 тс при бурении скважин в грунтах группы: 3
C87: Итого прямые затраты | P87: 1861215.6 | GV87: Итого прямые затраты
C88: ФОТ | P88: 258605.04 | GW88: ФОТ
B89: Пр/812-005.3-1 | C89: НР Закрепление грунтов | H89: % | I89: 94 | K89: 94 | P89: 243088.74 | GW89: НР Закрепление грунтов
B90: Пр/774-005.3 | C90: СП Закрепление грунтов | H90: % | I90: 52 | K90: 52 | P90: 134474.62 | GW90: СП Закрепление грунтов
C91: Всего по позиции | N91: 13364.25 | P91: 2238779 | GX91: Всего по позиции
A92: 6 | B92: 01.4.01.03-0147 | C92: Долото трехшарошечное III 1460К-ПВ | H92: шт | I92: -0.938112 | J92: 1 | K92: -0.938112 | L92: 14867.42 | M92: 1.7 | N92: 25274.61 | P92: -23710.41 | GQ92: Долото трехшарошечное III 1460К-ПВ
C93: Всего по позиции | P93: -23710.41 | GX93: Всего по позиции
A94: 7 | B94: 01.7.03.01-0001 | C94: Вода | H94: м3 | I94: -3.3504 | J94: 1 | K94: -3.3504 | L94: 35.71 | M94: 0.51 | N94: 18.21 | P94: -61.01 | GQ94: Вода
C95: Всего по позиции | P95: -61.01 | GX95: Всего по позиции
A96: 8 | B96: 03.2.01.01-0003 | C96: Портландцемент бездобавочный общестроительный ЦЕМ 0 42,5Н | H96: т | I96: -1.00512 | J96: 1 | K96: -1.00512 | L96: 4885.85 | M96: 1.81 | N96: 8843.39 | P96: -8888.67 | GQ96: Портландцемент бездобавочный общестроительный ЦЕМ 0 42,5Н
C97: Всего по позиции | P97: -8888.67 | GX97: Всего по позиции
A98: 9 | B98: 23.8.01.07-1004 | C98: Муфты полимерные соединительные компрессионные, диаметр 50х50 мм | H98: 10 шт | I98: -2.84784 | J98: 1 | K98: -2.84784 | L98: 3966.25 | M98: 1.04 | N98: 4124.9 | P98: -11747.06 | GQ98: Муфты полимерные соединительные компрессионные, диаметр 50х50 мм
C99: Всего по позиции | P99: -11747.06 | GX99: Всего по позиции
A100: 10 | B100: 24.3.04.11-1000 | C100: Трубка из поливинилхлоридного пластиката, наружный диаметр 51 мм | H100: м | I100: -132.3408 | J100: 1 | K100: -132.3408 | L100: 88.7 | M100: 1.34 | N100: 118.86 | P100: -15730.03 | GQ100: Трубка из поливинилхлоридного пластиката, наружный диаметр 51 мм
C101: Всего по позиции | P101: -15730.03 | GX101: Всего по позиции
A102: 11 | B102: ГЭСН05-03-007-04 | C102: Устройство крепления стен котлована грунтовыми стержневыми инъекционными анкерами (АИ) с расчетной несущей способностью анкера по тяге до 42 тс при бурении скважин в грунтах группы: 4 | H102: м анкера | I102: 456.48 | J102: 1 | K102: 456.48 | GQ102: Устройство крепления стен котлована грунтовыми стержневыми инъекционными анкерами (АИ) с расчетной несущей способностью анкера по тяге до 42 тс при бурении скважин в грунтах группы: 4
C103: Итого прямые затраты | P103: 5626235.5 | GV103: Итого прямые затраты
C104: ФОТ | P104: 764617.57 | GW104: ФОТ
B105: Пр/812-005.3-1 | C105: НР Закрепление грунтов | H105: % | I105: 94 | K105: 94 | P105: 718740.52 | GW105: НР Закрепление грунтов
B106: Пр/774-005.3 | C106: СП Закрепление грунтов | H106: % | I106: 52 | K106: 52 | P106: 397601.14 | GW106: СП Закрепление грунтов
C107: Всего по позиции | N107: 14770.81 | P107: 6742577.2 | GX107: Всего по позиции
A108: 12 | B108: 01.4.01.03-0147 | C108: Долото трехшарошечное III 1460К-ПВ | H108: шт | I108: -4.199616 | J108: 1 | K108: -4.199616 | L108: 14867.42 | M108: 1.7 | N108: 25274.61 | P108: -106143.66 | GQ108: Долото трехшарошечное III 1460К-ПВ
C109: Всего по позиции | P109: -106143.66 | GX109: Всего по позиции
A110: 13 | B110: 01.7.03.01-0001 | C110: Вода | H110: м3 | I110: -9.1296 | J110: 1 | K110: -9.1296 | L110: 35.71 | M110: 0.51 | N110: 18.21 | P110: -166.25 | GQ110: Вода
...

Sheet СР-1
A2: "Выполнение проектно-изыскательских работ на реконструкцию снегоудерживающих сооружений ВТРК «Эльбрус». Этап 1"
A4: СМЕТНЫЙ РАСЧЕТ № СР-1
A5: Затраты по перевозке работников от места временного проживания к месту производства работ и обратно автомобильным транспортом
B7: Основание: | C7: СТ5494-580.01-ПОС
B8: Обоснование: | C8: Методика определения сметной стоимости строительства, реконструкции, капитального ремонта, сноса объектов капитального строительства, работ по сохранению объектов культурного наследия (памятников истории и культуры) народов Российской Федерации на территории Российской Федерации (Приказ Минстроя России от 04.08.2020 N 421/пр (в ред. Приказов Минстроя РФ от 07.07.2022 N 557/пр, от 30.01.2024 N 55/пр, от 25.01.2025 №30/пр))
A10: №№ | B10: Наименование затрат | C10: Обоснование | D10: Формула расчета | E10: Ед изм. | F10: Кол-во/цена
A11: 1 | B11: Затраты на проезд работников от места временного проживания до места производства работ и обратно | D11: =CONCATENATE(F19, " дня х ", F15, " чел. х ",F20," руб/чел ",) -> 242 дня х 274 чел. х 58,33 руб/чел | E11: руб | F11: =F19*F15*F20 -> 3867745.6
A12: 1.1 | B12: Количество смен | C12: СТ5494-580.01-ПОС; лист 13 | E12: смена | F12: 2
A13: 1.2 | B13: Продолжительность рабочей смены | C13: СТ5494-580.01-ПОС; лист 13 | E13: час. | F13: 8
A14: 1.3 | B14: Продолжительность рабочей недели | C14: СТ5494-580.01-ПОС; лист 13 | E14: дней | F14: 5
A15: 1.4 | B15: Количество работающих всех категорий при двухсменном режиме работы | C15: СТ5494-580.01-ПОС; лист 66 | D15: 137*2 (в две смены все работающие) | E15: чел | F15: =137*2 -> 274
A16: 1.5 | B16: Количество рейсов в 1 сутки от места проживания до места производства работ и обратно без выезда на обед. | C16: СТ5494-580.01-ПОС; лист 38 | D16: 274/28 (1.4/1.16) | E16: рейс | F16: =ROUND(F15/F34,0) -> 10
A17: 1.6 | B17: Количество рабочих дней в 1 месяц | D17: =CONCATENATE("30 / 7 х ",F14) -> 30 / 7 х 5 | E17: дней | F17: =ROUNDUP(30/7*F14,0) -> 22
A18: 1.7 | B18: Срок строительства объекта | C18: Директивный срок строительства, определен Заказчиком Письмо №60-26-3857 от 31.08.2026 (приложение 10 СТ5494-580.01-ПОС); СТ5494-580.01-ПОС лист 71 | E18: мес | F18: 11
A19: 1.8 | B19: Кол-во рабочих дней за период строительства | D19: =CONCATENATE(F17, "дн х ",F18," мес.") -> 22дн х 11 мес. | E19: дней | F19: =F17*F18 -> 242
A20: 1.9 | B20: Цт- цена перевозки одного командированного работника автомобильным транспортом | C20: формула 3.1 Приказа №318/пр от 15.06.2020 (в ред. от 28.12.2021) | D20: Цт= ((Пп*2)/С+Во)*1,035*Сцэ/N | E20: руб/чел | F20: =ROUND(((F24*D22)/F25+F33)*D23*F26/F34,2) -> 58.33
D21: =CONCATENATE("((",F24," х ",D22," ) / ",F25,"+","0",")"," х ",D23," х ",F26, " / ",F34) -> ((8,4 х 2 ) / 24+0) х 1,035 х 2254,26 / 28
A22: 1.10 | B22: 2-коэффициент, учитывающий расстояние от места временного проживания до места производства работ и обратно; | D22: 2
A23: 1.11 | B23: 1,035 - коэффициент, учитывающий подготовительно-заключительное время для выполнения необходимых работ перед выездом на рейс и по возвращении на автотранспортное предприятие, а также на проведение предрейсового медицинского осмотра | D23: 1.035
A24: 1.12 | B24: Пп -плечо перевозки (Согласно ПОС расстояние перевозки с. Терскол до места производства работ) | C24: СТ5494-580.01-ПОС; лист 116 | E24: км | F24: 8.4
A25: 1.13 | B25: Скорость передвижения автобуса в горных условиях со скоростью - 24 км/час | C25: СТ5494-580.01-ПОС; лист 24 | D25: С | E25: км/час | F25: 24
A26: 1.14 | B26: Сцэ - сметная цена в уровне цен, сложившемся ко времени составления сметной документации (далее - текущий уровень цен), или сметная цена в уровне цен, сложившемся на определенную дату, принятую в качестве базисного уровня (далее - базисный уровень цен), на эксплуатацию автотранспортного средства с учетом заработной платы водителя автотранспортного средства, накладных расходов и сметной прибыли (нормативы накладных расходов и сметной прибыли принимаются в размере, предусмотренном сметными нормативами, сведения о которых включены в ФРСН, на перевозку работников автомобильным транспортом) | D26: =CONCATENATE(F28, "х",F29,"+(",F30,"+",F30,"х",F31,"+",F30,"х",F32,")") -> 1109,41х1+(397,17+397,17х1+397,17х0,88) | E26: руб/маш-ч | F26: =ROUND(F28+F29+F30+F30*F31+F30*F32,2) -> 2254.26
B27: Автобусы вахтовые вместимостью, до 30 человек | C27: ФСЭМ-91.13.03-072 | E27: маш-ч
B28: Сметная цена в уровне цен по состоянию на 4 кв. 2025 года, руб. | E28: руб | F28: =1109.41 -> 1109.41
B29: Индекс изменения сметной стоимости к группе однородных строительных ресурсов | D29: IV кв.2025г | F29: 1
B30: Средний разряд машинистов 5,0 | C30: 4-100-050 | D30: IV кв.2025г | E30: руб | F30: 397.17
B31: Накладные расходы | C31: п.110 | D31: Приложения к Приказу 812/пр от 21.12.2020 (в ред приказа 611/пр) | E31: % | F31: 1
B32: Сметная прибыль | C32: п.110 | D32: Приложения к Приказу 774/пр от 11.12.2020 (в ред приказа 317/пр) | E32: % | F32: 0.88
A33: 1.15 | B33: Во - время на запланированные остановки при длительном нахождении в пути (в составе приведенной в ПОС схемы перевозки) | D33: Во | E33: час/рейс
A34: 1.16 | B34: N- количество мест пассажиров | C34: СТ5494-580.01-ПОС; л.21 | D34: вахтовый автобус 42261, на базе КАМАЗ-43118 6х6 | E34: кол-во мест | F34: 28
A36: Составил: ___________________________ И.В.Ряховская
A37: (должность, подпись, расшифровка)

Sheet СР-2_командировочные
A2: Выполнение проектно-изыскательских работ на реконструкцию снегоудерживающих сооружений ВТРК «Эльбрус». Этап 1
A4: СМЕТНЫЙ РАСЧЕТ № СР-2
A5: Расходы, связанные с командировками рабочих, привлекаемых для выполнения строительства, от места сбора до территории строительства и обратно.
B7: Основание: | C7: СТ5494-580.01-ПОС
B8: Обоснование: | C8: Методика определения сметной стоимости строительства, реконструкции, капитального ремонта, сноса объектов капитального строительства, работ по сохранению объектов культурного наследия (памятников истории и культуры) народов Российской Федерации на территории Российской Федерации (Приказ Минстроя России от 04.08.2020 N 421/пр (в ред. Приказов Минстроя РФ от 07.07.2022 N 557/пр, от 30.01.2024 N 55/пр, от 25.01.2025 №30/пр))
A10: №№ | B10: Наименование затрат | C10: Обоснование | D10: Формула расчета | E10: Ед изм. | F10: Кол-во/цена
A11: 1 | B11: Затраты на проезд работников от пункта сбора (г. Нальчик) до места временного проживания (с. Терскол) и обратно | D11: =CONCATENATE(F14, " рейс х ", F15, " чел. х ",F16," руб/чел") -> 6 рейс х 192 чел. х 566,13 руб/чел | E11: руб | F11: =F14*F15*F16 -> 652181.76
A12: 1.1 | B12: Срок строительства объекта | C12: Директивный срок строительства, определен Заказчиком Письмо №60-26-3857 от 31.08.2026 (приложение 10 СТ5494-580.01-ПОС); СТ5494-580.01-ПОС лист 71 | E12: мес | F12: 11
A13: 1.2 | B13: Продолжительность пребывания работников в командировке | C13: СТ5494-580.01-ПОС, л.13 | E13: мес | F13: 2
A14: 1.3 | B14: Кол-во рейсов (туда и обратно) | C14: СТ5494-580.01-ПОС, л.13 | D14: =CONCATENATE(F12," мес/ ",F13," мес") -> 11 мес/ 2 мес | E14: рейс | F14: =ROUNDUP(F12/F13,0) -> 6
A15: 1.4 | B15: Количество работающих всех категорий при двухсменном режиме работы , с учетом 30 % местного населения Письмо АО "КАВКАЗ РФ" №60-26-3860 от 31.08.2026 | C15: СТ5494-580.01-ПОС, л.66, 19 | D15: 137*2*0,7 | E15: чел | F15: =ROUND(137*2*0.7,0) -> 192
A16: 1.5 | B16: Цт- цена перевозки одного работника автомобильным транспортом | C16: формула 3.1 Приказа №318/пр от 15.06.2020 (в ред. от 28.12.2021) | D16: Цт= ((Пп*2)/С+Во)*1,035*Сцэ/N | E16: руб/чел | F16: =ROUND(((F20*D18)/F22+(F21*D18)/F23+F31)*D19*F24/F32,2) -> 566.13
D17: =CONCATENATE("((",F20,"х ",D18," )/",F22,"+(",F21,"х ",D18," )/",F23,"+","0",")"," х ",D19," х ",F24, " / ",F32) -> ((84х 2 )/51+(42х 2 )/24+0) х 1,035 х 2254,26 / 28
A18: 1.6 | B18: 2-коэффициент, учитывающий расстояние от места проживания до места производства работ и обратно; | D18: 2
A19: 1.7 | B19: 1,035 - коэффициент, учитывающий подготовительно-заключительное время для выполнения необходимых работ перед выездом на рейс и по возвращении на автотранспортное предприятие, а также на проведение предрейсового медицинского осмотра | D19: 1.035
A20: 1.8 | B20: Пп -плечо перевозки (Согласно усредненное расстояние ПОС г. Нальчик - г. Тырныауз) | C20: СТ5494-580.01-ПОС; лист 24 | D20: Пп1 | E20: км | F20: =84 -> 84
A21: 1.9 | B21: Пп -плечо перевозки (Согласно ПОС усредненное расстояние г. Тырныауз - с. Терскол) | C21: СТ5494-580.01-ПОС; лист 24 | D21: Пп2 | E21: км | F21: 42
A22: 1.10 | B22: Скорость передвижения автобуса по дорогам общего пользования (г. Нальчик- г. Тырныауз) 84 км со скоростью -51 км/час | C22: СТ5494-580.01-ПОС; лист 24 | D22: С1 | E22: км/час | F22: 51
A23: 1.11 | B23: Скорость передвижения автобуса в горных условиях 42 км (г. Тырныауз - с. Терскол) - 24 км/час | C23: =C22 -> СТ5494-580.01-ПОС; лист 24 | D23: С2 | E23: км/час | F23: 24
A24: 1.12 | B24: Сцэ - сметная цена в уровне цен, сложившемся ко времени составления сметной документации (далее - текущий уровень цен), или сметная цена в уровне цен, сложившемся на определенную дату, принятую в качестве базисного уровня (далее - базисный уровень цен), на эксплуатацию автотранспортного средства с учетом заработной платы водителя автотранспортного средства, накладных расходов и сметной прибыли (нормативы накладных расходов и сметной прибыли принимаются в размере, предусмотренном сметными нормативами, сведения о которых включены в ФРСН, на перевозку работников автомобильным транспортом) | D24: =CONCATENATE(F26, "х",F27,"+(",F28,"+",F28,"х",F29,"+",F28,"х",F30,")") -> 1109,41х1+(397,17+397,17х1+397,17х0,88) | E24: руб/маш-ч | F24: =ROUND(F26+F27+F28+F28*F29+F28*F30,2) -> 2254.26
B25: Автобусы вахтовые вместимостью, до 30 человек | C25: ФСЭМ-91.13.03-072 | E25: маш-ч
B26: Сметная цена в уровне цен по состоянию на 4 кв. 2025, руб. | E26: руб | F26: 1109.41
B27: Индекс изменения сметной стоимости к группе однородных строительных ресурсов | D27: IV кв.2025г | F27: 1
B28: Средний разряд машинистов 5,0 | C28: 4-100-050 | D28: IV кв.2025г | E28: руб | F28: 397.17
B29: Накладные расходы | C29: п.110 | D29: п.110, гр. 3 приложения к Методике № 812/пр | E29: % | F29: 1
B30: Сметная прибыль | C30: п.110 | D30: п.110 приложения к Методике № 774/пр | E30: % | F30: 0.88
A31: 1.13 | B31: Во - время на запланированные остановки при длительном нахождении в пути (в составе приведенной в ПОС схемы перевозки) | D31: Во | E31: час/рейс
A32: 1.14 | B32: N- количество мест пассажиров | C32: СТ5494-580.01-ПОС; лист 28 | D32: вахтовый автобус 42261, на базе КАМАЗ-43118 6х6 | E32: кол-во мест | F32: 28
A33: 2 | B33: Затраты на оплату проживания и суточные рабочих в уровне цен IV кв 2025г | D33: =CONCATENATE(F34," дн х ",F35," чел. х (",F36," руб + ",F37," руб)") -> 330 дн х 192 чел. х (384,58 руб + 100 руб) | E33: руб. | F33: =F34*F35*(F36+F37) -> 30702989
A34: 2.1 | B34: Срок строительства объекта | C34: Директивный срок строительства, определен Заказчиком Письмо №60-26-3857 от 31.08.2026 (приложение 10 СТ5494-580.01-ПОС) СТ5494-580.01-ПОС лист 71 | D34: =CONCATENATE(F12, " мес. х 30 дн.") -> 11 мес. х 30 дн. | E34: дни | F34: =F12*30 -> 330
A35: 2.2 | B35: Количество работающих всех категорий при двухсменном режиме работы | C35: СТ5494-580.01-ПОС, л.66 | E35: чел | F35: =F15 -> 192
A36: 2.3 | B36: Затраты по найму жилого помещения на 1чел. в сутки | C36: Результат конъюнктурного анализа ТЦ_55.2.00.00_77_780217741950_25.03.2026_01_21.1 | E36: руб. | F36: 384.58
A37: 2.4 | B37: Затраты на выплату суточных на 1чел. в сутки | C37: ПП РФ №729 п.1б) | E37: руб. | F37: 100
A38: 3 | B38: ВСЕГО расходы на перевозку и проживание рабочих , привлекаемых для строительно-монтажных работ | E38: руб. | F38: =F33+F11 -> 31355171
A40: Составил: ___________________________ И.В.Ряховская
A41: (должность, подпись, расшифровка)

Sheet СР-3 Электроэнергия 
A1: объект: | B1: Выполнение проектно-изыскательских работ на реконструкцию снегоудерживающих сооружений ВТРК «Эльбрус». Этап 1
A3: РАСЧЕТ № СР-6
A4: Определение разницы в стоимости электроэнергии, получаемой от передвижных источников электроснабжения
B5: Общая стоимость на 4 кв. 2025г. | D5: =F8/1000 -> 86.77 | E5: тыс.руб.
A6: № пп | B6: Шифр сметного расчета | C6: Расход электроэнергии на объект капитального строительства*, кВт-ч | D6: Сметная цена электроэнергии, получаемой от постоянных источников в текущем уровне цен по состоянию на 4 квартал 2025 г. для КБР**, руб./кВт-ч | E6: Сметная цена электроэнергии, получаемой от передвижных источников в текущем уровне цен по состоянию на 4 квартал 2025 г. для КБР***, руб./кВт-ч | F6: Разница в стоимости электроэнергии в текущем уровне цен по состоянию на 4 квартал 2025 г. для КБР, руб. ст.3 х (ст.5 - ст.4)
A7: 1 | B7: =A7+1 -> 2 | C7: =B7+1 -> 3 | D7: =C7+1 -> 4 | E7: =D7+1 -> 5 | F7: =E7+1 -> 6
A8: 1 | C8: =C9 -> 11138.24 | F8: =F9 -> 86766.89
A9: 1.1 | B9: ЛСР № 02-01-01 | C9: 11138.24 | D9: =$E$11 -> 7.6 | E9: =$E$12 -> 15.39 | F9: =ROUND(C9*(E9-D9),2) -> 86766.89
A10: * в соответствии с данными проектной и (или) иной технической документации (на объект в целом или по локальным (объектным) сметным расчетам (сметам))
A11: ** Сметная цена электроэнергии от постоянных источников в текущем уровне цен ФСБЦ-01.7.03.04-0001: | E11: 7.6 | F11: руб./кВт-ч
A12: *** Сметная цена электроэнергии от передвижных источников в текущем уровне цен: | E12: =ROUND((E14*E15+E16*(1+E17/100+E18/100))/E13,2) -> 15.39 | F12: руб./кВт-ч
A13: мощность электростанций передвижных (дизельные электростанции АД-20 мощностью 20 кВт - 9 шт.): | E13: =20*9 -> 180 | F13: кВт
A14: сметная цена электростанций передвижных, мощностью 20 кВт (91.16.01-003) в уровне цен по состоянию на 01.01.2022: | E14: =E16+E17+E18 -> 812.14 | F14: руб./маш.-ч
A15: индекс по ГОСР для КБР на 4 квартал 2025 г.: | E15: 1
A16: оплата труда машинистов (4 разряд) в текущем уровне цен по состоянию на 4 квартал 2025 г. | E16: 345.59 | F16: руб./маш.-ч
A17: накладные расходы (п.109 Методики по разработке и применению нормативов накладных расходов при определении сметной стоимости строительства, реконструкции, капитального ремонта, сноса объектов капитального строительства, утвержденной приказом Минстроя России от 21.12.2020 № 812/пр | E17: =E16*78% -> 269.56 | F17: %
A18: сметная прибыль (п. 109 Методики по разработке и применению нормативов сметной прибыли при определении сметной стоимости строительства, реконструкции, капитального ремонта, сноса объектов капитального строительства, утвержденной приказом Минстроя России от 11.12.2020 № 774/пр) | E18: =ROUND(E16*57%,2) -> 196.99 | F18: %
A20: Составил: | B20: __гл специалист отдела смет____________________________________________ | D20: _______________И.В.Ряховская_____________ | F20: ____________________________
B21: (должность) | D21: (подпись) | F21: (расшифровка подписи)

Sheet ООС таб.6.1.1

Sheet ООС таб.6.1.2

Sheet ООС таб.6.1.3

Sheet ЛСР-09-01-01
P1: Приложение № 3
P2: Утверждено приказом Минстроя РФ № 421/пр от 4 августа 2020 г. в редакции приказа № 557/пр от 7 июля 2022 г.
A4: Наименование программного продукта | G4: ГРАНД-Смета, версия 2026.2
A5: Наименование редакции сметных нормативов | G5: Приказ Минстроя России от 30.12.2021 № 1046/пр; Приказ Минстроя России от 04.08.2020 № 421/пр; Приказ Минстроя России от 21.12.2020 № 812/пр; Приказ Минстроя России от 11.12.2020 № 774/пр; Приказ Минстроя России от 02.08.2023 № 551/пр; Приказ Минстроя России от 14.11.2023 № 817/пр; Приказ Минстроя России от 16.02.2024 № 102/пр; Приказ Минстроя России от 13.05.2024 №323/пр; Приказ Минстроя России от 09.08.2024 №524/пр; Приказ Минстроя России от 07.11.2024 №747/пр; Приказ Минстроя России от 23.01.2025 №30/пр; Приказ Минстроя России от 07.02.2025 №69/пр; Приказ Минстроя России от 19.05.2025 №299/пр; Приказ Минстроя России от 14.08.2025 №490/пр; Приказ Минстроя России от 12.11.2025 №696/пр | AB5: Наименование редакции сметных нормативов | AH5: Приказ Минстроя России от 30.12.2021 № 1046/пр; Приказ Минстроя России от 04.08.2020 № 421/пр; Приказ Минстроя России от 21.12.2020 № 812/пр; Приказ Минстроя России от 11.12.2020 № 774/пр; Приказ Минстроя России от 02.08.2023 № 551/пр; Приказ Минстроя России от 14.11.2023 № 817/пр; Приказ Минстроя России от 16.02.2024 № 102/пр; Приказ Минстроя России от 13.05.2024 №323/пр; Приказ Минстроя России от 09.08.2024 №524/пр; Приказ Минстроя России от 07.11.2024 №747/пр; Приказ Минстроя России от 23.01.2025 №30/пр; Приказ Минстроя России от 07.02.2025 №69/пр; Приказ Минстроя России от 19.05.2025 №299/пр; Приказ Минстроя России от 14.08.2025 №490/пр; Приказ Минстроя России от 12.11.2025 №696/пр
A6: Реквизиты приказа Минстроя России об утверждении дополнений и изменений к сметным нормативам | G6: Приказ Минстроя России от 18 мая 2022 г. № 378/пр, Приказ Минстроя России от 26 августа 2022 г. № 703/пр, Приказ Минстроя России от 26 октября 2022 г. № 905/пр, Приказ Минстроя России от 27 декабря 2022 г. № 1133/пр, Приказ Минстроя России от 10 февраля 2023 г. № 84/пр, Приказ Минстроя России от 11.05.2023 №335/пр; Приказ Минстроя России от 07.07.2022 № 557/пр; Приказ Минстроя России от 02.09.2021 № 636/пр, Приказ Минстроя России от 26.07.2022 № 611/пр; Приказ Минстроя России от 22.04.2022 № 317/пр; Приказ Минстроя России от 02.08.2023 № 551/пр; Приказ Минстроя России от 14.11.2023 № 817/пр; Приказ Минстроя России от 30.01.2024 № 55/пр; Приказ Минстроя России от 16.02.2024 № 102/пр; Приказ Минстроя России от 13.05.2024 №323/пр; Приказ Минстроя России от 09.08.2024 №524/пр; Приказ Минстроя России от 07.11.2024 №747/пр; Приказ Минстроя России от 23.01.2025 №30/пр; Приказ Минстроя России от 07.02.2025 №69/пр; Приказ Минстроя России от 19.05.2025 №299/пр; Приказ Минстроя России от 14.08.2025 №490/пр; Приказ Минстроя России от 12.11.2025 №696/пр | AR6: Реквизиты приказа Минстроя России об утверждении дополнений и изменений к сметным нормативам | AX6: Приказ Минстроя России от 18 мая 2022 г. № 378/пр, Приказ Минстроя России от 26 августа 2022 г. № 703/пр, Приказ Минстроя России от 26 октября 2022 г. № 905/пр, Приказ Минстроя России от 27 декабря 2022 г. № 1133/пр, Приказ Минстроя России от 10 февраля 2023 г. № 84/пр, Приказ Минстроя России от 11.05.2023 №335/пр; Приказ Минстроя России от 07.07.2022 № 557/пр; Приказ Минстроя России от 02.09.2021 № 636/пр, Приказ Минстроя России от 26.07.2022 № 611/пр; Приказ Минстроя России от 22.04.2022 № 317/пр; Приказ Минстроя России от 02.08.2023 № 551/пр; Приказ Минстроя России от 14.11.2023 № 817/пр; Приказ Минстроя России от 30.01.2024 № 55/пр; Приказ Минстроя России от 16.02.2024 № 102/пр; Приказ Минстроя России от 13.05.2024 №323/пр; Приказ Минстроя России от 09.08.2024 №524/пр; Приказ Минстроя России от 07.11.2024 №747/пр; Приказ Минстроя России от 23.01.2025 №30/пр; Приказ Минстроя России от 07.02.2025 №69/пр; Приказ Минстроя России от 19.05.2025 №299/пр; Приказ Минстроя России от 14.08.2025 №490/пр; Приказ Минстроя России от 12.11.2025 №696/пр
A7: Реквизиты письма Минстроя России об индексах изменения сметной стоимости строительства, включаемые в федеральный реестр сметных нормативов и размещаемые в федеральной государственной информационной системе ценообразования в строительстве, подготовленного в соответствии пунктом 85 Методики расчета индексов изменения сметной стоимости строительства, утвержденной приказом Министерства строительства и жилищно-коммунального хозяйства Российской Федерации от 5 июня 2019 г. № 326/пр | G7: Письмо Минстроя России от 21.11.2025 № 71782-ИФ/09 | Q7: Реквизиты письма Минстроя России об индексах изменения сметной стоимости строительства, включаемые в федеральный реестр сметных нормативов и размещаемые в федеральной государственной информационной системе ценообразования в строительстве, подготовленного в соответствии пунктом 85 Методики расчета индексов изменения сметной стоимости строительства, утвержденной приказом Министерства строительства и жилищно-коммунального хозяйства Российской Федерации от 5 июня 2019 г. № 326/пр¹ | R7: Письмо Минстроя России от 21.11.2025 № 71782-ИФ/09 | BH7: Реквизиты письма Минстроя России об индексах изменения сметной стоимости строительства, включаемые в федеральный реестр сметных нормативов и размещаемые в федеральной государственной информационной системе ценообразования в строительстве, подготовленного в соответствии пунктом 85 Методики расчета индексов изменения сметной стоимости строительства, утвержденной приказом Министерства строительства и жилищно-коммунального хозяйства Российской Федерации от 5 июня 2019 г. № 326/пр | BN7: Письмо Минстроя России от 21.11.2025 № 71782-ИФ/09
A8: Реквизиты нормативного правового акта об утверждении оплаты труда, утверждаемый в соответствии с пунктом 22(1) Правилами мониторинга цен, утвержденными постановлением Правительства Российской Федерации от 23 декабря 2016 г. № 1452 | G8: Приказ Министерства строительства и жилищно-Коммунального хозяйства Кабардино-Балкарской Республики от 04.03.2025 № 34 | Q8: Реквизиты нормативного правового акта об утверждении оплаты труда, утверждаемый в соответствии с пунктом 22(1) Правилами мониторинга цен, утвержденными постановлением Правительства Российской Федерации от 23 декабря 2016 г. № 1452 | R8: Приказ Министерства строительства и жилищно-Коммунального хозяйства Кабардино-Балкарской Республики от 04.03.2025 № 34 | BX8: Реквизиты нормативного правового акта об утверждении оплаты труда, утверждаемый в соответствии с пунктом 22(1) Правилами мониторинга цен, утвержденными постановлением Правительства Российской Федерации от 23 декабря 2016 г. № 1452 | CD8: Приказ Министерства строительства и жилищно-Коммунального хозяйства Кабардино-Балкарской Республики от 04.03.2025 № 34
A9: Обоснование принятых текущих цен на строительные ресурсы | CN9: Обоснование принятых текущих цен на строительные ресурсы
A10: Наименование субъекта Российской Федерации | G10: 07. Кабардино-Балкарская Республика | R10: 07. Кабардино-Балкарская Республика | DD10: Наименование субъекта Российской Федерации | DJ10: 07. Кабардино-Балкарская Республика
A11: Наименование зоны субъекта Российской Федерации | G11: Кабардино-Балкарская Республика | R11: Кабардино-Балкарская Республика | DT11: Наименование зоны субъекта Российской Федерации | DZ11: Кабардино-Балкарская Республика
A13: Выполнение проектно-изыскательских работ на реконструкцию снегоудерживающих сооружений ВТРК «Эльбрус». Этап 1 | EJ13: Выполнение проектно-изыскательских работ на реконструкцию снегоудерживающих сооружений ВТРК «Эльбрус». Этап 1
A14: (наименование стройки)
A16: Инженерная защита территории. Снегоудерживающие барьеры. Этап 1. | EZ16: Инженерная защита территории. Снегоудерживающие барьеры. Этап 1.
A17: (наименование объекта капитального строительства)
A18: ЛОКАЛЬНЫЙ СМЕТНЫЙ РАСЧЕТ (СМЕТА) № ЛСР-09-01-01
A20: Расчет затрат на утилизацию строительных отходов | FP20: Расчет затрат на утилизацию строительных отходов
A21: (наименование работ и затрат)
A22: Составлен | B22: ресурсно-индексным | C22: методом
A23: Основание | B23: СТ5494-580.01-КР-ВР; СТ5494-580.01-КР-C; СТ5494-580.01-ПОС | GF23: СТ5494-580.01-КР-ВР; СТ5494-580.01-КР-C; СТ5494-580.01-ПОС
B24: (проектная и (или) иная техническая документация)
A26: Составлен(а) в текущем уровне цен | C26: IV квартал 2025 года | GK26: IV квартал 2025 года
A28: Сметная стоимость | D28: 10.05 | E28: тыс.руб.
B29: в том числе:
B30: строительных работ | D30: 0 | E30: тыс.руб. | K30: Средства на оплату труда рабочих | O30: 0 | P30: тыс.руб.
B31: монтажных работ | D31: 0 | E31: тыс.руб. | K31: Средства на оплату труда машинистов | O31: 0 | P31: тыс.руб.
B32: оборудования | D32: 0 | E32: тыс.руб. | K32: Нормативные затраты труда рабочих | P32: чел.-ч.
B33: прочих затрат | D33: 10.05 | E33: тыс.руб. | K33: Нормативные затраты труда машинистов | P33: чел.-ч.
A35: № п/п | B35: Обоснование | C35: Наименование работ и затрат | H35: Единица измерения | I35: Количество | L35: Сметная стоимость, руб.
I37: на единицу измерения | J37: коэффициенты | K37: всего с учетом коэффициентов | L37: на единицу измерения в базисном уровне цен | M37: индекс | N37: на единицу измерения в текущем уровне цен | O37: коэффициенты | P37: всего в текущем уровне цен
A38: 1 | B38: 2 | C38: 3 | H38: 4 | I38: 5 | J38: 6 | K38: 7 | L38: 8 | M38: 9 | N38: 10 | O38: 11 | P38: 12
A39: Раздел 1. Расчет затрат на утилизацию строительных отходов | GO39: Раздел 1. Расчет затрат на утилизацию строительных отходов
A40: 1 | B40: ТЦ_38.21.00.00_07_0726008909_01.10.2026_01_19.2 | C40: Строительные отходы: Лом бетонных изделий, отходы бетона в кусковой форме 8 22 201 01 21 5 | H40: т | I40: 9.072 | J40: 1 | K40: 9.072 | N40: 1108.02 | P40: 10051.96 | GP40: Строительные отходы: Лом бетонных изделий, отходы бетона в кусковой форме 8 22 201 01 21 5
C41: Всего по позиции | P41: 10051.96 | GU41: Всего по позиции
C43: Итоги по разделу 1 Расчет затрат на утилизацию строительных отходов : | GV43: Итоги по разделу 1 Расчет затрат на утилизацию строительных отходов :
C44: Всего прямые затраты (справочно) | P44: 10051.96 | GW44: Всего прямые затраты (справочно)
C45: в том числе: | GW45: в том числе:
C46: Материалы | P46: 10051.96 | GW46: Материалы
C47: Прочие затраты | P47: 10051.96 | GW47: Прочие затраты
C48: Отдельные виды работ и затрат, относимые на стоимость прочих работ | P48: 10051.96 | GW48: Отдельные виды работ и затрат, относимые на стоимость прочих работ
C49: в том числе: | GW49: в том числе:
C50: материалы | P50: 10051.96 | GW50: материалы
C51: Всего по разделу 1 Расчет затрат на утилизацию строительных отходов | P51: 10051.96 | GX51: Всего по разделу 1 Расчет затрат на утилизацию строительных отходов
C52: справочно: | GW52: справочно:
C53: Материальные ресурсы, отсутствующие в ФРСН | P53: 10051.96 | GW53: Материальные ресурсы, отсутствующие в ФРСН
C55: Итоги по смете: | GY55: Итоги по смете:
C56: Всего прямые затраты (справочно) | P56: 10051.96 | GZ56: Всего прямые затраты (справочно)
C57: в том числе: | GZ57: в том числе:
C58: Материалы | P58: 10051.96 | GZ58: Материалы
C59: Прочие затраты | P59: 10051.96 | GZ59: Прочие затраты
C60: Отдельные виды работ и затрат, относимые на стоимость прочих работ | P60: 10051.96 | GZ60: Отдельные виды работ и затрат, относимые на стоимость прочих работ
C61: в том числе: | GZ61: в том числе:
C62: материалы | P62: 10051.96 | GZ62: материалы
C63: ВСЕГО по смете | P63: 10051.96 | HA63: ВСЕГО по смете
C64: справочно: | GZ64: справочно:
C65: Материальные ресурсы, отсутствующие в ФРСН | P65: 10051.96 | GZ65: Материальные ресурсы, отсутствующие в ФРСН
B68: Список переменных по смете:
B70: Составил: | C70: гл.специалист отдела смет | I70: (И.В.Ряховская) | HB70: гл.специалист отдела смет | HH70: (И.В.Ряховская)
C71: [должность, подпись (инициалы, фамилия)]
B72: Проверил: | C72: гл.специалист отдела смет | I72: (И.В.Ряховская) | HN72: гл.специалист отдела смет | HT72: (И.В.Ряховская)
C73: [должность, подпись (инициалы, фамилия)]

Sheet ЛСР-09-02-01
P1: Приложение № 3
P2: Утверждено приказом Минстроя РФ № 421/пр от 4 августа 2020 г. в редакции приказа № 557/пр от 7 июля 2022 г.
A4: Наименование программного продукта | G4: ГРАНД-Смета, версия 2026.2
A5: Наименование редакции сметных нормативов | G5: Приказ Минстроя России от 30.12.2021 № 1046/пр; Приказ Минстроя России от 04.08.2020 № 421/пр; Приказ Минстроя России от 21.12.2020 № 812/пр; Приказ Минстроя России от 11.12.2020 № 774/пр; Приказ Минстроя России от 02.08.2023 № 551/пр; Приказ Минстроя России от 14.11.2023 № 817/пр; Приказ Минстроя России от 16.02.2024 № 102/пр; Приказ Минстроя России от 13.05.2024 №323/пр; Приказ Минстроя России от 09.08.2024 №524/пр; Приказ Минстроя России от 07.11.2024 №747/пр; Приказ Минстроя России от 23.01.2025 №30/пр; Приказ Минстроя России от 07.02.2025 №69/пр; Приказ Минстроя России от 19.05.2025 №299/пр; Приказ Минстроя России от 14.08.2025 №490/пр; Приказ Минстроя России от 12.11.2025 №696/пр | AB5: Наименование редакции сметных нормативов | AH5: Приказ Минстроя России от 30.12.2021 № 1046/пр; Приказ Минстроя России от 04.08.2020 № 421/пр; Приказ Минстроя России от 21.12.2020 № 812/пр; Приказ Минстроя России от 11.12.2020 № 774/пр; Приказ Минстроя России от 02.08.2023 № 551/пр; Приказ Минстроя России от 14.11.2023 № 817/пр; Приказ Минстроя России от 16.02.2024 № 102/пр; Приказ Минстроя России от 13.05.2024 №323/пр; Приказ Минстроя России от 09.08.2024 №524/пр; Приказ Минстроя России от 07.11.2024 №747/пр; Приказ Минстроя России от 23.01.2025 №30/пр; Приказ Минстроя России от 07.02.2025 №69/пр; Приказ Минстроя России от 19.05.2025 №299/пр; Приказ Минстроя России от 14.08.2025 №490/пр; Приказ Минстроя России от 12.11.2025 №696/пр
A6: Реквизиты приказа Минстроя России об утверждении дополнений и изменений к сметным нормативам | G6: Приказ Минстроя России от 18 мая 2022 г. № 378/пр, Приказ Минстроя России от 26 августа 2022 г. № 703/пр, Приказ Минстроя России от 26 октября 2022 г. № 905/пр, Приказ Минстроя России от 27 декабря 2022 г. № 1133/пр, Приказ Минстроя России от 10 февраля 2023 г. № 84/пр, Приказ Минстроя России от 11.05.2023 №335/пр; Приказ Минстроя России от 07.07.2022 № 557/пр; Приказ Минстроя России от 02.09.2021 № 636/пр, Приказ Минстроя России от 26.07.2022 № 611/пр; Приказ Минстроя России от 22.04.2022 № 317/пр; Приказ Минстроя России от 02.08.2023 № 551/пр; Приказ Минстроя России от 14.11.2023 № 817/пр; Приказ Минстроя России от 30.01.2024 № 55/пр; Приказ Минстроя России от 16.02.2024 № 102/пр; Приказ Минстроя России от 13.05.2024 №323/пр; Приказ Минстроя России от 09.08.2024 №524/пр; Приказ Минстроя России от 07.11.2024 №747/пр; Приказ Минстроя России от 23.01.2025 №30/пр; Приказ Минстроя России от 07.02.2025 №69/пр; Приказ Минстроя России от 19.05.2025 №299/пр; Приказ Минстроя России от 14.08.2025 №490/пр; Приказ Минстроя России от 12.11.2025 №696/пр | AR6: Реквизиты приказа Минстроя России об утверждении дополнений и изменений к сметным нормативам | AX6: Приказ Минстроя России от 18 мая 2022 г. № 378/пр, Приказ Минстроя России от 26 августа 2022 г. № 703/пр, Приказ Минстроя России от 26 октября 2022 г. № 905/пр, Приказ Минстроя России от 27 декабря 2022 г. № 1133/пр, Приказ Минстроя России от 10 февраля 2023 г. № 84/пр, Приказ Минстроя России от 11.05.2023 №335/пр; Приказ Минстроя России от 07.07.2022 № 557/пр; Приказ Минстроя России от 02.09.2021 № 636/пр, Приказ Минстроя России от 26.07.2022 № 611/пр; Приказ Минстроя России от 22.04.2022 № 317/пр; Приказ Минстроя России от 02.08.2023 № 551/пр; Приказ Минстроя России от 14.11.2023 № 817/пр; Приказ Минстроя России от 30.01.2024 № 55/пр; Приказ Минстроя России от 16.02.2024 № 102/пр; Приказ Минстроя России от 13.05.2024 №323/пр; Приказ Минстроя России от 09.08.2024 №524/пр; Приказ Минстроя России от 07.11.2024 №747/пр; Приказ Минстроя России от 23.01.2025 №30/пр; Приказ Минстроя России от 07.02.2025 №69/пр; Приказ Минстроя России от 19.05.2025 №299/пр; Приказ Минстроя России от 14.08.2025 №490/пр; Приказ Минстроя России от 12.11.2025 №696/пр
A7: Реквизиты письма Минстроя России об индексах изменения сметной стоимости строительства, включаемые в федеральный реестр сметных нормативов и размещаемые в федеральной государственной информационной системе ценообразования в строительстве, подготовленного в соответствии пунктом 85 Методики расчета индексов изменения сметной стоимости строительства, утвержденной приказом Министерства строительства и жилищно-коммунального хозяйства Российской Федерации от 5 июня 2019 г. № 326/пр | G7: Письмо Минстроя России от 21.11.2025 № 71782-ИФ/09 | Q7: Реквизиты письма Минстроя России об индексах изменения сметной стоимости строительства, включаемые в федеральный реестр сметных нормативов и размещаемые в федеральной государственной информационной системе ценообразования в строительстве, подготовленного в соответствии пунктом 85 Методики расчета индексов изменения сметной стоимости строительства, утвержденной приказом Министерства строительства и жилищно-коммунального хозяйства Российской Федерации от 5 июня 2019 г. № 326/пр¹ | R7: Письмо Минстроя России от 21.11.2025 № 71782-ИФ/09 | BH7: Реквизиты письма Минстроя России об индексах изменения сметной стоимости строительства, включаемые в федеральный реестр сметных нормативов и размещаемые в федеральной государственной информационной системе ценообразования в строительстве, подготовленного в соответствии пунктом 85 Методики расчета индексов изменения сметной стоимости строительства, утвержденной приказом Министерства строительства и жилищно-коммунального хозяйства Российской Федерации от 5 июня 2019 г. № 326/пр | BN7: Письмо Минстроя России от 21.11.2025 № 71782-ИФ/09
A8: Реквизиты нормативного правового акта об утверждении оплаты труда, утверждаемый в соответствии с пунктом 22(1) Правилами мониторинга цен, утвержденными постановлением Правительства Российской Федерации от 23 декабря 2016 г. № 1452 | G8: Приказ Министерства строительства и жилищно-Коммунального хозяйства Кабардино-Балкарской Республики от 04.03.2025 № 34 | Q8: Реквизиты нормативного правового акта об утверждении оплаты труда, утверждаемый в соответствии с пунктом 22(1) Правилами мониторинга цен, утвержденными постановлением Правительства Российской Федерации от 23 декабря 2016 г. № 1452 | R8: Приказ Министерства строительства и жилищно-Коммунального хозяйства Кабардино-Балкарской Республики от 04.03.2025 № 34 | BX8: Реквизиты нормативного правового акта об утверждении оплаты труда, утверждаемый в соответствии с пунктом 22(1) Правилами мониторинга цен, утвержденными постановлением Правительства Российской Федерации от 23 декабря 2016 г. № 1452 | CD8: Приказ Министерства строительства и жилищно-Коммунального хозяйства Кабардино-Балкарской Республики от 04.03.2025 № 34
A9: Обоснование принятых текущих цен на строительные ресурсы | CN9: Обоснование принятых текущих цен на строительные ресурсы
A10: Наименование субъекта Российской Федерации | G10: 07. Кабардино-Балкарская Республика | R10: 07. Кабардино-Балкарская Республика | DD10: Наименование субъекта Российской Федерации | DJ10: 07. Кабардино-Балкарская Республика
A11: Наименование зоны субъекта Российской Федерации | G11: Кабардино-Балкарская Республика | R11: Кабардино-Балкарская Республика | DT11: Наименование зоны субъекта Российской Федерации | DZ11: Кабардино-Балкарская Республика
A13: Выполнение проектно-изыскательских работ на реконструкцию снегоудерживающих сооружений ВТРК «Эльбрус». Этап 1 | EJ13: Выполнение проектно-изыскательских работ на реконструкцию снегоудерживающих сооружений ВТРК «Эльбрус». Этап 1
A14: (наименование стройки)
A16: Инженерная защита территории. Снегоудерживающие барьеры. Этап 1. | EZ16: Инженерная защита территории. Снегоудерживающие барьеры. Этап 1.
A17: (наименование объекта капитального строительства)
A18: ЛОКАЛЬНЫЙ СМЕТНЫЙ РАСЧЕТ (СМЕТА) № ЛСР-09-02-01
A20: Перевозка грузов с использованием вертолета Ми-8МТВ-1 | FP20: Перевозка грузов с использованием вертолета Ми-8МТВ-1
A21: (наименование работ и затрат)
A22: Составлен | B22: ресурсно-индексным | C22: методом
A23: Основание | B23: СТ5494-580.01-ПОС.ТЧ_1 | GF23: СТ5494-580.01-ПОС.ТЧ_1
B24: (проектная и (или) иная техническая документация)
A26: Составлен(а) в текущем уровне цен | C26: IV квартал 2025 года | GK26: IV квартал 2025 года
A28: Сметная стоимость | D28: 81118.08 | E28: тыс.руб.
B29: в том числе:
B30: строительных работ | D30: 0 | E30: тыс.руб. | K30: Средства на оплату труда рабочих | O30: 0 | P30: тыс.руб.
B31: монтажных работ | D31: 0 | E31: тыс.руб. | K31: Средства на оплату труда машинистов | O31: 0 | P31: тыс.руб.
B32: оборудования | D32: 0 | E32: тыс.руб. | K32: Нормативные затраты труда рабочих | P32: чел.-ч.
B33: прочих затрат | D33: 81118.08 | E33: тыс.руб. | K33: Нормативные затраты труда машинистов | P33: чел.-ч.
A35: № п/п | B35: Обоснование | C35: Наименование работ и затрат | H35: Единица измерения | I35: Количество | L35: Сметная стоимость, руб.
I37: на единицу измерения | J37: коэффициенты | K37: всего с учетом коэффициентов | L37: на единицу измерения в базисном уровне цен | M37: индекс | N37: на единицу измерения в текущем уровне цен | O37: коэффициенты | P37: всего в текущем уровне цен
A38: 1 | B38: 2 | C38: 3 | H38: 4 | I38: 5 | J38: 6 | K38: 7 | L38: 8 | M38: 9 | N38: 10 | O38: 11 | P38: 12
A39: Раздел 1. Устройство снегоудерживающих барьеров в очаге I4. | GO39: Раздел 1. Устройство снегоудерживающих барьеров в очаге I4.
A40: 1 | B40: ТЦ_50_7743124016_14.10.2025_18.3 | C40: Перевозка грузов с использованием вертолета Ми-8МТВ-1 ( в том числе стоимость перебазировки вертолётной техники от места постоянного базирования к месту временного базирования) | H40: рейс | I40: 907 | J40: 1 | K40: 907 | N40: 89435.59 | P40: 81118080 | GP40: Перевозка грузов с использованием вертолета Ми-8МТВ-1 ( в том числе стоимость перебазировки вертолётной техники от места постоянного базирования к месту временного базирования)
C41: Всего по позиции | P41: 81118080 | GU41: Всего по позиции
C43: Итоги по разделу 1 Устройство снегоудерживающих барьеров в очаге I4. : | GV43: Итоги по разделу 1 Устройство снегоудерживающих барьеров в очаге I4. :
C44: Всего прямые затраты (справочно) | P44: 81118080 | GW44: Всего прямые затраты (справочно)
C45: в том числе: | GW45: в том числе:
C46: Эксплуатация машин | P46: 81118080 | GW46: Эксплуатация машин
C47: Прочие затраты | P47: 81118080 | GW47: Прочие затраты
C48: Отдельные виды работ и затрат, относимые на стоимость прочих работ | P48: 81118080 | GW48: Отдельные виды работ и затрат, относимые на стоимость прочих работ
C49: в том числе: | GW49: в том числе:
C50: эксплуатация машин и механизмов | P50: 81118080 | GW50: эксплуатация машин и механизмов
C51: Всего по разделу 1 Устройство снегоудерживающих барьеров в очаге I4. | P51: 81118080 | GX51: Всего по разделу 1 Устройство снегоудерживающих барьеров в очаге I4.
C53: Итоги по смете: | GY53: Итоги по смете:
C54: Всего прямые затраты (справочно) | P54: 81118080 | GZ54: Всего прямые затраты (справочно)
C55: в том числе: | GZ55: в том числе:
C56: Эксплуатация машин | P56: 81118080 | GZ56: Эксплуатация машин
C57: Прочие затраты | P57: 81118080 | GZ57: Прочие затраты
C58: Отдельные виды работ и затрат, относимые на стоимость прочих работ | P58: 81118080 | GZ58: Отдельные виды работ и затрат, относимые на стоимость прочих работ
C59: в том числе: | GZ59: в том числе:
C60: эксплуатация машин и механизмов | P60: 81118080 | GZ60: эксплуатация машин и механизмов
C61: ВСЕГО по смете | P61: 81118080 | HA61: ВСЕГО по смете
B64: Список переменных по смете:
B66: Составил: | C66: гл.специалист отдела смет | I66: (И.В.Ряховская) | HB66: гл.специалист отдела смет | HH66: (И.В.Ряховская)
C67: [должность, подпись (инициалы, фамилия)]
B68: Проверил: | C68: гл.специалист отдела смет | I68: (И.В.Ряховская) | HN68: гл.специалист отдела смет | HT68: (И.В.Ряховская)
C69: [должность, подпись (инициалы, фамилия)]
